Workbook

Sheet Typologie EA
E5: Surface en cultures | F5: Surface labourée | G5: Rendement moyen en blé | H5: % de cultures industrielles (Betteraves sucrières) /SAU | I5: SFP | J5: % de mäis ensilage /SFP | K5: % de PT ensilage /SFP | L5: Quota laitier /SFP | M5: STH | N5: Produit brut (année 2010) | O5: Nombre d'hectare /Unité de main d'œuvre | P5: Travaux par tiers | Q5: Puissance des tracteurs + 50% automoteurs | S5: Nombre d'heures effectuées à l'année /tracteur | U5: Nombre d'heures effectuées à l'année /ha de SAU | W5: Puissance par ha moissonné (ch /ha récolté en été) | Y5: Facture annuelle de carburant | AA5: Carburant utilisé | AC5: Frais d'Entretien-Réparations | AE5: Montant investi sur les 3 dernières années | AG5: Frais financiers annuels / Chiffre d'Affaires
A6: 1 | B6: ='Références Mécanisation'!B7 -> Grandes cultures | C6: ='Références Mécanisation'!B8 -> & faible potentiel / labour | D6: ='Références Mécanisation'!B9 -> Plateaux de Bourgogne | E6: ='Références Mécanisation'!C14 -> > 95 | F6: ='Références Mécanisation'!C15 -> 25 à 40 | G6: ='Références Mécanisation'!C16 -> < 70 | H6: ='Références Mécanisation'!C17 -> ND | I6: ='Références Mécanisation'!C19 -> ND | J6: ='Références Mécanisation'!C20 -> ND | K6: ='Références Mécanisation'!C21 -> ND | L6: ='Références Mécanisation'!C22 -> ND | M6: ='Références Mécanisation'!C23 -> ND | N6: ='Références Mécanisation'!C24 -> 1 000 à 1 300 | O6: ='Références Mécanisation'!C27 -> 145 à 200 | P6: ='Références Mécanisation'!C30 -> < 10 | Q6: ='Références Mécanisation'!C38 -> 2.4 | R6: ='Références Mécanisation'!C39 -> 2 | S6: ='Références Mécanisation'!C43 -> 300 | T6: ='Références Mécanisation'!C44 -> 350 | U6: ='Références Mécanisation'!C45 -> 5.5 | V6: ='Références Mécanisation'!C46 -> 5 | W6: ='Références Mécanisation'!C56 -> 1.2 | X6: ='Références Mécanisation'!C57 -> 1.1 | Y6: ='Références Mécanisation'!C63 -> 85 | Z6: ='Références Mécanisation'!C64 -> 75 | AA6: ='Références Mécanisation'!C66 -> 85 | AB6: ='Références Mécanisation'!C67 -> 75 | AC6: ='Références Mécanisation'!C77 -> 75 | AD6: ='Références Mécanisation'!C78 -> 45 | AE6: ='Références Mécanisation'!C90 -> 250 | AF6: ='Références Mécanisation'!C91 -> 165 | AG6: ='Références Mécanisation'!C96 -> 0.8 | AH6: ='Références Mécanisation'!C97 -> 0.5
A7: 2 | B7: ='Références Mécanisation'!E7 -> Grandes cultures | C7: ='Références Mécanisation'!E8 -> & faible potentiel / non-labour | D7: ='Références Mécanisation'!E9 -> Plateaux de Bourgogne | E7: ='Références Mécanisation'!$F14 -> > 95 | F7: ='Références Mécanisation'!$F15 -> < 25 | G7: ='Références Mécanisation'!$F16 -> < 60 | H7: ='Références Mécanisation'!$F17 -> ND | I7: ='Références Mécanisation'!$F19 -> ND | J7: ='Références Mécanisation'!$F20 -> ND | K7: ='Références Mécanisation'!$F21 -> ND | L7: ='Références Mécanisation'!F22 -> ND | M7: ='Références Mécanisation'!$F23 -> ND | N7: ='Références Mécanisation'!$F24 -> 1 000 à 1 200 | O7: ='Références Mécanisation'!$F27 -> 200 à 250 | P7: ='Références Mécanisation'!$F30 -> < 10 | Q7: ='Références Mécanisation'!$F38 -> 2 | R7: ='Références Mécanisation'!F39 -> 1.7 | S7: ='Références Mécanisation'!$F43 -> 275 | T7: ='Références Mécanisation'!F44 -> 325 | U7: ='Références Mécanisation'!$F45 -> 4.5 | V7: ='Références Mécanisation'!F46 -> 4 | W7: ='Références Mécanisation'!$F56 -> 1.1 | X7: ='Références Mécanisation'!F57 -> 1 | Y7: ='Références Mécanisation'!$F63 -> 65 | Z7: ='Références Mécanisation'!F64 -> 60 | AA7: ='Références Mécanisation'!$F66 -> 65 | AB7: ='Références Mécanisation'!F67 -> 60 | AC7: ='Références Mécanisation'!$F77 -> 65 | AD7: ='Références Mécanisation'!F78 -> 55 | AE7: ='Références Mécanisation'!$F90 -> 190 | AF7: ='Références Mécanisation'!F91 -> 135 | AG7: ='Références Mécanisation'!$F96 -> 0.6 | AH7: ='Références Mécanisation'!F97 -> 0.4
A8: 3 | B8: ='Références Mécanisation'!K7 -> Grandes cultures | C8: ='Références Mécanisation'!K8 -> & fort potentiel | D8: ='Références Mécanisation'!K9 -> Zones de Plaines, Vallées | E8: ='Références Mécanisation'!$L14 -> > 95 | F8: ='Références Mécanisation'!$L15 -> > 50 | G8: ='Références Mécanisation'!$L16 -> > 70 | H8: ='Références Mécanisation'!$L17 -> ND | I8: ='Références Mécanisation'!$L19 -> ND | J8: ='Références Mécanisation'!$L20 -> ND | K8: ='Références Mécanisation'!$L21 -> ND | L8: ='Références Mécanisation'!L22 -> ND | M8: ='Références Mécanisation'!$L23 -> ND | N8: ='Références Mécanisation'!$L24 -> 1 200 à 1 650 | O8: ='Références Mécanisation'!$L27 -> 120 à 180 | P8: ='Références Mécanisation'!$L30 -> < 30 | Q8: ='Références Mécanisation'!$L38 -> 2.8 | R8: ='Références Mécanisation'!L39 -> 2.3 | S8: ='Références Mécanisation'!$L43 -> 300 | T8: ='Références Mécanisation'!L44 -> 350 | U8: ='Références Mécanisation'!$L45 -> 6.8 | V8: ='Références Mécanisation'!L46 -> 5.6 | W8: ='Références Mécanisation'!$L56 -> 1.4 | X8: ='Références Mécanisation'!L57 -> 1.2 | Y8: ='Références Mécanisation'!$L63 -> 95 | Z8: ='Références Mécanisation'!L64 -> 85 | AA8: ='Références Mécanisation'!$L66 -> 95 | AB8: ='Références Mécanisation'!L67 -> 85 | AC8: ='Références Mécanisation'!$L77 -> 80 | AD8: ='Références Mécanisation'!L78 -> 50 | AE8: ='Références Mécanisation'!$L90 -> 250 | AF8: ='Références Mécanisation'!L91 -> 210 | AG8: ='Références Mécanisation'!$L96 -> 0.6 | AH8: ='Références Mécanisation'!L97 -> 0.5
A9: 4 | B9: ='Références Mécanisation'!Q7 -> Grandes cultures | C9: ='Références Mécanisation'!Q8 -> + BS / cultures industrielles | D9: ='Références Mécanisation'!Q9 -> Zones de Plaines, Vallées | E9: ='Références Mécanisation'!$R14 -> > 95 | F9: ='Références Mécanisation'!$R15 -> > 50 | G9: ='Références Mécanisation'!$R16 -> > 70 | H9: ='Références Mécanisation'!$R17 -> > 5 | I9: ='Références Mécanisation'!$R19 -> ND | J9: ='Références Mécanisation'!$R20 -> ND | K9: ='Références Mécanisation'!$R21 -> ND | L9: ='Références Mécanisation'!R22 -> ND | M9: ='Références Mécanisation'!$R23 -> ND | N9: ='Références Mécanisation'!$R24 -> 1 400 à 1 800 | O9: ='Références Mécanisation'!$R27 -> 120 à 180 | P9: ='Références Mécanisation'!$R30 -> < 30 | Q9: ='Références Mécanisation'!$R38 -> 2.8 | R9: ='Références Mécanisation'!R39 -> 2.3 | S9: ='Références Mécanisation'!$R43 -> 300 | T9: ='Références Mécanisation'!R44 -> 350 | U9: ='Références Mécanisation'!$R45 -> 6.5 | V9: ='Références Mécanisation'!R46 -> 5.5 | W9: ='Références Mécanisation'!$R56 -> 1.4 | X9: ='Références Mécanisation'!R57 -> 1.2 | Y9: ='Références Mécanisation'!$R63 -> 105 | Z9: ='Références Mécanisation'!R64 -> 95 | AA9: ='Références Mécanisation'!$R66 -> 105 | AB9: ='Références Mécanisation'!R67 -> 95 | AC9: ='Références Mécanisation'!$R77 -> 90 | AD9: ='Références Mécanisation'!R78 -> 80 | AE9: ='Références Mécanisation'!$R90 -> 285 | AF9: ='Références Mécanisation'!R91 -> 240 | AG9: ='Références Mécanisation'!$R96 -> 0.6 | AH9: ='Références Mécanisation'!R97 -> 0.5
A10: 5 | B10: ='Références Mécanisation'!Z7 -> Grandes cultures | C10: ='Références Mécanisation'!Z8 -> + cultures particulières | D10: ='Références Mécanisation'!Z9 -> (petits fruits, porte-graines, …) | E10: ='Références Mécanisation'!$AA14 -> > 90 | F10: ='Références Mécanisation'!$AA15 -> > 50 | G10: ='Références Mécanisation'!$AA16 -> < 70 | H10: ='Références Mécanisation'!$AA17 -> ND | I10: ='Références Mécanisation'!$AA19 -> ND | J10: ='Références Mécanisation'!$AA20 -> ND | K10: ='Références Mécanisation'!$AA21 -> ND | L10: ='Références Mécanisation'!AA22 -> ND | M10: ='Références Mécanisation'!$AA23 -> ND | N10: ='Références Mécanisation'!$AA24 -> 1 250 à 1 400 | O10: ='Références Mécanisation'!$AA27 -> 80 à 140 | P10: ='Références Mécanisation'!$AA30 -> 10 à 30 | Q10: ='Références Mécanisation'!$AA38 -> 2.4 | R10: ='Références Mécanisation'!AA39 -> 2 | S10: ='Références Mécanisation'!$AA43 -> 375 | T10: ='Références Mécanisation'!AA44 -> 425 | U10: ='Références Mécanisation'!$AA45 -> 7.2 | V10: ='Références Mécanisation'!AA46 -> 6 | W10: ='Références Mécanisation'!$AA56 -> 1.2 | X10: ='Références Mécanisation'!AA57 -> 1.1 | Y10: ='Références Mécanisation'!$AA63 -> 80 | Z10: ='Références Mécanisation'!AA64 -> 65 | AA10: ='Références Mécanisation'!$AA66 -> 80 | AB10: ='Références Mécanisation'!AA67 -> 65 | AC10: ='Références Mécanisation'!$AA77 -> 75 | AD10: ='Références Mécanisation'!AA78 -> 45 | AE10: ='Références Mécanisation'!$AA90 -> 200 | AF10: ='Références Mécanisation'!AA91 -> 170 | AG10: ='Références Mécanisation'!$AA96 -> 0.5 | AH10: ='Références Mécanisation'!AA97 -> 0.5
A11: 6 | B11: ='Références Mécanisation'!AC7 -> Grandes cultures | C11: ='Références Mécanisation'!AC8 -> + atelier hors-sol | D11: ='Références Mécanisation'!AC9 -> (porcs ou volailles) ou vigne | E11: ='Références Mécanisation'!$AD14 -> > 90 | F11: ='Références Mécanisation'!$AD15 -> > 50 | G11: ='Références Mécanisation'!$AD16 -> < 70 | H11: ='Références Mécanisation'!$AD17 -> ND | I11: ='Références Mécanisation'!$AD19 -> ND | J11: ='Références Mécanisation'!$AD20 -> ND | K11: ='Références Mécanisation'!$AD21 -> ND | L11: ='Références Mécanisation'!AD22 -> ND | M11: ='Références Mécanisation'!$AD23 -> 0 à 20 | N11: ='Références Mécanisation'!$AD24 -> 1 600 à 2 000 | O11: ='Références Mécanisation'!$AD27 -> 75 à 100 | P11: ='Références Mécanisation'!$AD30 -> 15 à 25 | Q11: ='Références Mécanisation'!$AD38 -> 3.1 | R11: ='Références Mécanisation'!AD39 -> 2.6 | S11: ='Références Mécanisation'!$AD43 -> 350 | T11: ='Références Mécanisation'!AD44 -> 400 | U11: ='Références Mécanisation'!$AD45 -> 7.6 | V11: ='Références Mécanisation'!AD46 -> 5.8 | W11: ='Références Mécanisation'!$AD56 -> 1.2 | X11: ='Références Mécanisation'!AD57 -> 1.1 | Y11: ='Références Mécanisation'!$AD63 -> 110 | Z11: ='Références Mécanisation'!AD64 -> 100 | AA11: ='Références Mécanisation'!$AD66 -> 110 | AB11: ='Références Mécanisation'!AD67 -> 100 | AC11: ='Références Mécanisation'!$AD77 -> 90 | AD11: ='Références Mécanisation'!AD78 -> 65 | AE11: ='Références Mécanisation'!$AD90 -> 190 | AF11: ='Références Mécanisation'!AD91 -> 170 | AG11: ='Références Mécanisation'!$AD96 -> 0.4 | AH11: ='Références Mécanisation'!AD97 -> 0.4
A12: 7 | B12: ='Références Mécanisation'!T7 -> Grandes cultures | C12: ='Références Mécanisation'!T8 -> + production laitière | D12: ='Références Mécanisation'!T9 -> 0 | E12: ='Références Mécanisation'!$U14 -> 70 à 95 | F12: ='Références Mécanisation'!$U15 -> > 50 | G12: ='Références Mécanisation'!$U16 -> ND | H12: ='Références Mécanisation'!$U17 -> ND | I12: ='Références Mécanisation'!$U19 -> 30 à 50 | J12: ='Références Mécanisation'!$U20 -> 5 à 40 | K12: ='Références Mécanisation'!$U21 -> 10 à 60 | L12: ='Références Mécanisation'!U22 -> > 7 000 | M12: ='Références Mécanisation'!$U23 -> 20 à 30 | N12: ='Références Mécanisation'!$U24 -> 1 900 à 2 500 | O12: ='Références Mécanisation'!$U27 -> 65 à 95 | P12: ='Références Mécanisation'!$U30 -> 25 à 50 | Q12: ='Références Mécanisation'!$U38 -> 3 | R12: ='Références Mécanisation'!U39 -> 2.8 | S12: ='Références Mécanisation'!$U43 -> 450 | T12: ='Références Mécanisation'!U44 -> 500 | U12: ='Références Mécanisation'!$U45 -> 14.5 | V12: ='Références Mécanisation'!U46 -> 11.5 | W12: ='Références Mécanisation'!$U56 -> 1.4 | X12: ='Références Mécanisation'!U57 -> 1.3 | Y12: ='Références Mécanisation'!$U63 -> 150 | Z12: ='Références Mécanisation'!U64 -> 130 | AA12: ='Références Mécanisation'!$U66 -> 150 | AB12: ='Références Mécanisation'!U67 -> 130 | AC12: ='Références Mécanisation'!$U77 -> 140 | AD12: ='Références Mécanisation'!U78 -> 105 | AE12: ='Références Mécanisation'!$U90 -> 310 | AF12: ='Références Mécanisation'!U91 -> 250 | AG12: ='Références Mécanisation'!$U96 -> 0.5 | AH12: ='Références Mécanisation'!U97 -> 0.4
A13: 8 | B13: ='Références Mécanisation'!W7 -> Grandes cultures | C13: ='Références Mécanisation'!W8 -> + bovins viande / ovins | D13: ='Références Mécanisation'!W9 -> 0 | E13: ='Références Mécanisation'!$X14 -> 60 à 85 | F13: ='Références Mécanisation'!$X15 -> 25 à 40 | G13: ='Références Mécanisation'!$X16 -> < 70 | H13: ='Références Mécanisation'!$X17 -> ND | I13: ='Références Mécanisation'!$X19 -> < 40 | J13: ='Références Mécanisation'!$X20 -> < 5 | K13: ='Références Mécanisation'!$X21 -> < 10 | L13: ='Références Mécanisation'!X22 -> ND | M13: ='Références Mécanisation'!$X23 -> 20 à 40 | N13: ='Références Mécanisation'!$X24 -> 1 150 à 1 400 | O13: ='Références Mécanisation'!$X27 -> 130 à 165 | P13: ='Références Mécanisation'!$X30 -> < 30 | Q13: ='Références Mécanisation'!$X38 -> 2.3 | R13: ='Références Mécanisation'!X39 -> 1.8 | S13: ='Références Mécanisation'!$X43 -> 400 | T13: ='Références Mécanisation'!X44 -> 500 | U13: ='Références Mécanisation'!$X45 -> 9 | V13: ='Références Mécanisation'!X46 -> 8 | W13: ='Références Mécanisation'!$X56 -> 1.2 | X13: ='Références Mécanisation'!X57 -> 1.1 | Y13: ='Références Mécanisation'!$X63 -> 85 | Z13: ='Références Mécanisation'!X64 -> 80 | AA13: ='Références Mécanisation'!$X66 -> 85 | AB13: ='Références Mécanisation'!X67 -> 80 | AC13: ='Références Mécanisation'!$X77 -> 90 | AD13: ='Références Mécanisation'!X78 -> 55 | AE13: ='Références Mécanisation'!$X90 -> 180 | AF13: ='Références Mécanisation'!X91 -> 140 | AG13: ='Références Mécanisation'!$X96 -> 0.5 | AH13: ='Références Mécanisation'!X97 -> 0.4
A14: 9 | B14: ='Références Mécanisation'!AF7 -> Production laitière dominante | C14: ='Références Mécanisation'!AF8 -> 0 | D14: ='Références Mécanisation'!AF9 -> Puisaye, Florentinois | E14: ='Références Mécanisation'!$AG14 -> 55 à 70 | F14: ='Références Mécanisation'!$AG15 -> ND | G14: ='Références Mécanisation'!$AG16 -> ND | H14: ='Références Mécanisation'!$AG17 -> ND | I14: ='Références Mécanisation'!$AG19 -> 55 à 75 | J14: ='Références Mécanisation'!$AG20 -> < 25 | K14: ='Références Mécanisation'!$AG21 -> < 55 | L14: ='Références Mécanisation'!AG22 -> < 7 000 | M14: ='Références Mécanisation'!$AG23 -> 50 à 60 | N14: ='Références Mécanisation'!$AG24 -> 1 800 à 2 300 | O14: ='Références Mécanisation'!$AG27 -> 65 à 90 | P14: ='Références Mécanisation'!$AG30 -> 20 à 55% | Q14: ='Références Mécanisation'!$AG38 -> 2.8 | R14: ='Références Mécanisation'!AG39 -> 2.4 | S14: ='Références Mécanisation'!$AG43 -> 475 | T14: ='Références Mécanisation'!AG44 -> 550 | U14: ='Références Mécanisation'!$AG45 -> 15.5 | V14: ='Références Mécanisation'!AG46 -> 13.4 | W14: ='Références Mécanisation'!$AG56 -> 1.4 | X14: ='Références Mécanisation'!AG57 -> 1.2 | Y14: ='Références Mécanisation'!$AG63 -> 135 | Z14: ='Références Mécanisation'!AG64 -> 120 | AA14: ='Références Mécanisation'!$AG66 -> 135 | AB14: ='Références Mécanisation'!AG67 -> 120 | AC14: ='Références Mécanisation'!$AG77 -> 145 | AD14: ='Références Mécanisation'!AG78 -> 105 | AE14: ='Références Mécanisation'!$AG90 -> 325 | AF14: ='Références Mécanisation'!AG91 -> 250 | AG14: ='Références Mécanisation'!$AG96 -> 0.6 | AH14: ='Références Mécanisation'!AG97 -> 0.4
A15: 10 | B15: ='Références Mécanisation'!AI7 -> Bovins viande / ovins | C15: ='Références Mécanisation'!AI8 -> + grandes cultures | D15: ='Références Mécanisation'!AI9 -> 0 | E15: ='Références Mécanisation'!$AJ14 -> 20 à 40 | F15: ='Références Mécanisation'!$AJ15 -> ND | G15: ='Références Mécanisation'!$AJ16 -> ND | H15: ='Références Mécanisation'!$AJ17 -> ND | I15: ='Références Mécanisation'!$AJ19 -> 85 à 95 | J15: ='Références Mécanisation'!$AJ20 -> < 10 | K15: ='Références Mécanisation'!$AJ21 -> 10 à 30 | L15: ='Références Mécanisation'!AJ22 -> ND | M15: ='Références Mécanisation'!$AJ23 -> 75 à 90 | N15: ='Références Mécanisation'!$AJ24 -> 1 500 à 1 900 | O15: ='Références Mécanisation'!$AJ27 -> 80 à 120 | P15: ='Références Mécanisation'!$AJ30 -> 20 à 35 | Q15: ='Références Mécanisation'!$AJ38 -> 2.3 | R15: ='Références Mécanisation'!AJ39 -> 1.8 | S15: ='Références Mécanisation'!$AJ43 -> 500 | T15: ='Références Mécanisation'!AJ44 -> 575 | U15: ='Références Mécanisation'!$AJ45 -> 12 | V15: ='Références Mécanisation'!AJ46 -> 10.5 | W15: ='Références Mécanisation'!$AJ56 -> 1.4 | X15: ='Références Mécanisation'!AJ57 -> 1.2 | Y15: ='Références Mécanisation'!$AJ63 -> 75 | Z15: ='Références Mécanisation'!AJ64 -> 65 | AA15: ='Références Mécanisation'!$AJ66 -> 75 | AB15: ='Références Mécanisation'!AJ67 -> 65 | AC15: ='Références Mécanisation'!$AJ77 -> 70 | AD15: ='Références Mécanisation'!AJ78 -> 40 | AE15: ='Références Mécanisation'!$AJ90 -> 220 | AF15: ='Références Mécanisation'!AJ91 -> 155 | AG15: ='Références Mécanisation'!$AJ96 -> 0.5 | AH15: ='Références Mécanisation'!AJ97 -> 0.3
A16: 11 | B16: ='Références Mécanisation'!AL7 -> Bovins viande / ovins / caprins | C16: ='Références Mécanisation'!AL8 -> en zone hérbagère | D16: ='Références Mécanisation'!AL9 -> Auxois, Morvan, Charolais | E16: ='Références Mécanisation'!$AM14 -> 25 à 40 | F16: ='Références Mécanisation'!$AM15 -> ND | G16: ='Références Mécanisation'!$AM16 -> ND | H16: ='Références Mécanisation'!$AM17 -> ND | I16: ='Références Mécanisation'!$AM19 -> > 90 | J16: ='Références Mécanisation'!$AM20 -> 0 | K16: ='Références Mécanisation'!$AM21 -> 20 à 30 | L16: ='Références Mécanisation'!AM22 -> ND | M16: ='Références Mécanisation'!$AM23 -> > 90 | N16: ='Références Mécanisation'!$AM24 -> 950 à 1 400 | O16: ='Références Mécanisation'!$AM27 -> 70 à 100 | P16: ='Références Mécanisation'!$AM30 -> 10 à 20 | Q16: ='Références Mécanisation'!$AM38 -> 2.2 | R16: ='Références Mécanisation'!AM39 -> 1.6 | S16: ='Références Mécanisation'!$AM43 -> 475 | T16: ='Références Mécanisation'!AM44 -> 525 | U16: ='Références Mécanisation'!$AM45 -> 11.8 | V16: ='Références Mécanisation'!AM46 -> 9.8 | W16: ='Références Mécanisation'!$AM56 -> 1.4 | X16: ='Références Mécanisation'!AM57 -> 1.2 | Y16: ='Références Mécanisation'!$AM63 -> 65 | Z16: ='Références Mécanisation'!AM64 -> 55 | AA16: ='Références Mécanisation'!$AM66 -> 65 | AB16: ='Références Mécanisation'!AM67 -> 55 | AC16: ='Références Mécanisation'!$AM77 -> 60 | AD16: ='Références Mécanisation'!AM78 -> 40 | AE16: ='Références Mécanisation'!$AM90 -> 140 | AF16: ='Références Mécanisation'!AM91 -> 100 | AG16: ='Références Mécanisation'!$AM96 -> 0.4 | AH16: ='Références Mécanisation'!AM97 -> 0.3
A17: 12 | B17: ='Références Mécanisation'!AO7 -> Bovins viande / ovins / caprins | C17: ='Références Mécanisation'!AO8 -> en zone herbagère / extensif | D17: ='Références Mécanisation'!AO9 -> Morvan, Charolais | E17: ='Références Mécanisation'!$AP14 -> 10 à 15 | F17: ='Références Mécanisation'!$AP15 -> ND | G17: ='Références Mécanisation'!$AP16 -> ND | H17: ='Références Mécanisation'!$AP17 -> ND | I17: ='Références Mécanisation'!$AP19 -> > 90 | J17: ='Références Mécanisation'!$AP20 -> 0 | K17: ='Références Mécanisation'!$AP21 -> < 10 | L17: ='Références Mécanisation'!AP22 -> ND | M17: ='Références Mécanisation'!$AP23 -> > 90 | N17: ='Références Mécanisation'!$AP24 -> 950 à 1 400 | O17: ='Références Mécanisation'!$AP27 -> 70 à 100 | P17: ='Références Mécanisation'!$AP30 -> 15 à 30 | Q17: ='Références Mécanisation'!$AP38 -> 2 | R17: ='Références Mécanisation'!AP39 -> 1.4 | S17: ='Références Mécanisation'!$AP43 -> 375 | T17: ='Références Mécanisation'!AP44 -> 425 | U17: ='Références Mécanisation'!$AP45 -> 9.2 | V17: ='Références Mécanisation'!AP46 -> 8.1 | W17: ='Références Mécanisation'!$AP56 -> 1.4 | X17: ='Références Mécanisation'!AP57 -> 1.2 | Y17: ='Références Mécanisation'!$AP63 -> 65 | Z17: ='Références Mécanisation'!AP64 -> 50 | AA17: ='Références Mécanisation'!$AP66 -> 65 | AB17: ='Références Mécanisation'!AP67 -> 50 | AC17: ='Références Mécanisation'!$AP77 -> 35 | AD17: ='Références Mécanisation'!AP78 -> 28 | AE17: ='Références Mécanisation'!$AP90 -> 130 | AF17: ='Références Mécanisation'!AP91 -> 95 | AG17: ='Références Mécanisation'!$AP96 -> 0.4 | AH17: ='Références Mécanisation'!AP97 -> 0.3
A18: 13 | B18: ='Références Mécanisation'!AU7 -> Production laitière (Lait à Comté) | C18: ='Références Mécanisation'!AU8 -> + céréales autoconsommées | D18: ='Références Mécanisation'!AU9 -> Doubs & Jura | E18: ='Références Mécanisation'!AV14 -> 10 à 20 | F18: ='Références Mécanisation'!AV15 -> ND | G18: ='Références Mécanisation'!AV16 -> ND | H18: ='Références Mécanisation'!AV17 -> ND | I18: ='Références Mécanisation'!AV19 -> 80 à 90 | J18: ='Références Mécanisation'!AV20 -> 0 | K18: ='Références Mécanisation'!AV21 -> 0 | L18: ='Références Mécanisation'!AV22 -> < 4 600 | M18: ='Références Mécanisation'!AV23 -> 80 à 90 | N18: ='Références Mécanisation'!AV24 -> 2 500 à 3 100 | O18: ='Références Mécanisation'!AV27 -> 55 à 85 | P18: ='Références Mécanisation'!AV30 -> 5 à 15% | Q18: ='Références Mécanisation'!AV38 -> 3.7 | R18: ='Références Mécanisation'!AV39 -> 3.3 | S18: ='Références Mécanisation'!AV43 -> 350 | T18: ='Références Mécanisation'!AV44 -> 400 | U18: ='Références Mécanisation'!AV45 -> 13.5 | V18: ='Références Mécanisation'!AV46 -> 13 | W18: ='Références Mécanisation'!AV56 -> 1.4 | X18: ='Références Mécanisation'!AV57 -> 1.2 | Y18: ='Références Mécanisation'!AV63 -> 115 | Z18: ='Références Mécanisation'!AV64 -> 100 | AA18: ='Références Mécanisation'!AV66 -> 115 | AB18: ='Références Mécanisation'!AV67 -> 100 | AC18: ='Références Mécanisation'!AV77 -> 165 | AD18: ='Références Mécanisation'!AV78 -> 145 | AE18: ='Références Mécanisation'!AV90 -> 500 | AF18: ='Références Mécanisation'!AV91 -> 400 | AG18: ='Références Mécanisation'!AV96 -> 0.6 | AH18: ='Références Mécanisation'!AV97 -> 0.5
A19: 14 | B19: ='Références Mécanisation'!AX7 -> Production laitière (Lait à Comté) | C19: ='Références Mécanisation'!AX8 -> "100% herbe" | D19: ='Références Mécanisation'!AX9 -> Doubs & Jura | E19: ='Références Mécanisation'!AY14 -> 0 | F19: ='Références Mécanisation'!AY15 -> ND | G19: ='Références Mécanisation'!AY16 -> ND | H19: ='Références Mécanisation'!AY17 -> ND | I19: ='Références Mécanisation'!AY19 -> 100 | J19: ='Références Mécanisation'!AY20 -> 0 | K19: ='Références Mécanisation'!AY21 -> 0 | L19: ='Références Mécanisation'!AY22 -> < 4 600 | M19: ='Références Mécanisation'!AY23 -> 100 | N19: ='Références Mécanisation'!AY24 -> 2750 à 3 200 | O19: ='Références Mécanisation'!AY27 -> 45 à 65 | P19: ='Références Mécanisation'!AY30 -> 10 à 40% | Q19: ='Références Mécanisation'!AY38 -> 3.2 | R19: ='Références Mécanisation'!AY39 -> 2.4 | S19: ='Références Mécanisation'!AY43 -> 350 | T19: ='Références Mécanisation'!AY44 -> 400 | U19: ='Références Mécanisation'!AY45 -> 11.7 | V19: ='Références Mécanisation'!AY46 -> 9.1 | W19: ='Références Mécanisation'!AY56 -> ND | X19: ='Références Mécanisation'!AY57 -> ND | Y19: ='Références Mécanisation'!AY63 -> 75 | Z19: ='Références Mécanisation'!AY64 -> 55 | AA19: ='Références Mécanisation'!AY66 -> 75 | AB19: ='Références Mécanisation'!AY67 -> 55 | AC19: ='Références Mécanisation'!AY77 -> 105 | AD19: ='Références Mécanisation'!AY78 -> 85 | AE19: ='Références Mécanisation'!AY90 -> 375 | AF19: ='Références Mécanisation'!AY91 -> 325 | AG19: ='Références Mécanisation'!AY96 -> 0.5 | AH19: ='Références Mécanisation'!AY97 -> 0.4
A20: 15 | B20: ='Références Mécanisation'!H7 -> Grandes cultures | C20: ='Références Mécanisation'!H8 -> & faible potentiel / en BIO | D20: ='Références Mécanisation'!H9 -> Plateaux de Bourgogne | E20: ='Références Mécanisation'!I14 -> > 95 | F20: ='Références Mécanisation'!I15 -> > 25 | G20: ='Références Mécanisation'!I16 -> < 30 | H20: ='Références Mécanisation'!I17 -> ND | I20: ='Références Mécanisation'!I19 -> ND | J20: ='Références Mécanisation'!I20 -> ND | K20: ='Références Mécanisation'!I21 -> ND | L20: ='Références Mécanisation'!I22 -> ND | M20: ='Références Mécanisation'!I23 -> ND | N20: ='Références Mécanisation'!I24 -> 1 150 à 1 500 | O20: ='Références Mécanisation'!I27 -> 130 à 160 | P20: ='Références Mécanisation'!I30 -> < 10 | Q20: ='Références Mécanisation'!I38 -> 2.2 | R20: ='Références Mécanisation'!I39 -> 1.8 | S20: ='Références Mécanisation'!I43 -> 325 | T20: ='Références Mécanisation'!I44 -> 375 | U20: ='Références Mécanisation'!I45 -> 7 | V20: ='Références Mécanisation'!I46 -> 5.5 | W20: ='Références Mécanisation'!I56 -> 1 | X20: ='Références Mécanisation'!I57 -> 0.9 | Y20: ='Références Mécanisation'!I63 -> 95 | Z20: ='Références Mécanisation'!I64 -> 85 | AA20: ='Références Mécanisation'!I66 -> 95 | AB20: ='Références Mécanisation'!I67 -> 85 | AC20: ='Références Mécanisation'!I77 -> 75 | AD20: ='Références Mécanisation'!I78 -> 55 | AE20: ='Références Mécanisation'!I90 -> 275 | AF20: ='Références Mécanisation'!I91 -> 225 | AG20: ='Références Mécanisation'!I96 -> 0.7 | AH20: ='Références Mécanisation'!I97 -> 0.6
A21: 16 | B21: ='Références Mécanisation'!N7 -> Grandes cultures | C21: ='Références Mécanisation'!N8 -> & fort potentiel / en BIO | D21: ='Références Mécanisation'!N9 -> Zones de Plaines, Vallées | E21: ='Références Mécanisation'!O14 -> > 95 | F21: ='Références Mécanisation'!O15 -> > 50 | G21: ='Références Mécanisation'!O16 -> > 30 | H21: ='Références Mécanisation'!O17 -> ND | I21: ='Références Mécanisation'!O19 -> ND | J21: ='Références Mécanisation'!O20 -> ND | K21: ='Références Mécanisation'!O21 -> ND | L21: ='Références Mécanisation'!O22 -> ND | M21: ='Références Mécanisation'!O23 -> ND | N21: ='Références Mécanisation'!O24 -> 1 350 à 2 000 | O21: ='Références Mécanisation'!O27 -> 90 à 140 | P21: ='Références Mécanisation'!O30 -> < 35 | Q21: ='Références Mécanisation'!O38 -> 3 | R21: ='Références Mécanisation'!O39 -> 2.5 | S21: ='Références Mécanisation'!O43 -> 350 | T21: ='Références Mécanisation'!O44 -> 400 | U21: ='Références Mécanisation'!O45 -> 7.5 | V21: ='Références Mécanisation'!O46 -> 6 | W21: ='Références Mécanisation'!O56 -> 1.2 | X21: ='Références Mécanisation'!O57 -> 1 | Y21: ='Références Mécanisation'!O63 -> 110 | Z21: ='Références Mécanisation'!O64 -> 100 | AA21: ='Références Mécanisation'!O66 -> 110 | AB21: ='Références Mécanisation'!O67 -> 100 | AC21: ='Références Mécanisation'!O77 -> 75 | AD21: ='Références Mécanisation'!O78 -> 50 | AE21: ='Références Mécanisation'!O90 -> 300 | AF21: ='Références Mécanisation'!O91 -> 240 | AG21: ='Références Mécanisation'!O96 -> 0.6 | AH21: ='Références Mécanisation'!O97 -> 0.5
A22: 17 | B22: ='Références Mécanisation'!AR7 -> Bovins viande / ovins / caprins | C22: ='Références Mécanisation'!AR8 -> en zone herbagère / extensif / en BIO | D22: ='Références Mécanisation'!AR9 -> Morvan, Charolais | E22: ='Références Mécanisation'!AS14 -> < 15 | F22: ='Références Mécanisation'!AS15 -> ND | G22: ='Références Mécanisation'!AS16 -> ND | H22: ='Références Mécanisation'!AS17 -> ND | I22: ='Références Mécanisation'!AS19 -> > 90 | J22: ='Références Mécanisation'!AS20 -> 0 | K22: ='Références Mécanisation'!AS21 -> 0 | L22: ='Références Mécanisation'!AS22 -> ND | M22: ='Références Mécanisation'!AS23 -> > 85 | N22: ='Références Mécanisation'!AS24 -> 900 à 1 400 | O22: ='Références Mécanisation'!AS27 -> 90 à 130 | P22: ='Références Mécanisation'!AS30 -> 10 à 25 | Q22: ='Références Mécanisation'!AS38 -> 2 | R22: ='Références Mécanisation'!AS39 -> 1.5 | S22: ='Références Mécanisation'!AS43 -> 375 | T22: ='Références Mécanisation'!AS44 -> 425 | U22: ='Références Mécanisation'!AS45 -> 10 | V22: ='Références Mécanisation'!AS46 -> 8 | W22: ='Références Mécanisation'!AS56 -> 1.4 | X22: ='Références Mécanisation'!AS57 -> 1.2 | Y22: ='Références Mécanisation'!AS63 -> 55 | Z22: ='Références Mécanisation'!AS64 -> 40 | AA22: ='Références Mécanisation'!AS66 -> 55 | AB22: ='Références Mécanisation'!AS67 -> 40 | AC22: ='Références Mécanisation'!AS77 -> 30 | AD22: ='Références Mécanisation'!AS78 -> 20 | AE22: ='Références Mécanisation'!AS90 -> 130 | AF22: ='Références Mécanisation'!AS91 -> 95 | AG22: ='Références Mécanisation'!AS96 -> 0.4 | AH22: ='Références Mécanisation'!AS97 -> 0.3

Sheet Classement EA
A1: Flash' Méca
A2: Références
A3: issues de l'Observatoire des Charges de Mécanisation en Bourgogne Franche-Comté
B4: ='Calcul FLASH''MECA'!T2 -> 0
B6: =VLOOKUP($B$4,'Typologie EA'!$A$5:$AG$22,2) -> #N/A
B7: =VLOOKUP($B$4,'Typologie EA'!$A$5:$AG$22,3) -> #N/A
B8: =VLOOKUP($B$4,'Typologie EA'!$A$5:$AG$22,4) -> #N/A
A10: Critères de "positionnement" de l'exploitation
A12: SAU
A13: Surface en cultures | C13: =VLOOKUP($B$4,'Typologie EA'!$A$5:$AG$22,5) -> #N/A
A14: Surface labourée | C14: =VLOOKUP($B$4,'Typologie EA'!$A$5:$AG$22,6) -> #N/A
A15: Rendement moyen en blé | C15: =VLOOKUP($B$4,'Typologie EA'!$A$5:$AG$22,7) -> #N/A
A16: % de cultures industrielles (Betteraves sucrières) /SAU | C16: =VLOOKUP($B$4,'Typologie EA'!$A$5:$AG$22,8) -> #N/A
A17: SFP | C17: =VLOOKUP($B$4,'Typologie EA'!$A$5:$AG$22,9) -> #N/A
A18: % de mäis ensilage /SFP | C18: =VLOOKUP($B$4,'Typologie EA'!$A$5:$AG$22,10) -> #N/A
A19: % de PT ensilage /SFP | C19: =VLOOKUP($B$4,'Typologie EA'!$A$5:$AG$22,11) -> #N/A
A20: Quota laitier /SFP | C20: =VLOOKUP($B$4,'Typologie EA'!$A$5:$AG$22,12) -> #N/A
A21: STH | C21: =VLOOKUP($B$4,'Typologie EA'!$A$5:$AG$22,13) -> #N/A
A22: Produit brut (année 2010) | C22: =VLOOKUP($B$4,'Typologie EA'!$A$5:$AG$22,14) -> #N/A
A23: Nombre d'hectare /Unité de main d'œuvre | C23: =VLOOKUP($B$4,'Typologie EA'!$A$5:$AG$22,15) -> #N/A
A24: Travaux par tiers | C24: =VLOOKUP($B$4,'Typologie EA'!$A$5:$AG$22,16) -> #N/A
A27: Poste "Traction" | C27: Q3 | D27: M
A29: Puissance de traction (ch /ha de SAU)
A30: Identification des tracteurs + automoteurs
A31: Age (Nombre d'heures /compteur)
A32: Puissance des tracteurs + 50% automoteurs | B32: < | C32: =VLOOKUP($B$4,'Typologie EA'!$A$5:$AH$22,17) -> #N/A | D32: =VLOOKUP($B$4,'Typologie EA'!$A$5:$AH$22,18) -> #N/A
A34: Utilisation annuelle tracteurs (Nbre d'heures /tracteur/an)
A35: Nombre de tracteurs
A36: Nombre d'heures effectuées à l'année /tracteur | B36: > | C36: =VLOOKUP($B$4,'Typologie EA'!$A$5:$AH$22,19) -> #N/A | D36: =VLOOKUP($B$4,'Typologie EA'!$A$5:$AH$22,20) -> #N/A
A37: Nombre d'heures effectuées à l'année /ha de SAU | B37: < | C37: =VLOOKUP($B$4,'Typologie EA'!$A$5:$AH$22,21) -> #N/A | D37: =VLOOKUP($B$4,'Typologie EA'!$A$5:$AH$22,22) -> #N/A
A40: Poste "Récolte"
A42: Puissance par ha moissonné (ch /ha récolté en été)
A43: Age de la MB (Nombre d'heures /compteur)
A44: Puissance de la MB
A45: Nombre d'heures effectuées à l'année
A46: Surface récoltée en "été"
B47: < | C47: =VLOOKUP($B$4,'Typologie EA'!$A$5:$AH$22,23) -> #N/A | D47: =VLOOKUP($B$4,'Typologie EA'!$A$5:$AH$22,24) -> #N/A
A50: Poste "Carburant"
A52: Frais de Carburant
A53: Facture annuelle de carburant | B53: < | C53: =VLOOKUP($B$4,'Typologie EA'!$A$5:$AH$22,25) -> #N/A | D53: =VLOOKUP($B$4,'Typologie EA'!$A$5:$AH$22,26) -> #N/A
A54: Prix moyen
A55: Carburant utilisé | B55: < | C55: =VLOOKUP($B$4,'Typologie EA'!$A$5:$AH$22,27) -> #N/A | D55: =VLOOKUP($B$4,'Typologie EA'!$A$5:$AH$22,28) -> #N/A
A57: Utilisation de la puissance
A58: Consommation théorique de carburant (en l/an)
A59: Puissance totale tracteurs + automoteurs
A60: X 0,08
A61: X Moyenne Nombre d'heures (tracteurs + automoteurs) | C61: à calculer | D61: à calculer | E61: l/an
A64: Frais d'Entretien-Réparations
A65: Facture annuelle entretien-réparations | B65: < | C65: =VLOOKUP($B$4,'Typologie EA'!$A$5:$AH$22,29) -> #N/A | D65: =VLOOKUP($B$4,'Typologie EA'!$A$5:$AH$22,30) -> #N/A
A66: Facture annuelle entretien-réparations exceptionnelle
A69: Investissements moyen sur les 3 dernières années
A70: Nombre de matériels achetés en propriété ou copropriété, neufs ou d'occasion sur les 3 dernières années
A71: Montant investi sur les 3 dernières années | B71: < | C71: =VLOOKUP($B$4,'Typologie EA'!$A$5:$AH$22,31) -> #N/A | D71: =VLOOKUP($B$4,'Typologie EA'!$A$5:$AH$22,32) -> #N/A
A74: Frais financiers annuels / Chiffre d'Affaires
A75: Frais financiers annuels liés aux emprunts sur du matériel
A76: Chiffre d'Affaires global | B76: < | C76: =VLOOKUP($B$4,'Typologie EA'!$A$5:$AH$22,33) -> #N/A | D76: =VLOOKUP($B$4,'Typologie EA'!$A$5:$AH$22,34) -> #N/A

Sheet Références Mécanisation
A1: Flash' Méca
A2: Références Mécanisation
A3: issues de l'Observatoire des Charges de Mécanisation en Bourgogne Franche-Comté
B4: 1 | E4: 2 | H4: 15 | K4: 3 | N4: 16 | Q4: 4 | T4: 6 | W4: 7 | Z4: 5 | AC4: 8 | AF4: 9 | AI4: 10 | AL4: 11 | AO4: 12 | AR4: 17 | AU4: 13 | AX4: 14
B6: F 1 | E6: F 1.1 | H6: F 1 BIO | K6: F3 | N6: F 3 BIO | Q6: F 7-8-9 | T6: F 28 | W6: F 20 | Z6: F 10 | AC6: F 17-18 | AF6: F 21 | AI6: F 22-23 | AL6: F 25 | AO6: F 26 | AR6: F 25-26 BIO | AU6: F 21.1 | AX6: F 21.2
B7: Grandes cultures | E7: Grandes cultures | H7: Grandes cultures | K7: Grandes cultures | N7: Grandes cultures | Q7: Grandes cultures | T7: Grandes cultures | W7: Grandes cultures | Z7: Grandes cultures | AC7: Grandes cultures | AF7: Production laitière dominante | AI7: Bovins viande / ovins | AL7: Bovins viande / ovins / caprins | AO7: Bovins viande / ovins / caprins | AR7: Bovins viande / ovins / caprins | AU7: Production laitière (Lait à Comté) | AX7: Production laitière (Lait à Comté)
B8: & faible potentiel / labour | E8: & faible potentiel / non-labour | H8: & faible potentiel / en BIO | K8: & fort potentiel | N8: & fort potentiel / en BIO | Q8: + BS / cultures industrielles | T8: + production laitière | W8: + bovins viande / ovins | Z8: + cultures particulières | AC8: + atelier hors-sol | AI8: + grandes cultures | AL8: en zone hérbagère | AO8: en zone herbagère / extensif | AR8: en zone herbagère / extensif / en BIO | AU8: + céréales autoconsommées | AX8: "100% herbe"
B9: Plateaux de Bourgogne | E9: Plateaux de Bourgogne | H9: Plateaux de Bourgogne | K9: Zones de Plaines, Vallées | N9: Zones de Plaines, Vallées | Q9: Zones de Plaines, Vallées | Z9: (petits fruits, porte-graines, …) | AC9: (porcs ou volailles) ou vigne | AF9: Puisaye, Florentinois | AL9: Auxois, Morvan, Charolais | AO9: Morvan, Charolais | AR9: Morvan, Charolais | AU9: Doubs & Jura | AX9: Doubs & Jura
B10: MAJ 2020-2021 | E10: MAJ 2020-2021 | H10: MAJ 2020-2021 | K10: MAJ 2016-2017 | N10: MAJ 2022-2023 | Q10: MAJ 2018 | T10: MAJ 2018 | W10: MAJ 2020-2021 | Z10: MAJ 2018 | AC10: MAJ 2018 | AF10: MAJ 2018 | AI10: MAJ 2022-2023 | AL10: MAJ 2018 | AO10: MAJ 2018 | AR10: MAJ 2019-2020 | AU10: MAJ 2018-2019 | AX10: MAJ 2018-2019
A11: Critères de "positionnement" de l'exploitation
A13: SAU
A14: Surface en cultures | C14: > 95 | D14: % | F14: > 95 | G14: % | I14: > 95 | J14: % | L14: > 95 | M14: % | O14: > 95 | P14: % | R14: > 95 | S14: % | U14: 70 à 95 | V14: % | X14: 60 à 85 | Y14: % | AA14: > 90 | AB14: % | AD14: > 90 | AE14: % | AG14: 55 à 70 | AH14: % | AJ14: 20 à 40 | AK14: % | AM14: 25 à 40 | AN14: % | AP14: 10 à 15 | AQ14: % | AS14: < 15 | AT14: % | AV14: 10 à 20 | AW14: % | AY14: 0 | AZ14: %
A15: Surface labourée | C15: 25 à 40 | D15: % | F15: < 25 | G15: % | I15: > 25 | J15: % | L15: > 50 | M15: % | O15: > 50 | P15: % | R15: > 50 | S15: % | U15: > 50 | V15: % | X15: 25 à 40 | Y15: % | AA15: > 50 | AB15: % | AD15: > 50 | AE15: % | AG15: ND | AH15: % | AJ15: ND | AK15: % | AM15: ND | AN15: % | AP15: ND | AQ15: % | AS15: ND | AT15: % | AV15: ND | AW15: % | AY15: ND | AZ15: %
A16: Rendement moyen en blé | C16: < 70 | D16: qx/ha | F16: < 60 | G16: qx/ha | I16: < 30 | J16: qx/ha | L16: > 70 | M16: qx/ha | O16: > 30 | P16: qx/ha | R16: > 70 | S16: qx/ha | U16: ND | V16: qx/ha | X16: < 70 | Y16: qx/ha | AA16: < 70 | AB16: qx/ha | AD16: < 70 | AE16: qx/ha | AG16: ND | AH16: qx/ha | AJ16: ND | AK16: qx/ha | AM16: ND | AN16: qx/ha | AP16: ND | AQ16: qx/ha | AS16: ND | AT16: qx/ha | AV16: ND | AW16: qx/ha | AY16: ND | AZ16: qx/ha
A17: % de cultures industrielles (Betteraves sucrières) /SAU | C17: ND | D17: % | F17: ND | G17: % | I17: ND | J17: % | L17: ND | M17: % | O17: ND | P17: % | R17: > 5 | S17: % | U17: ND | V17: % | X17: ND | Y17: % | AA17: ND | AB17: % | AD17: ND | AE17: % | AG17: ND | AH17: % | AJ17: ND | AK17: % | AM17: ND | AN17: % | AP17: ND | AQ17: % | AS17: ND | AT17: % | AV17: ND | AW17: % | AY17: ND | AZ17: %
A18: % de cultures de printemps | C18: < 20 | D18: % | F18: < 20 | G18: % | I18: < 40 | J18: % | L18: < 30 | M18: % | O18: < 50 | P18: % | R18: < 30 | S18: % | U18: 35 à 60 | V18: % | X18: < 30 | Y18: % | AA18: < 20 | AB18: % | AD18: < 20 | AE18: % | AG18: 45 à 80 | AH18: % | AJ18: ND | AK18: % | AM18: ND | AN18: % | AP18: ND | AQ18: % | AS18: ND | AT18: % | AV18: < 20 | AW18: % | AY18: ND | AZ18: %
A19: SFP | C19: ND | D19: % | F19: ND | G19: % | I19: ND | J19: % | L19: ND | M19: % | O19: ND | P19: % | R19: ND | S19: % | U19: 30 à 50 | V19: % | X19: < 40 | Y19: % | AA19: ND | AB19: % | AD19: ND | AE19: % | AG19: 55 à 75 | AH19: % | AJ19: 85 à 95 | AK19: % | AM19: > 90 | AN19: % | AP19: > 90 | AQ19: % | AS19: > 90 | AT19: % | AV19: 80 à 90 | AW19: % | AY19: 100 | AZ19: %
A20: % de mäis ensilage /SFP | C20: ND | D20: % | F20: ND | G20: % | I20: ND | J20: % | L20: ND | M20: % | O20: ND | P20: % | R20: ND | S20: % | U20: 5 à 40 | V20: % | X20: < 5 | Y20: % | AA20: ND | AB20: % | AD20: ND | AE20: % | AG20: < 25 | AH20: % | AJ20: < 10 | AK20: % | AM20: 0 | AN20: % | AP20: 0 | AQ20: % | AS20: 0 | AT20: % | AV20: 0 | AW20: % | AY20: 0 | AZ20: %
A21: % de PT ensilage /SFP | C21: ND | D21: % | F21: ND | G21: % | I21: ND | J21: % | L21: ND | M21: % | O21: ND | P21: % | R21: ND | S21: % | U21: 10 à 60 | V21: % | X21: < 10 | Y21: % | AA21: ND | AB21: % | AD21: ND | AE21: % | AG21: < 55 | AH21: % | AJ21: 10 à 30 | AK21: % | AM21: 20 à 30 | AN21: % | AP21: < 10 | AQ21: % | AS21: 0 | AT21: % | AV21: 0 | AW21: % | AY21: 0 | AZ21: %
A22: Quota laitier /SFP | C22: ND | D22: l /ha SFP | F22: ND | G22: l /ha SFP | I22: ND | J22: l /ha SFP | L22: ND | M22: l /ha SFP | O22: ND | P22: l /ha SFP | R22: ND | S22: l /ha SFP | U22: > 7 000 | V22: l /ha SFP | X22: ND | Y22: l /ha SFP | AA22: ND | AB22: l /ha SFP | AD22: ND | AE22: l /ha SFP | AG22: < 7 000 | AH22: l /ha SFP | AJ22: ND | AK22: l /ha SFP | AM22: ND | AN22: l /ha SFP | AP22: ND | AQ22: l /ha SFP | AS22: ND | AT22: l /ha SFP | AV22: < 4 600 | AW22: l /ha SFP | AY22: < 4 600 | AZ22: l /ha SFP
A23: STH | C23: ND | D23: % | F23: ND | G23: % | I23: ND | J23: % | L23: ND | M23: % | O23: ND | P23: % | R23: ND | S23: % | U23: 20 à 30 | V23: % | X23: 20 à 40 | Y23: % | AA23: ND | AB23: % | AD23: 0 à 20 | AE23: % | AG23: 50 à 60 | AH23: % | AJ23: 75 à 90 | AK23: % | AM23: > 90 | AN23: % | AP23: > 90 | AQ23: % | AS23: > 85 | AT23: % | AV23: 80 à 90 | AW23: % | AY23: 100 | AZ23: %
A24: Produit brut | C24: 1 000 à 1 300 | D24: €/ha SAU | F24: 1 000 à 1 200 | G24: €/ha SAU | I24: 1 150 à 1 500 | J24: €/ha SAU | L24: 1 200 à 1 650 | M24: €/ha SAU | O24: 1 350 à 2 000 | P24: €/ha SAU | R24: 1 400 à 1 800 | S24: €/ha SAU | U24: 1 900 à 2 500 | V24: €/ha SAU | X24: 1 150 à 1 400 | Y24: €/ha SAU | AA24: 1 250 à 1 400 | AB24: €/ha SAU | AD24: 1 600 à 2 000 | AE24: €/ha SAU | AG24: 1 800 à 2 300 | AH24: €/ha SAU | AJ24: 1 500 à 1 900 | AK24: €/ha SAU | AM24: 950 à 1 400 | AN24: €/ha SAU | AP24: 950 à 1 400 | AQ24: €/ha SAU | AS24: 900 à 1 400 | AT24: €/ha SAU | AV24: 2 500 à 3 100 | AW24: €/ha SAU | AY24: 2750 à 3 200 | AZ24: €/ha SAU
A25: Produit brut | C25: 1 000 à 1 425 | D25: €/ha SAU | G25: €/ha SAU | J25: €/ha SAU | L25: 1 290 à 1 840 | M25: €/ha SAU | O25: 1 340 à 1 970 | P25: €/ha SAU | S25: €/ha SAU | V25: €/ha SAU | X25: 1 185 à 1 575 | Y25: €/ha SAU | AA25: 1 200 à 1360 | AB25: €/ha SAU | AD25: 1 805 à 1 915 | AE25: €/ha SAU | AG25: 2 140 à 2 480 | AH25: €/ha SAU | AK25: €/ha SAU | AN25: €/ha SAU | AQ25: €/ha SAU | AT25: €/ha SAU | AW25: €/ha SAU | AZ25: €/ha SAU
A26: Produit brut | C26: 950 à 1 200 | D26: €/ha SAU | F26: 950 à 1 150 | G26: €/ha SAU | I26: 1 150 à 1 950 | J26: €/ha SAU | L26: 1 100 à 1 500 | M26: €/ha SAU | O26: 1 500 à 2 100 | P26: €/ha SAU | R26: 1 350 à 1 700 | S26: €/ha SAU | U26: 1 650 à 2 400 | V26: €/ha SAU | X26: 1 000 à 1 150 | Y26: €/ha SAU | AA26: 1 250 à 1 400 | AB26: €/ha SAU | AD26: 1 400 à 1 950 | AE26: €/ha SAU | AG26: 1 500 à 2 000 | AH26: €/ha SAU | AJ26: 1 400 à 1 750 | AK26: €/ha SAU | AM26: 860 à 1 250 | AN26: €/ha SAU | AP26: 860 à 1 250 | AQ26: €/ha SAU | AS26: 850 à 1 150 | AT26: €/ha SAU | AV26: 2 350 à 2 900 | AW26: €/ha SAU | AY26: 2 600 à 2 950 | AZ26: €/ha SAU
A27: Nombre d'hectare /Unité de main d'œuvre | C27: 145 à 200 | D27: ha/UMO | F27: 200 à 250 | G27: ha/UMO | I27: 130 à 160 | J27: ha/UMO | L27: 120 à 180 | M27: ha/UMO | O27: 90 à 140 | P27: ha/UMO | R27: 120 à 180 | S27: ha/UMO | U27: 65 à 95 | V27: ha/UMO | X27: 130 à 165 | Y27: ha/UMO | AA27: 80 à 140 | AB27: ha/UMO | AD27: 75 à 100 | AE27: ha/UMO | AG27: 65 à 90 | AH27: ha/UMO | AJ27: 80 à 120 | AK27: ha/UMO | AM27: 70 à 100 | AN27: ha/UMO | AP27: 70 à 100 | AQ27: ha/UMO | AS27: 90 à 130 | AT27: ha/UMO | AV27: 55 à 85 | AW27: ha/UMO | AY27: 45 à 65 | AZ27: ha/UMO
A28: Nombre d'hectare /Unité de main d'œuvre | C28: 135 à 195 | D28: ha/UMO | G28: ha/UMO | J28: ha/UMO | L28: 110 à 135 | M28: ha/UMO | O28: 50 à 85 | P28: ha/UMO | S28: ha/UMO | V28: ha/UMO | X28: 130 à 155 | Y28: ha/UMO | AA28: 130 à 140 | AB28: ha/UMO | AD28: 50 | AE28: ha/UMO | AG28: 65 à 90 | AH28: ha/UMO | AK28: ha/UMO | AN28: ha/UMO | AQ28: ha/UMO | AT28: ha/UMO | AW28: ha/UMO | AZ28: ha/UMO
A29: Nombre d'hectare /Unité de main d'œuvre | C29: 145 à 200 | D29: ha/UMO | F29: 200 à 250 | G29: ha/UMO | I29: 130 à 160 | J29: ha/UMO | L29: 120 à 180 | M29: ha/UMO | O29: 90 à 160 | P29: ha/UMO | R29: 120 à 180 | S29: ha/UMO | U29: 65 à 95 | V29: ha/UMO | X29: 135 à 165 | Y29: ha/UMO | AA29: 80 à 135 | AB29: ha/UMO | AD29: 75 à 100 | AE29: ha/UMO | AG29: 60 à 85 | AH29: ha/UMO | AJ29: 80 à 120 | AK29: ha/UMO | AM29: 70 à 90 | AN29: ha/UMO | AP29: 70 à 100 | AQ29: ha/UMO | AS29: 90 à 130 | AT29: ha/UMO | AV29: 55 à 85 | AW29: ha/UMO | AY29: 45 à 65 | AZ29: ha/UMO
A30: Travaux par tiers | C30: < 10 | D30: % | F30: < 10 | G30: % | I30: < 10 | J30: % | L30: < 30 | M30: % | O30: < 35 | P30: % | R30: < 30 | S30: % | U30: 25 à 50 | V30: % | X30: < 30 | Y30: % | AA30: 10 à 30 | AB30: % | AD30: 15 à 25 | AE30: % | AG30: 20 à 55% | AJ30: 20 à 35 | AK30: % | AM30: 10 à 20 | AN30: % | AP30: 15 à 30 | AQ30: % | AS30: 10 à 25 | AT30: % | AV30: 5 à 15% | AW30: % | AY30: 10 à 40% | AZ30: %
B32: 2018 | E32: 2020 | H32: 2020 | K32: 2015 | N32: 2021 | Q32: 2003 | T32: 2009 | W32: 2018 | Z32: 2007 | AC32: 2008 | AF32: 2009 | AI32: 2022 | AL32: 2007 | AO32: 2006 | AR32: 2018 | AU32: 2017 | AX32: 2017
A33: Poste "Traction"
A35: Puissance de traction (ch /ha de SAU)
A36: Identification des tracteurs + automoteurs
A37: Age (Nombre d'heures /compteur)
A38: Puissance des tracteurs + 50% automoteurs | B38: < | C38: 2.4 | D38: ch /ha SAU | E38: < | F38: 2 | G38: ch /ha SAU | H38: < | I38: 2.2 | J38: ch /ha SAU | K38: < | L38: 2.8 | M38: ch /ha SAU | N38: < | O38: 3 | P38: ch /ha SAU | Q38: < | R38: 2.8 | S38: ch /ha SAU | T38: < | U38: 3 | V38: ch /ha SAU | W38: < | X38: 2.3 | Y38: ch /ha SAU | Z38: < | AA38: 2.4 | AB38: ch /ha SAU | AC38: < | AD38: 3.1 | AE38: ch /ha SAU | AF38: < | AG38: 2.8 | AH38: ch /ha SAU | AI38: < | AJ38: 2.3 | AK38: ch /ha SAU | AL38: < | AM38: 2.2 | AN38: ch /ha SAU | AO38: < | AP38: 2 | AQ38: ch /ha SAU | AR38: < | AS38: 2 | AT38: ch /ha SAU | AU38: < | AV38: 3.7 | AW38: ch /ha SAU | AX38: < | AY38: 3.2 | AZ38: ch /ha SAU
B39: < | C39: 2 | D39: ch /ha SAU | E39: < | F39: 1.7 | G39: ch /ha SAU | H39: < | I39: 1.8 | J39: ch /ha SAU | K39: < | L39: 2.3 | M39: ch /ha SAU | N39: < | O39: 2.5 | P39: ch /ha SAU | Q39: < | R39: 2.3 | S39: ch /ha SAU | T39: < | U39: 2.8 | V39: ch /ha SAU | W39: < | X39: 1.8 | Y39: ch /ha SAU | Z39: < | AA39: 2 | AB39: ch /ha SAU | AC39: < | AD39: 2.6 | AE39: ch /ha SAU | AF39: < | AG39: 2.4 | AH39: ch /ha SAU | AI39: < | AJ39: 1.8 | AK39: ch /ha SAU | AL39: < | AM39: 1.6 | AN39: ch /ha SAU | AO39: < | AP39: 1.4 | AQ39: ch /ha SAU | AR39: < | AS39: 1.5 | AT39: ch /ha SAU | AU39: < | AV39: 3.3 | AW39: ch /ha SAU | AX39: < | AY39: 2.4 | AZ39: ch /ha SAU
A41: Utilisation annuelle tracteurs (Nbre d'heures /tracteur/an)
A42: Nombre de tracteurs | C42: =#REF! -> #REF! | F42: =#REF! -> #REF! | L42: =#REF! -> #REF! | R42: =#REF! -> #REF! | U42: =#REF! -> #REF! | X42: =#REF! -> #REF! | AA42: =#REF! -> #REF! | AD42: =#REF! -> #REF! | AG42: =#REF! -> #REF! | AJ42: =#REF! -> #REF! | AM42: =#REF! -> #REF! | AP42: =#REF! -> #REF! | AV42: =#REF! -> #REF! | AY42: =#REF! -> #REF!
A43: Nombre d'heures effectuées à l'année /tracteur | B43: > | C43: 300 | D43: heures | E43: > | F43: 275 | G43: heures | H43: > | I43: 325 | J43: heures | K43: > | L43: 300 | M43: heures | N43: > | O43: 350 | P43: heures | Q43: > | R43: 300 | S43: heures | T43: > | U43: 450 | V43: heures | W43: > | X43: 400 | Y43: heures | Z43: > | AA43: 375 | AB43: heures | AC43: > | AD43: 350 | AE43: heures | AF43: > | AG43: 475 | AH43: heures | AI43: > | AJ43: 500 | AK43: heures | AL43: > | AM43: 475 | AN43: heures | AO43: > | AP43: 375 | AQ43: heures | AR43: > | AS43: 375 | AT43: heures | AU43: > | AV43: 350 | AW43: heures | AX43: > | AY43: 350 | AZ43: heures
B44: > | C44: 350 | D44: heures | E44: > | F44: 325 | G44: heures | H44: > | I44: 375 | J44: heures | K44: > | L44: 350 | M44: heures | N44: > | O44: 400 | P44: heures | R44: 350 | S44: heures | U44: 500 | V44: heures | X44: 500 | Y44: heures | AA44: 425 | AB44: heures | AD44: 400 | AE44: heures | AG44: 550 | AH44: heures | AJ44: 575 | AK44: heures | AL44: > | AM44: 525 | AN44: heures | AO44: > | AP44: 425 | AQ44: heures | AR44: > | AS44: 425 | AT44: heures | AV44: 400 | AW44: heures | AY44: 400 | AZ44: heures
A45: Nombre d'heures effectuées à l'année /ha de SAU | B45: < | C45: 5.5 | D45: heures | E45: < | F45: 4.5 | G45: heures | H45: < | I45: 7 | J45: heures | K45: < | L45: 6.8 | M45: heures | N45: < | O45: 7.5 | P45: heures | Q45: < | R45: 6.5 | S45: heures | T45: < | U45: 14.5 | V45: heures | W45: < | X45: 9 | Y45: heures | Z45: < | AA45: 7.2 | AB45: heures | AC45: < | AD45: 7.6 | AE45: heures | AF45: < | AG45: 15.5 | AH45: heures | AI45: < | AJ45: 12 | AK45: heures | AL45: < | AM45: 11.8 | AN45: heures | AO45: < | AP45: 9.2 | AQ45: heures | AR45: < | AS45: 10 | AT45: heures | AU45: < | AV45: 13.5 | AW45: heures | AX45: < | AY45: 11.7 | AZ45: heures
B46: < | C46: 5 | D46: heures | E46: < | F46: 4 | G46: heures | H46: < | I46: 5.5 | J46: heures | K46: < | L46: 5.6 | M46: heures | N46: < | O46: 6 | P46: heures | Q46: < | R46: 5.5 | S46: heures | T46: < | U46: 11.5 | V46: heures | W46: < | X46: 8 | Y46: heures | Z46: < | AA46: 6 | AB46: heures | AC46: < | AD46: 5.8 | AE46: heures | AF46: < | AG46: 13.4 | AH46: heures | AI46: < | AJ46: 10.5 | AK46: heures | AL46: < | AM46: 9.8 | AN46: heures | AO46: < | AP46: 8.1 | AQ46: heures | AR46: < | AS46: 8 | AT46: heures | AU46: < | AV46: 13 | AW46: heures | AX46: < | AY46: 9.1 | AZ46: heures
A49: Poste "Récolte"
A51: Puissance par ha moissonné (ch /ha récolté en été)
A52: Age de la MB (Nombre d'heures /compteur)
A53: Puissance de la MB
A54: Nombre d'heures effectuées à l'année
A55: Surface récoltée en "été"
B56: < | C56: 1.2 | D56: ch/ha | E56: < | F56: 1.1 | G56: ch/ha | H56: < | I56: 1 | J56: ch/ha | K56: < | L56: 1.4 | M56: ch/ha | N56: < | O56: 1.2 | P56: ch/ha | Q56: < | R56: 1.4 | S56: ch/ha | T56: < | U56: 1.4 | V56: ch/ha | W56: < | X56: 1.2 | Y56: ch/ha | Z56: < | AA56: 1.2 | AB56: ch/ha | AC56: < | AD56: 1.2 | AE56: ch/ha | AF56: < | AG56: 1.4 | AH56: ch/ha | AI56: < | AJ56: 1.4 | AK56: ch/ha | AL56: < | AM56: 1.4 | AN56: ch/ha | AO56: < | AP56: 1.4 | AQ56: ch/ha | AR56: < | AS56: 1.4 | AT56: ch/ha | AU56: < | AV56: 1.4 | AW56: ch/ha | AX56: < | AY56: ND | AZ56: ch/ha
B57: < | C57: 1.1 | D57: ch/ha | E57: < | F57: 1 | G57: ch/ha | H57: < | I57: 0.9 | J57: ch/ha | K57: < | L57: 1.2 | M57: ch/ha | N57: < | O57: 1 | P57: ch/ha | Q57: < | R57: 1.2 | S57: ch/ha | T57: < | U57: 1.3 | V57: ch/ha | W57: < | X57: 1.1 | Y57: ch/ha | Z57: < | AA57: 1.1 | AB57: ch/ha | AC57: < | AD57: 1.1 | AE57: ch/ha | AF57: < | AG57: 1.2 | AH57: ch/ha | AI57: < | AJ57: 1.2 | AK57: ch/ha | AL57: < | AM57: 1.2 | AN57: ch/ha | AO57: < | AP57: 1.2 | AQ57: ch/ha | AR57: < | AS57: 1.2 | AT57: ch/ha | AU57: < | AV57: 1.2 | AW57: ch/ha | AX57: < | AY57: ND | AZ57: ch/ha
A60: Poste "Carburant"
A62: Frais de Carburant | C62: =C63/C66 -> 1 | D62: /litre | F62: =F63/F66 -> 1 | G62: /litre | I62: =I63/I66 -> 1 | J62: /litre | L62: =L63/L66 -> 1 | M62: /litre | O62: =O63/O66 -> 1 | P62: /litre | R62: =R63/R66 -> 1 | S62: /litre | U62: =U63/U66 -> 1 | V62: /litre | X62: =X63/X66 -> 1 | Y62: /litre | AA62: =AA63/AA66 -> 1 | AB62: /litre | AD62: =AD63/AD66 -> 1 | AE62: /litre | AG62: =AG63/AG66 -> 1 | AH62: /litre | AJ62: =AJ63/AJ66 -> 1 | AK62: /litre | AM62: =AM63/AM66 -> 1 | AN62: /litre | AP62: =AP63/AP66 -> 1 | AQ62: /litre | AS62: =AS63/AS66 -> 1 | AT62: /litre | AV62: =AV63/AV66 -> 1 | AW62: /litre | AY62: =AY63/AY66 -> 1 | AZ62: /litre
A63: Facture annuelle de carburant | B63: < | C63: 85 | D63: €/ha | E63: < | F63: 65 | G63: €/ha | H63: < | I63: 95 | J63: €/ha | K63: < | L63: 95 | M63: €/ha | N63: < | O63: 110 | P63: €/ha | Q63: < | R63: 105 | S63: €/ha | T63: < | U63: 150 | V63: €/ha | W63: < | X63: 85 | Y63: €/ha | Z63: < | AA63: 80 | AB63: €/ha | AC63: < | AD63: 110 | AE63: €/ha | AF63: < | AG63: 135 | AH63: €/ha | AI63: < | AJ63: 75 | AK63: €/ha | AL63: < | AM63: 65 | AN63: €/ha | AO63: < | AP63: 65 | AQ63: €/ha | AR63: < | AS63: 55 | AT63: €/ha | AU63: < | AV63: 115 | AW63: €/ha | AX63: < | AY63: 75 | AZ63: €/ha
B64: < | C64: 75 | D64: €/ha | E64: < | F64: 60 | G64: €/ha | H64: < | I64: 85 | J64: €/ha | K64: < | L64: 85 | M64: €/ha | N64: < | O64: 100 | P64: €/ha | Q64: < | R64: 95 | S64: €/ha | T64: < | U64: 130 | V64: €/ha | W64: < | X64: 80 | Y64: €/ha | Z64: < | AA64: 65 | AB64: €/ha | AC64: < | AD64: 100 | AE64: €/ha | AF64: < | AG64: 120 | AH64: €/ha | AI64: < | AJ64: 65 | AK64: €/ha | AL64: < | AM64: 55 | AN64: €/ha | AO64: < | AP64: 50 | AQ64: €/ha | AR64: < | AS64: 40 | AT64: €/ha | AU64: < | AV64: 100 | AW64: €/ha | AX64: < | AY64: 55 | AZ64: €/ha
A65: Prix moyen | C65: =C64/C67 -> 1 | D65: /litre | F65: =F64/F67 -> 1 | G65: /litre | I65: =I64/I67 -> 1 | J65: /litre | L65: =L64/L67 -> 1 | M65: /litre | O65: =O64/O67 -> 1 | P65: /litre | R65: =R64/R67 -> 1 | S65: /litre | U65: =U64/U67 -> 1 | V65: /litre | X65: =X64/X67 -> 1 | Y65: /litre | AA65: =AA64/AA67 -> 1 | AB65: /litre | AD65: =AD64/AD67 -> 1 | AE65: /litre | AG65: =AG64/AG67 -> 1 | AH65: /litre | AJ65: =AJ64/AJ67 -> 1 | AK65: /litre | AM65: =AM64/AM67 -> 1 | AN65: /litre | AP65: =AP64/AP67 -> 1 | AQ65: /litre | AS65: =AS64/AS67 -> 1 | AT65: /litre | AV65: =AV64/AV67 -> 1 | AW65: /litre | AY65: =AY64/AY67 -> 1 | AZ65: /litre
A66: Carburant utilisé | B66: < | C66: 85 | D66: l/ha | E66: < | F66: 65 | G66: l/ha | H66: < | I66: 95 | J66: l/ha | K66: < | L66: 95 | M66: l/ha | N66: < | O66: 110 | P66: l/ha | Q66: < | R66: 105 | S66: l/ha | T66: < | U66: 150 | V66: l/ha | W66: < | X66: 85 | Y66: l/ha | Z66: < | AA66: 80 | AB66: l/ha | AC66: < | AD66: 110 | AE66: l/ha | AF66: < | AG66: 135 | AH66: l/ha | AI66: < | AJ66: 75 | AK66: l/ha | AL66: < | AM66: 65 | AN66: l/ha | AO66: < | AP66: 65 | AQ66: l/ha | AR66: < | AS66: 55 | AT66: l/ha | AU66: < | AV66: 115 | AW66: l/ha | AX66: < | AY66: 75 | AZ66: l/ha
B67: < | C67: 75 | D67: l/ha | E67: < | F67: 60 | G67: l/ha | H67: < | I67: 85 | J67: l/ha | K67: < | L67: 85 | M67: l/ha | N67: < | O67: 100 | P67: l/ha | Q67: < | R67: 95 | S67: l/ha | T67: < | U67: 130 | V67: l/ha | W67: < | X67: 80 | Y67: l/ha | Z67: < | AA67: 65 | AB67: l/ha | AC67: < | AD67: 100 | AE67: l/ha | AF67: < | AG67: 120 | AH67: l/ha | AI67: < | AJ67: 65 | AK67: l/ha | AL67: < | AM67: 55 | AN67: l/ha | AO67: < | AP67: 50 | AQ67: l/ha | AR67: < | AS67: 40 | AT67: l/ha | AU67: < | AV67: 100 | AW67: l/ha | AX67: < | AY67: 55 | AZ67: l/ha
A69: Utilisation de la puissance
A70: Consommation théorique de carburant (en l/an)
A71: Puissance totale tracteurs + automoteurs
A72: X 0,08
A73: X Moyenne Nombre d'heures (tracteurs + automoteurs) | C73: à calculer | D73: l/an | F73: à calculer | G73: l/an | I73: à calculer | J73: l/an | L73: à calculer | M73: l/an | O73: à calculer | P73: l/an | R73: à calculer | S73: l/an | U73: à calculer | V73: l/an | X73: à calculer | Y73: l/an | AA73: à calculer | AB73: l/an | AD73: à calculer | AE73: l/an | AG73: à calculer | AH73: l/an | AJ73: à calculer | AK73: l/an | AM73: à calculer | AN73: l/an | AP73: à calculer | AQ73: l/an | AS73: à calculer | AT73: l/an | AV73: à calculer | AW73: l/an | AY73: à calculer | AZ73: l/an
A76: Frais d'Entretien-Réparations
A77: Facture annuelle entretien-réparations | B77: < | C77: 75 | D77: €/ha | E77: < | F77: 65 | G77: €/ha | H77: < | I77: 75 | J77: €/ha | K77: < | L77: 80 | M77: €/ha | N77: < | O77: 75 | P77: €/ha | Q77: < | R77: 90 | S77: €/ha | T77: < | U77: 140 | V77: €/ha | W77: < | X77: 90 | Y77: €/ha | Z77: < | AA77: 75 | AB77: €/ha | AC77: < | AD77: 90 | AE77: €/ha | AF77: < | AG77: 145 | AH77: €/ha | AI77: < | AJ77: 70 | AK77: €/ha | AL77: < | AM77: 60 | AN77: €/ha | AO77: < | AP77: 35 | AQ77: €/ha | AR77: < | AS77: 30 | AT77: €/ha | AU77: < | AV77: 165 | AW77: €/ha | AX77: < | AY77: 105 | AZ77: €/ha
B78: < | C78: 45 | D78: €/ha | E78: < | F78: 55 | G78: €/ha | H78: < | I78: 55 | J78: €/ha | K78: < | L78: 50 | M78: €/ha | N78: < | O78: 50 | P78: €/ha | Q78: < | R78: 80 | S78: €/ha | T78: < | U78: 105 | V78: €/ha | W78: < | X78: 55 | Y78: €/ha | Z78: < | AA78: 45 | AB78: €/ha | AC78: < | AD78: 65 | AE78: €/ha | AF78: < | AG78: 105 | AH78: €/ha | AI78: < | AJ78: 40 | AK78: €/ha | AL78: < | AM78: 40 | AN78: €/ha | AO78: < | AP78: 28 | AQ78: €/ha | AR78: < | AS78: 20 | AT78: €/ha | AU78: < | AV78: 145 | AW78: €/ha | AX78: < | AY78: 85 | AZ78: €/ha
A79: Facture annuelle entretien-réparations exceptionnelle
A82: Nombre de matériels de - de 5 ans
A83: Nombre de matériels au total sur l'exploitation
A84: Nombre de matériels achetés neufs depuis moins de 5 ans | B84: < | C84: 30 | D84: % | E84: < | F84: 30 | G84: % | H84: < | I84: 35 | J84: % | K84: < | L84: 35 | M84: % | N84: < | O84: 40 | P84: % | Q84: < | R84: 40 | S84: % | T84: < | U84: 35 | V84: % | W84: < | X84: 20 | Y84: % | Z84: < | AA84: 30 | AB84: % | AC84: < | AD84: 30 | AE84: % | AF84: < | AG84: 35 | AH84: % | AI84: < | AJ84: 35 | AK84: % | AL84: < | AM84: 35 | AN84: % | AO84: < | AP84: 30 | AQ84: % | AR84: < | AS84: 30 | AT84: % | AU84: < | AV84: 45 | AW84: % | AX84: < | AY84: 45 | AZ84: %
B85: < | C85: 20 | D85: % | E85: < | F85: 20 | G85: % | H85: < | I85: 25 | J85: % | K85: < | L85: 25 | M85: % | N85: < | O85: 30 | P85: % | Q85: < | R85: 30 | S85: % | T85: < | U85: 25 | V85: % | W85: < | X85: 15 | Y85: % | Z85: < | AA85: 20 | AB85: % | AC85: < | AD85: 20 | AE85: % | AF85: < | AG85: 25 | AH85: % | AI85: < | AJ85: 25 | AK85: % | AL85: < | AM85: 25 | AN85: % | AO85: < | AP85: 20 | AQ85: % | AR85: < | AS85: 20 | AT85: % | AU85: < | AV85: 35 | AW85: % | AX85: < | AY85: 35 | AZ85: %
A88: Investissement moyen sur les 3 dernières années
A89: Nombre de matériels achetés en propriété ou copropriété, neufs ou d'occasion sur les 3 dernières années
A90: Montant moyen investi sur les 3 dernières années | B90: < | C90: 250 | D90: € | E90: < | F90: 190 | G90: € | H90: < | I90: 275 | J90: € | K90: < | L90: 250 | M90: € | N90: < | O90: 300 | P90: € | Q90: < | R90: 285 | S90: € | T90: < | U90: 310 | V90: € | W90: < | X90: 180 | Y90: € | Z90: < | AA90: 200 | AB90: € | AC90: < | AD90: 190 | AE90: € | AF90: < | AG90: 325 | AH90: € | AI90: < | AJ90: 220 | AK90: € | AL90: < | AM90: 140 | AN90: € | AO90: < | AP90: 130 | AQ90: € | AR90: < | AS90: 130 | AT90: € | AU90: < | AV90: 500 | AW90: € | AX90: < | AY90: 375 | AZ90: €
B91: < | C91: 165 | D91: € | E91: < | F91: 135 | G91: € | H91: < | I91: 225 | J91: € | K91: < | L91: 210 | M91: € | N91: < | O91: 240 | P91: € | Q91: < | R91: 240 | S91: € | T91: < | U91: 250 | V91: € | W91: < | X91: 140 | Y91: € | Z91: < | AA91: 170 | AB91: € | AC91: < | AD91: 170 | AE91: € | AF91: < | AG91: 250 | AH91: € | AI91: < | AJ91: 155 | AK91: € | AL91: < | AM91: 100 | AN91: € | AO91: < | AP91: 95 | AQ91: € | AR91: < | AS91: 95 | AT91: € | AU91: < | AV91: 400 | AW91: € | AX91: < | AY91: 325 | AZ91: €
A94: Frais financiers annuels / Chiffre d'Affaires
A95: Frais financiers annuels liés aux emprunts sur du matériel
A96: Chiffre d'Affaires global | B96: < | C96: =ROUNDUP(C120,3)*100 -> 0.8 | D96: % | E96: < | F96: =ROUNDUP(F120,3)*100 -> 0.6 | G96: % | H96: < | I96: =ROUNDUP(I120,3)*100 -> 0.7 | J96: % | K96: < | L96: =ROUNDUP(L120,3)*100 -> 0.6 | M96: % | N96: < | O96: =ROUNDUP(O120,3)*100 -> 0.6 | P96: % | Q96: < | R96: =ROUNDUP(R120,3)*100 -> 0.6 | S96: % | T96: < | U96: =ROUNDUP(U120,3)*100 -> 0.5 | V96: % | W96: < | X96: =ROUNDUP(X120,3)*100 -> 0.5 | Y96: % | Z96: < | AA96: =ROUNDUP(AA120,3)*100 -> 0.5 | AB96: % | AC96: < | AD96: =ROUNDUP(AD120,3)*100 -> 0.4 | AE96: % | AF96: < | AG96: =ROUNDUP(AG120,3)*100 -> 0.6 | AH96: % | AI96: < | AJ96: =ROUNDUP(AJ120,3)*100 -> 0.5 | AK96: % | AL96: < | AM96: =ROUNDUP(AM120,3)*100 -> 0.4 | AN96: % | AO96: < | AP96: =ROUNDUP(AP120,3)*100 -> 0.4 | AQ96: % | AR96: < | AS96: =ROUNDUP(AS120,3)*100 -> 0.4 | AT96: % | AU96: < | AV96: =ROUNDUP(AV120,3)*100 -> 0.6 | AW96: % | AX96: < | AY96: =ROUNDUP(AY120,3)*100 -> 0.5 | AZ96: %
B97: < | C97: =ROUNDUP(C124,3)*100 -> 0.5 | D97: % | E97: < | F97: =ROUNDUP(F124,3)*100 -> 0.4 | G97: % | H97: < | I97: =ROUNDUP(I124,3)*100 -> 0.6 | J97: % | K97: < | L97: =ROUNDUP(L124,3)*100 -> 0.5 | M97: % | N97: < | O97: =ROUNDUP(O124,3)*100 -> 0.5 | P97: % | Q97: < | R97: =ROUNDUP(R124,3)*100 -> 0.5 | S97: % | T97: < | U97: =ROUNDUP(U124,3)*100 -> 0.4 | V97: % | W97: < | X97: =ROUNDUP(X124,3)*100 -> 0.4 | Y97: % | Z97: < | AA97: =ROUNDUP(AA124,3)*100 -> 0.5 | AB97: % | AC97: < | AD97: =ROUNDUP(AD124,3)*100 -> 0.4 | AE97: % | AF97: < | AG97: =ROUNDUP(AG124,3)*100 -> 0.4 | AH97: % | AI97: < | AJ97: =ROUNDUP(AJ124,3)*100 -> 0.3 | AK97: % | AL97: < | AM97: =ROUNDUP(AM124,3)*100 -> 0.3 | AN97: % | AO97: < | AP97: =ROUNDUP(AP124,3)*100 -> 0.3 | AQ97: % | AR97: < | AS97: =ROUNDUP(AS124,3)*100 -> 0.3 | AT97: % | AU97: < | AV97: =ROUNDUP(AV124,3)*100 -> 0.5 | AW97: % | AX97: < | AY97: =ROUNDUP(AY124,3)*100 -> 0.4 | AZ97: %
C99: NB : ND = non discriminant / critère non utilisé pour positionner l'exploitation agricole
C104: =C24 -> 1 000 à 1 300 | F104: =F24 -> 1 000 à 1 200 | I104: =I24 -> 1 150 à 1 500 | L104: =L24 -> 1 200 à 1 650 | O104: =O24 -> 1 350 à 2 000 | R104: =R24 -> 1 400 à 1 800 | U104: =U24 -> 1 900 à 2 500 | X104: =X24 -> 1 150 à 1 400 | AA104: =AA24 -> 1 250 à 1 400 | AD104: =AD24 -> 1 600 à 2 000 | AG104: =AG24 -> 1 800 à 2 300 | AJ104: =AJ24 -> 1 500 à 1 900 | AM104: =AM24 -> 950 à 1 400 | AP104: =AP24 -> 950 à 1 400 | AS104: =AS24 -> 900 à 1 400 | AV104: =AV24 -> 2 500 à 3 100 | AY104: =AY24 -> 2750 à 3 200
C105: 1000 | D105: 1300 | F105: 1000 | G105: 1200 | I105: 1150 | J105: 1500 | L105: 1200 | M105: 1650 | O105: 1350 | P105: 2000 | R105: 1400 | S105: 1800 | U105: 1900 | V105: 2500 | X105: 1150 | Y105: 1400 | AA105: 1250 | AB105: 1400 | AD105: 1600 | AE105: 2000 | AG105: 1800 | AH105: 2300 | AJ105: 1500 | AK105: 1900 | AM105: 950 | AN105: 1400 | AP105: 950 | AQ105: 1400 | AS105: 900 | AT105: 1400 | AV105: 2500 | AW105: 3100 | AY105: 2750 | AZ105: 3200
C106: 0.04 | D106: =$C106 -> 0.04 | F106: =$C106 -> 0.04 | G106: =$C106 -> 0.04 | I106: =$C106 -> 0.04 | J106: =$C106 -> 0.04 | L106: =$C106 -> 0.04 | M106: =$C106 -> 0.04 | O106: =$C106 -> 0.04 | P106: =$C106 -> 0.04 | R106: =$C106 -> 0.04 | S106: =$C106 -> 0.04 | U106: =$C106 -> 0.04 | V106: =$C106 -> 0.04 | X106: =$C106 -> 0.04 | Y106: =$C106 -> 0.04 | AA106: =$C106 -> 0.04 | AB106: =$C106 -> 0.04 | AD106: =$C106 -> 0.04 | AE106: =$C106 -> 0.04 | AG106: =$C106 -> 0.04 | AH106: =$C106 -> 0.04 | AJ106: =$C106 -> 0.04 | AK106: =$C106 -> 0.04 | AM106: =$C106 -> 0.04 | AN106: =$C106 -> 0.04 | AP106: =$C106 -> 0.04 | AQ106: =$C106 -> 0.04 | AS106: =$C106 -> 0.04 | AT106: =$C106 -> 0.04 | AV106: =$C106 -> 0.04 | AW106: =$C106 -> 0.04 | AY106: =$C106 -> 0.04 | AZ106: =$C106 -> 0.04
C107: =C90 -> 250 | D107: =C90 -> 250 | F107: =F90 -> 190 | G107: =F90 -> 190 | I107: =I90 -> 275 | J107: =I90 -> 275 | L107: =L90 -> 250 | M107: =L90 -> 250 | O107: =O90 -> 300 | P107: =O90 -> 300 | R107: =R90 -> 285 | S107: =R90 -> 285 | U107: =U90 -> 310 | V107: =U90 -> 310 | X107: =X90 -> 180 | Y107: =X90 -> 180 | AA107: =AA90 -> 200 | AB107: =AA90 -> 200 | AD107: =AD90 -> 190 | AE107: =AD90 -> 190 | AG107: =AG90 -> 325 | AH107: =AG90 -> 325 | AJ107: =AJ90 -> 220 | AK107: =AJ90 -> 220 | AM107: =AM90 -> 140 | AN107: =AM90 -> 140 | AP107: =AP90 -> 130 | AQ107: =AP90 -> 130 | AS107: =AS90 -> 130 | AT107: =AS90 -> 130 | AV107: =AV90 -> 500 | AW107: =AV90 -> 500 | AY107: =AY90 -> 375 | AZ107: =AY90 -> 375
C108: =((C107/2)*C$106)/C$105 -> 0.005 | D108: =((D107/2)*D$106)/D$105 -> 0.0038461538 | F108: =((F107/2)*F$106)/F$105 -> 0.0038 | G108: =((G107/2)*G$106)/G$105 -> 0.0031666667 | I108: =((I107/2)*I$106)/I$105 -> 0.0047826087 | J108: =((J107/2)*J$106)/J$105 -> 0.0036666667 | L108: =((L107/2)*L$106)/L$105 -> 0.0041666667 | M108: =((M107/2)*M$106)/M$105 -> 0.003030303 | O108: =((O107/2)*O$106)/O$105 -> 0.0044444444 | P108: =((P107/2)*P$106)/P$105 -> 0.003 | R108: =((R107/2)*R$106)/R$105 -> 0.0040714286 | S108: =((S107/2)*S$106)/S$105 -> 0.0031666667 | U108: =((U107/2)*U$106)/U$105 -> 0.0032631579 | V108: =((V107/2)*V$106)/V$105 -> 0.00248 | X108: =((X107/2)*X$106)/X$105 -> 0.0031304348 | Y108: =((Y107/2)*Y$106)/Y$105 -> 0.0025714286 | AA108: =((AA107/2)*AA$106)/AA$105 -> 0.0032 | AB108: =((AB107/2)*AB$106)/AB$105 -> 0.0028571429 | AD108: =((AD107/2)*AD$106)/AD$105 -> 0.002375 | AE108: =((AE107/2)*AE$106)/AE$105 -> 0.0019 | AG108: =((AG107/2)*AG$106)/AG$105 -> 0.0036111111 | AH108: =((AH107/2)*AH$106)/AH$105 -> 0.002826087 | AJ108: =((AJ107/2)*AJ$106)/AJ$105 -> 0.0029333333 | AK108: =((AK107/2)*AK$106)/AK$105 -> 0.0023157895 | AM108: =((AM107/2)*AM$106)/AM$105 -> 0.0029473684 | AN108: =((AN107/2)*AN$106)/AN$105 -> 0.002 | AP108: =((AP107/2)*AP$106)/AP$105 -> 0.0027368421 | AQ108: =((AQ107/2)*AQ$106)/AQ$105 -> 0.0018571429 | AS108: =((AS107/2)*AS$106)/AS$105 -> 0.0028888889 | AT108: =((AT107/2)*AT$106)/AT$105 -> 0.0018571429 | AV108: =((AV107/2)*AV$106)/AV$105 -> 0.004 | AW108: =((AW107/2)*AW$106)/AW$105 -> 0.0032258065 | AY108: =((AY107/2)*AY$106)/AY$105 -> 0.0027272727 | AZ108: =((AZ107/2)*AZ$106)/AZ$105 -> 0.00234375
A109: =AVERAGE(C109:AZ109) -> 0.0031232148 | C109: =AVERAGE(C108:D108) -> 0.0044230769 | F109: =AVERAGE(F108:G108) -> 0.0034833333 | I109: =AVERAGE(I108:J108) -> 0.0042246377 | L109: =AVERAGE(L108:M108) -> 0.0035984848 | O109: =AVERAGE(O108:P108) -> 0.0037222222 | R109: =AVERAGE(R108:S108) -> 0.0036190476 | U109: =AVERAGE(U108:V108) -> 0.0028715789 | X109: =AVERAGE(X108:Y108) -> 0.0028509317 | AA109: =AVERAGE(AA108:AB108) -> 0.0030285714 | AD109: =AVERAGE(AD108:AE108) -> 0.0021375 | AG109: =AVERAGE(AG108:AH108) -> 0.003218599 | AJ109: =AVERAGE(AJ108:AK108) -> 0.0026245614 | AM109: =AVERAGE(AM108:AN108) -> 0.0024736842 | AP109: =AVERAGE(AP108:AQ108) -> 0.0022969925 | AS109: =AVERAGE(AS108:AT108) -> 0.0023730159 | AV109: =AVERAGE(AV108:AW108) -> 0.0036129032 | AY109: =AVERAGE(AY108:AZ108) -> 0.0025355114
C110: =C91 -> 165 | D110: =C91 -> 165 | F110: =F91 -> 135 | G110: =F91 -> 135 | I110: =I91 -> 225 | J110: =I91 -> 225 | L110: =L91 -> 210 | M110: =L91 -> 210 | O110: =O91 -> 240 | P110: =O91 -> 240 | R110: =R91 -> 240 | S110: =R91 -> 240 | U110: =U91 -> 250 | V110: =U91 -> 250 | X110: =X91 -> 140 | Y110: =X91 -> 140 | AA110: =AA91 -> 170 | AB110: =AA91 -> 170 | AD110: =AD91 -> 170 | AE110: =AD91 -> 170 | AG110: =AG91 -> 250 | AH110: =AG91 -> 250 | AJ110: =AJ91 -> 155 | AK110: =AJ91 -> 155 | AM110: =AM91 -> 100 | AN110: =AM91 -> 100 | AP110: =AP91 -> 95 | AQ110: =AP91 -> 95 | AS110: =AS91 -> 95 | AT110: =AS91 -> 95 | AV110: =AV91 -> 400 | AW110: =AV91 -> 400 | AY110: =AY91 -> 325 | AZ110: =AY91 -> 325
C111: =((C110/2)*C$106)/C$105 -> 0.0033 | D111: =((D110/2)*D$106)/D$105 -> 0.0025384615 | F111: =((F110/2)*F$106)/F$105 -> 0.0027 | G111: =((G110/2)*G$106)/G$105 -> 0.00225 | I111: =((I110/2)*I$106)/I$105 -> 0.0039130435 | J111: =((J110/2)*J$106)/J$105 -> 0.003 | L111: =((L110/2)*L$106)/L$105 -> 0.0035 | M111: =((M110/2)*M$106)/M$105 -> 0.0025454545 | O111: =((O110/2)*O$106)/O$105 -> 0.0035555556 | P111: =((P110/2)*P$106)/P$105 -> 0.0024 | R111: =((R110/2)*R$106)/R$105 -> 0.0034285714 | S111: =((S110/2)*S$106)/S$105 -> 0.0026666667 | U111: =((U110/2)*U$106)/U$105 -> 0.0026315789 | V111: =((V110/2)*V$106)/V$105 -> 0.002 | X111: =((X110/2)*X$106)/X$105 -> 0.0024347826 | Y111: =((Y110/2)*Y$106)/Y$105 -> 0.002 | AA111: =((AA110/2)*AA$106)/AA$105 -> 0.00272 | AB111: =((AB110/2)*AB$106)/AB$105 -> 0.0024285714 | AD111: =((AD110/2)*AD$106)/AD$105 -> 0.002125 | AE111: =((AE110/2)*AE$106)/AE$105 -> 0.0017 | AG111: =((AG110/2)*AG$106)/AG$105 -> 0.0027777778 | AH111: =((AH110/2)*AH$106)/AH$105 -> 0.002173913 | AJ111: =((AJ110/2)*AJ$106)/AJ$105 -> 0.0020666667 | AK111: =((AK110/2)*AK$106)/AK$105 -> 0.0016315789 | AM111: =((AM110/2)*AM$106)/AM$105 -> 0.0021052632 | AN111: =((AN110/2)*AN$106)/AN$105 -> 0.0014285714 | AP111: =((AP110/2)*AP$106)/AP$105 -> 0.002 | AQ111: =((AQ110/2)*AQ$106)/AQ$105 -> 0.0013571429 | AS111: =((AS110/2)*AS$106)/AS$105 -> 0.0021111111 | AT111: =((AT110/2)*AT$106)/AT$105 -> 0.0013571429 | AV111: =((AV110/2)*AV$106)/AV$105 -> 0.0032 | AW111: =((AW110/2)*AW$106)/AW$105 -> 0.0025806452 | AY111: =((AY110/2)*AY$106)/AY$105 -> 0.0023636364 | AZ111: =((AZ110/2)*AZ$106)/AZ$105 -> 0.00203125
A112: =AVERAGE(C112:AZ112) -> 0.0024418349 | C112: =AVERAGE(C111:D111) -> 0.0029192308 | F112: =AVERAGE(F111:G111) -> 0.002475 | I112: =AVERAGE(I111:J111) -> 0.0034565217 | L112: =AVERAGE(L111:M111) -> 0.0030227273 | O112: =AVERAGE(O111:P111) -> 0.0029777778 | R112: =AVERAGE(R111:S111) -> 0.003047619 | U112: =AVERAGE(U111:V111) -> 0.0023157895 | X112: =AVERAGE(X111:Y111) -> 0.0022173913 | AA112: =AVERAGE(AA111:AB111) -> 0.0025742857 | AD112: =AVERAGE(AD111:AE111) -> 0.0019125 | AG112: =AVERAGE(AG111:AH111) -> 0.0024758454 | AJ112: =AVERAGE(AJ111:AK111) -> 0.0018491228 | AM112: =AVERAGE(AM111:AN111) -> 0.0017669173 | AP112: =AVERAGE(AP111:AQ111) -> 0.0016785714 | AS112: =AVERAGE(AS111:AT111) -> 0.001734127 | AV112: =AVERAGE(AV111:AW111) -> 0.0028903226 | AY112: =AVERAGE(AY111:AZ111) -> 0.0021974432
A115: FF | C115: =C105*1/100 -> 10 | D115: =D105*1/100 -> 13 | F115: =F105*1/100 -> 10 | G115: =G105*1/100 -> 12 | I115: =I105*1/100 -> 11.5 | J115: =J105*1/100 -> 15 | L115: =L105*1/100 -> 12 | M115: =M105*1/100 -> 16.5 | O115: =O105*1/100 -> 13.5 | P115: =P105*1/100 -> 20 | R115: =R105*1/100 -> 14 | S115: =S105*1/100 -> 18 | U115: =U105*1/100 -> 19 | V115: =V105*1/100 -> 25 | X115: =X105*1/100 -> 11.5 | Y115: =Y105*1/100 -> 14 | AA115: =AA105*1/100 -> 12.5 | AB115: =AB105*1/100 -> 14 | AD115: =AD105*1/100 -> 16 | AE115: =AE105*1/100 -> 20 | AG115: =AG105*1/100 -> 18 | AH115: =AH105*1/100 -> 23 | AJ115: =AJ105*1/100 -> 15 | AK115: =AK105*1/100 -> 19 | AM115: =AM105*1/100 -> 9.5 | AN115: =AN105*1/100 -> 14 | AP115: =AP105*1/100 -> 9.5 | AQ115: =AQ105*1/100 -> 14 | AS115: =AS105*1/100 -> 9 | AT115: =AT105*1/100 -> 14 | AV115: =AV105*1/100 -> 25 | AW115: =AW105*1/100 -> 31 | AY115: =AY105*1/100 -> 27.5 | AZ115: =AZ105*1/100 -> 32
C116: =C115/C105 -> 0.01 | D116: =D115/D105 -> 0.01 | F116: =F115/F105 -> 0.01 | G116: =G115/G105 -> 0.01 | I116: =I115/I105 -> 0.01 | J116: =J115/J105 -> 0.01 | L116: =L115/L105 -> 0.01 | M116: =M115/M105 -> 0.01 | O116: =O115/O105 -> 0.01 | P116: =P115/P105 -> 0.01 | R116: =R115/R105 -> 0.01 | S116: =S115/S105 -> 0.01 | U116: =U115/U105 -> 0.01 | V116: =V115/V105 -> 0.01 | X116: =X115/X105 -> 0.01 | Y116: =Y115/Y105 -> 0.01 | AA116: =AA115/AA105 -> 0.01 | AB116: =AB115/AB105 -> 0.01 | AD116: =AD115/AD105 -> 0.01 | AE116: =AE115/AE105 -> 0.01 | AG116: =AG115/AG105 -> 0.01 | AH116: =AH115/AH105 -> 0.01 | AJ116: =AJ115/AJ105 -> 0.01 | AK116: =AK115/AK105 -> 0.01 | AM116: =AM115/AM105 -> 0.01 | AN116: =AN115/AN105 -> 0.01 | AP116: =AP115/AP105 -> 0.01 | AQ116: =AQ115/AQ105 -> 0.01 | AS116: =AS115/AS105 -> 0.01 | AT116: =AT115/AT105 -> 0.01 | AV116: =AV115/AV105 -> 0.01 | AW116: =AW115/AW105 -> 0.01 | AY116: =AY115/AY105 -> 0.01 | AZ116: =AZ115/AZ105 -> 0.01
C118: =C$106*((C107+C107*((1-0.1)^5))/2) -> 7.95245 | D118: =D$106*((D107+D107*((1-0.1)^5))/2) -> 7.95245 | F118: =F$106*((F107+F107*((1-0.1)^5))/2) -> 6.043862 | G118: =G$106*((G107+G107*((1-0.1)^5))/2) -> 6.043862 | I118: =I$106*((I107+I107*((1-0.1)^5))/2) -> 8.747695 | J118: =J$106*((J107+J107*((1-0.1)^5))/2) -> 8.747695 | L118: =L$106*((L107+L107*((1-0.1)^5))/2) -> 7.95245 | M118: =M$106*((M107+M107*((1-0.1)^5))/2) -> 7.95245 | O118: =O$106*((O107+O107*((1-0.1)^5))/2) -> 9.54294 | P118: =P$106*((P107+P107*((1-0.1)^5))/2) -> 9.54294 | R118: =R$106*((R107+R107*((1-0.1)^5))/2) -> 9.065793 | S118: =S$106*((S107+S107*((1-0.1)^5))/2) -> 9.065793 | U118: =U$106*((U107+U107*((1-0.1)^5))/2) -> 9.861038 | V118: =V$106*((V107+V107*((1-0.1)^5))/2) -> 9.861038 | X118: =X$106*((X107+X107*((1-0.1)^5))/2) -> 5.725764 | Y118: =Y$106*((Y107+Y107*((1-0.1)^5))/2) -> 5.725764 | AA118: =AA$106*((AA107+AA107*((1-0.1)^5))/2) -> 6.36196 | AB118: =AB$106*((AB107+AB107*((1-0.1)^5))/2) -> 6.36196 | AD118: =AD$106*((AD107+AD107*((1-0.1)^5))/2) -> 6.043862 | AE118: =AE$106*((AE107+AE107*((1-0.1)^5))/2) -> 6.043862 | AG118: =AG$106*((AG107+AG107*((1-0.1)^5))/2) -> 10.338185 | AH118: =AH$106*((AH107+AH107*((1-0.1)^5))/2) -> 10.338185 | AJ118: =AJ$106*((AJ107+AJ107*((1-0.1)^5))/2) -> 6.998156 | AK118: =AK$106*((AK107+AK107*((1-0.1)^5))/2) -> 6.998156 | AM118: =AM$106*((AM107+AM107*((1-0.1)^5))/2) -> 4.453372 | AN118: =AN$106*((AN107+AN107*((1-0.1)^5))/2) -> 4.453372 | AP118: =AP$106*((AP107+AP107*((1-0.1)^5))/2) -> 4.135274 | AQ118: =AQ$106*((AQ107+AQ107*((1-0.1)^5))/2) -> 4.135274 | AS118: =AS$106*((AS107+AS107*((1-0.1)^5))/2) -> 4.135274 | AT118: =AT$106*((AT107+AT107*((1-0.1)^5))/2) -> 4.135274 | AV118: =AV$106*((AV107+AV107*((1-0.1)^5))/2) -> 15.9049 | AW118: =AW$106*((AW107+AW107*((1-0.1)^5))/2) -> 15.9049 | AY118: =AY$106*((AY107+AY107*((1-0.1)^5))/2) -> 11.928675 | AZ118: =AZ$106*((AZ107+AZ107*((1-0.1)^5))/2) -> 11.928675
C119: =C118/C105 -> 0.00795245 | D119: =D118/D105 -> 0.0061172692 | F119: =F118/F105 -> 0.006043862 | G119: =G118/G105 -> 0.0050365517 | I119: =I118/I105 -> 0.0076066913 | J119: =J118/J105 -> 0.0058317967 | L119: =L118/L105 -> 0.0066270417 | M119: =M118/M105 -> 0.0048196667 | O119: =O118/O105 -> 0.0070688444 | P119: =P118/P105 -> 0.00477147 | R119: =R118/R105 -> 0.0064755664 | S119: =S118/S105 -> 0.0050365517 | U119: =U118/U105 -> 0.00519002 | V119: =V118/V105 -> 0.0039444152 | X119: =X118/X105 -> 0.0049789252 | Y119: =Y118/Y105 -> 0.0040898314 | AA119: =AA118/AA105 -> 0.005089568 | AB119: =AB118/AB105 -> 0.0045442571 | AD119: =AD118/AD105 -> 0.0037774138 | AE119: =AE118/AE105 -> 0.003021931 | AG119: =AG118/AG105 -> 0.0057434361 | AH119: =AH118/AH105 -> 0.004494863 | AJ119: =AJ118/AJ105 -> 0.0046654373 | AK119: =AK118/AK105 -> 0.00368324 | AM119: =AM118/AM105 -> 0.00468776 | AN119: =AN118/AN105 -> 0.00318098 | AP119: =AP118/AP105 -> 0.00435292 | AQ119: =AQ118/AQ105 -> 0.0029537671 | AS119: =AS118/AS105 -> 0.0045947489 | AT119: =AT118/AT105 -> 0.0029537671 | AV119: =AV118/AV105 -> 0.00636196 | AW119: =AW118/AW105 -> 0.0051306129 | AY119: =AY118/AY105 -> 0.0043377 | AZ119: =AZ118/AZ105 -> 0.0037277109
A120: =AVERAGE(C120:AZ120) -> 0.004967442 | C120: =AVERAGE(C119:D119) -> 0.0070348596 | F120: =AVERAGE(F119:G119) -> 0.0055402068 | I120: =AVERAGE(I119:J119) -> 0.006719244 | L120: =AVERAGE(L119:M119) -> 0.0057233542 | O120: =AVERAGE(O119:P119) -> 0.0059201572 | R120: =AVERAGE(R119:S119) -> 0.005756059 | U120: =AVERAGE(U119:V119) -> 0.0045672176 | X120: =AVERAGE(X119:Y119) -> 0.0045343783 | AA120: =AVERAGE(AA119:AB119) -> 0.0048169126 | AD120: =AVERAGE(AD119:AE119) -> 0.0033996724 | AG120: =AVERAGE(AG119:AH119) -> 0.0051191496 | AJ120: =AVERAGE(AJ119:AK119) -> 0.0041743387 | AM120: =AVERAGE(AM119:AN119) -> 0.00393437 | AP120: =AVERAGE(AP119:AQ119) -> 0.0036533436 | AS120: =AVERAGE(AS119:AT119) -> 0.003774258 | AV120: =AVERAGE(AV119:AW119) -> 0.0057462865 | AY120: =AVERAGE(AY119:AZ119) -> 0.0040327055
C122: =C$106*((C110+C110*((1-0.1)^5))/2) -> 5.248617 | D122: =D$106*((D110+D110*((1-0.1)^5))/2) -> 5.248617 | F122: =F$106*((F110+F110*((1-0.1)^5))/2) -> 4.294323 | G122: =G$106*((G110+G110*((1-0.1)^5))/2) -> 4.294323 | I122: =I$106*((I110+I110*((1-0.1)^5))/2) -> 7.157205 | J122: =J$106*((J110+J110*((1-0.1)^5))/2) -> 7.157205 | L122: =L$106*((L110+L110*((1-0.1)^5))/2) -> 6.680058 | M122: =M$106*((M110+M110*((1-0.1)^5))/2) -> 6.680058 | O122: =O$106*((O110+O110*((1-0.1)^5))/2) -> 7.634352 | P122: =P$106*((P110+P110*((1-0.1)^5))/2) -> 7.634352 | R122: =R$106*((R110+R110*((1-0.1)^5))/2) -> 7.634352 | S122: =S$106*((S110+S110*((1-0.1)^5))/2) -> 7.634352 | U122: =U$106*((U110+U110*((1-0.1)^5))/2) -> 7.95245 | V122: =V$106*((V110+V110*((1-0.1)^5))/2) -> 7.95245 | X122: =X$106*((X110+X110*((1-0.1)^5))/2) -> 4.453372 | Y122: =Y$106*((Y110+Y110*((1-0.1)^5))/2) -> 4.453372 | AA122: =AA$106*((AA110+AA110*((1-0.1)^5))/2) -> 5.407666 | AB122: =AB$106*((AB110+AB110*((1-0.1)^5))/2) -> 5.407666 | AD122: =AD$106*((AD110+AD110*((1-0.1)^5))/2) -> 5.407666 | AE122: =AE$106*((AE110+AE110*((1-0.1)^5))/2) -> 5.407666 | AG122: =AG$106*((AG110+AG110*((1-0.1)^5))/2) -> 7.95245 | AH122: =AH$106*((AH110+AH110*((1-0.1)^5))/2) -> 7.95245 | AJ122: =AJ$106*((AJ110+AJ110*((1-0.1)^5))/2) -> 4.930519 | AK122: =AK$106*((AK110+AK110*((1-0.1)^5))/2) -> 4.930519 | AM122: =AM$106*((AM110+AM110*((1-0.1)^5))/2) -> 3.18098 | AN122: =AN$106*((AN110+AN110*((1-0.1)^5))/2) -> 3.18098 | AP122: =AP$106*((AP110+AP110*((1-0.1)^5))/2) -> 3.021931 | AQ122: =AQ$106*((AQ110+AQ110*((1-0.1)^5))/2) -> 3.021931 | AS122: =AS$106*((AS110+AS110*((1-0.1)^5))/2) -> 3.021931 | AT122: =AT$106*((AT110+AT110*((1-0.1)^5))/2) -> 3.021931 | AV122: =AV$106*((AV110+AV110*((1-0.1)^5))/2) -> 12.72392 | AW122: =AW$106*((AW110+AW110*((1-0.1)^5))/2) -> 12.72392 | AY122: =AY$106*((AY110+AY110*((1-0.1)^5))/2) -> 10.338185 | AZ122: =AZ$106*((AZ110+AZ110*((1-0.1)^5))/2) -> 10.338185
C123: =C122/C105 -> 0.005248617 | D123: =D122/D105 -> 0.0040373977 | F123: =F122/F105 -> 0.004294323 | G123: =G122/G105 -> 0.0035786025 | I123: =I122/I105 -> 0.0062236565 | J123: =J122/J105 -> 0.00477147 | L123: =L122/L105 -> 0.005566715 | M123: =M122/M105 -> 0.00404852 | O123: =O122/O105 -> 0.0056550756 | P123: =P122/P105 -> 0.003817176 | R123: =R122/R105 -> 0.0054531086 | S123: =S122/S105 -> 0.0042413067 | U123: =U122/U105 -> 0.0041855 | V123: =V122/V105 -> 0.00318098 | X123: =X122/X105 -> 0.0038724974 | Y123: =Y122/Y105 -> 0.00318098 | AA123: =AA122/AA105 -> 0.0043261328 | AB123: =AB122/AB105 -> 0.0038626186 | AD123: =AD122/AD105 -> 0.0033797913 | AE123: =AE122/AE105 -> 0.002703833 | AG123: =AG122/AG105 -> 0.0044180278 | AH123: =AH122/AH105 -> 0.003457587 | AJ123: =AJ122/AJ105 -> 0.0032870127 | AK123: =AK122/AK105 -> 0.00259501 | AM123: =AM122/AM105 -> 0.0033484 | AN123: =AN122/AN105 -> 0.0022721286 | AP123: =AP122/AP105 -> 0.00318098 | AQ123: =AQ122/AQ105 -> 0.0021585221 | AS123: =AS122/AS105 -> 0.0033577011 | AT123: =AT122/AT105 -> 0.0021585221 | AV123: =AV122/AV105 -> 0.005089568 | AW123: =AW122/AW105 -> 0.0041044903 | AY123: =AY122/AY105 -> 0.00375934 | AZ123: =AZ122/AZ105 -> 0.0032306828
A124: =AVERAGE(C124:AZ124) -> 0.0038837139 | C124: =AVERAGE(C123:D123) -> 0.0046430073 | F124: =AVERAGE(F123:G123) -> 0.0039364628 | I124: =AVERAGE(I123:J123) -> 0.0054975633 | L124: =AVERAGE(L123:M123) -> 0.0048076175 | O124: =AVERAGE(O123:P123) -> 0.0047361258 | R124: =AVERAGE(R123:S123) -> 0.0048472076 | U124: =AVERAGE(U123:V123) -> 0.00368324 | X124: =AVERAGE(X123:Y123) -> 0.0035267387 | AA124: =AVERAGE(AA123:AB123) -> 0.0040943757 | AD124: =AVERAGE(AD123:AE123) -> 0.0030418121 | AG124: =AVERAGE(AG123:AH123) -> 0.0039378074 | AJ124: =AVERAGE(AJ123:AK123) -> 0.0029410113 | AM124: =AVERAGE(AM123:AN123) -> 0.0028102643 | AP124: =AVERAGE(AP123:AQ123) -> 0.0026697511 | AS124: =AVERAGE(AS123:AT123) -> 0.0027581116 | AV124: =AVERAGE(AV123:AW123) -> 0.0045970292 | AY124: =AVERAGE(AY123:AZ123) -> 0.0034950114

Sheet Références Récolte Herbe
A1: Flash' Méca
A2: Références Récolte Herbe
A3: issues du Guide des Prix de revient 2023 et des Coûts Prévisionnels Indicatifs du matériel agricole 2023
C9: IVAN GPR | G9: PR GPR 2015 | K9: Coût chantier
A10: Opération | B10: Matériel | G10: Q1 | H10: m | I10: Q3 | K10: Q1 | O10: m | S10: Q3 | Z10: en € | AA10: en € | AB10: en % | AC10: en unité
AA11: actualisée
K12: Matériel | L12: + Traction | M12: + Carburant | N12: + Main d'œuvre | O12: Matériel | P12: + Traction | Q12: + Carburant | R12: + Main d'œuvre | S12: Matériel | T12: + Traction | U12: + Carburant | V12: + Main d'œuvre | Y12: Année d'achat | Z12: Valeur d'achat | AA12: Valeur d'achat | AB12: Taux de propriété | AC12: Utilisation
A13: Fauche | B13: F simple | C13: 71.179528 | D13: 107.84054 | E13: 134.99736 | F13: /ha | G13: 11.964577 | H13: 16.581782 | I13: 20.001998 | J13: /ha | K13: 11.964577 | L13: 19.373625 | M13: 24.565649 | N13: 35.451363 | O13: 16.581782 | P13: 23.99083 | Q13: 29.182854 | R13: 40.068568 | S13: 20.001998 | T13: 27.411046 | U13: 32.60307 | V13: 43.488784 | W13: /ha | Y13: ='Calcul FLASH''MECA'!B65 -> 0 | Z13: ='Calcul FLASH''MECA'!C65 -> 0 | AA13: =($C$73*Z13)/VLOOKUP(Y13,$A$27:$C$73,3) -> 0 | AB13: ='Calcul FLASH''MECA'!E65 -> 0 | AC13: ='Calcul FLASH''MECA'!H65 -> 0 | AD13: /ha
B14: F conditionneuse | C14: 110.38246 | D14: 160.44718 | E14: 204.8162 | F14: /ha | G14: 19.702143 | H14: 26.634974 | I14: 32.779081 | J14: /ha | K14: 19.702143 | L14: 28.230476 | M14: 34.650074 | N14: 44.400074 | O14: 26.634974 | P14: 35.163308 | Q14: 41.582906 | R14: 51.332906 | S14: 32.779081 | T14: 41.307414 | U14: 47.727013 | V14: 57.477013 | W14: /ha | Y14: ='Calcul FLASH''MECA'!B66 -> 0 | Z14: ='Calcul FLASH''MECA'!C66 -> 0 | AA14: =($C$73*Z14)/VLOOKUP(Y14,$A$27:$C$73,3) -> 0 | AB14: ='Calcul FLASH''MECA'!E66 -> 0 | AC14: ='Calcul FLASH''MECA'!H66 -> 0 | AD14: /ha
A15: Andainage | C15: 77.064258 | D15: 117.85813 | E15: 151.69773 | F15: /ha | G15: 9.4458813 | H15: 13.718193 | I15: 17.262189 | J15: /ha | K15: 9.4458813 | L15: 12.892346 | M15: 15.452831 | N15: 19.199584 | O15: 13.718193 | P15: 17.164657 | Q15: 19.725142 | R15: 23.471896 | S15: 17.262189 | T15: 20.708653 | U15: 23.269138 | V15: 27.015892 | W15: /ha | Y15: ='Calcul FLASH''MECA'!B67 -> 0 | Z15: ='Calcul FLASH''MECA'!C67 -> 0 | AA15: =($C$73*Z15)/VLOOKUP(Y15,$A$27:$C$73,3) -> 0 | AB15: ='Calcul FLASH''MECA'!E67 -> 0 | AC15: ='Calcul FLASH''MECA'!H67 -> 0 | AD15: /ha
A16: Fanage | C16: 63.045319 | D16: 96.89402 | E16: 127.61321 | F16: /ha | G16: 8.4360218 | H16: 11.980971 | I16: 15.198168 | J16: /ha | K16: 8.4360218 | L16: 12.972847 | M16: 16.294685 | N16: 22.118495 | O16: 11.980971 | P16: 16.517796 | Q16: 19.839634 | R16: 25.663444 | S16: 15.198168 | T16: 19.734993 | U16: 23.056831 | V16: 28.88064 | W16: /ha | Y16: ='Calcul FLASH''MECA'!B68 -> 0 | Z16: ='Calcul FLASH''MECA'!C68 -> 0 | AA16: =($C$73*Z16)/VLOOKUP(Y16,$A$27:$C$73,3) -> 0 | AB16: ='Calcul FLASH''MECA'!E68 -> 0 | AC16: ='Calcul FLASH''MECA'!H68 -> 0 | AD16: /ha
A17: Pressage | B17: P à balles rondes | C17: 13.519103 | D17: 20.299832 | E17: 27.829996 | F17: /ba | G17: 2.2658455 | H17: 2.975986 | I17: 3.7646143 | J17: /ba | K17: 2.9108455 | L17: 3.4302562 | M17: 3.800242 | N17: 4.3113134 | O17: 3.620986 | P17: 4.1403967 | Q17: 4.5103825 | R17: 5.021454 | S17: 4.4096143 | T17: 4.9290251 | U17: 5.2990108 | V17: 5.8100823 | W17: /ba | Y17: ='Calcul FLASH''MECA'!B69 -> 0 | Z17: ='Calcul FLASH''MECA'!C69 -> 0 | AA17: =($C$73*Z17)/VLOOKUP(Y17,$A$27:$C$73,3) -> 0 | AB17: ='Calcul FLASH''MECA'!E69 -> 0 | AC17: ='Calcul FLASH''MECA'!H69 -> 0 | AD17: /ba
B18: P à balles carrées | C18: 16.86665 | D18: 25.365389 | E18: 35.574756 | F18: /ba | G18: 3.1356497 | H18: 4.312533 | I18: 5.7262995 | J18: /ba | K18: 4.6156497 | L18: 5.2438164 | M18: 5.7533625 | N18: 6.3233625 | O18: 5.792533 | P18: 6.4206996 | Q18: 6.9302458 | R18: 7.5002458 | S18: 7.2062995 | T18: 7.8344661 | U18: 8.3440123 | V18: 8.9140123 | W18: /ba | Y18: ='Calcul FLASH''MECA'!B70 -> 0 | Z18: ='Calcul FLASH''MECA'!C70 -> 0 | AA18: =($C$73*Z18)/VLOOKUP(Y18,$A$27:$C$73,3) -> 0 | AB18: ='Calcul FLASH''MECA'!E70 -> 0 | AC18: ='Calcul FLASH''MECA'!H70 -> 0 | AD18: /ba
A19: Pressage-enrubannage | C19: 17.354314 | D19: 32.551596 | E19: 41.571581 | G19: 3.3131801 | H19: 5.4176602 | I19: 6.6667242 | J19: /ba | K19: 7.6731801 | L19: 8.2181801 | M19: 8.6905793 | N19: 9.1405793 | O19: 9.7776602 | P19: 10.32266 | Q19: 10.795059 | R19: 11.245059 | S19: 11.026724 | T19: 11.571724 | U19: 12.044123 | V19: 12.494123 | W19: /ba | Y19: ='Calcul FLASH''MECA'!B71 -> 0 | Z19: ='Calcul FLASH''MECA'!C71 -> 0 | AA19: =($C$73*Z19)/VLOOKUP(Y19,$A$27:$C$73,3) -> 0 | AB19: ='Calcul FLASH''MECA'!E71 -> 0 | AC19: ='Calcul FLASH''MECA'!H71 -> 0 | AD19: /ba
A20: Enrubannage | C20: 7.9242502 | D20: 12.990354 | E20: 16.572134 | F20: /ba | G20: 1.3460054 | H20: 1.9840467 | I20: 2.4351475 | J20: /ba | K20: 5.2560054 | L20: 6.7993387 | M20: 7.9305259 | N20: 9.7305259 | O20: 5.8940467 | P20: 7.43738 | Q20: 8.5685672 | R20: 10.368567 | S20: 6.3451475 | T20: 7.8884809 | U20: 9.0196681 | V20: 10.819668 | W20: /ba | Y20: ='Calcul FLASH''MECA'!B72 -> 0 | Z20: ='Calcul FLASH''MECA'!C72 -> 0 | AA20: =($C$73*Z20)/VLOOKUP(Y20,$A$27:$C$73,3) -> 0 | AB20: ='Calcul FLASH''MECA'!E72 -> 0 | AC20: ='Calcul FLASH''MECA'!H72 -> 0 | AD20: /ba
A21: Récolte | B21: Autochargeuse | C21: 405.09445 | D21: 583.26813 | E21: 705.91189 | F21: /ha | G21: 46.875234 | H21: 65.535229 | I21: 78.379617 | J21: /ha | K21: 46.875234 | L21: 64.124044 | M21: 77.345562 | N21: 91.76699 | O21: 65.535229 | P21: 82.784039 | Q21: 96.005556 | R21: 110.42699 | S21: 78.379617 | T21: 95.628426 | U21: 108.84994 | V21: 123.27137 | W21: /ha | Y21: ='Calcul FLASH''MECA'!B73 -> 0 | Z21: ='Calcul FLASH''MECA'!C73 -> 0 | AA21: =($C$73*Z21)/VLOOKUP(Y21,$A$27:$C$73,3) -> 0 | AB21: ='Calcul FLASH''MECA'!E73 -> 0 | AC21: ='Calcul FLASH''MECA'!H73 -> 0 | AD21: /ha
B22: Ensileuse | C22: 580.37146 | D22: 686.82235 | E22: 813.1787 | F22: /ha | G22: 104.54761 | H22: 118.69954 | I22: 135.49775 | J22: /ha | K22: 104.54761 | L22: 104.54761 | M22: 135.89698 | N22: 144.15916 | O22: 118.69954 | P22: 118.69954 | Q22: 150.0489 | R22: 158.31108 | S22: 135.49775 | T22: 135.49775 | U22: 166.84711 | V22: 175.1093 | W22: /ha | Y22: ='Calcul FLASH''MECA'!B74 -> 0 | Z22: ='Calcul FLASH''MECA'!C74 -> 0 | AA22: =($C$73*Z22)/VLOOKUP(Y22,$A$27:$C$73,3) -> 0 | AB22: ='Calcul FLASH''MECA'!E74 -> 0 | AC22: ='Calcul FLASH''MECA'!H74 -> 0 | AD22: /ha
H25: Indice mensuel des prix d'achat des moyens de production agricole (IPAMPA) - Matériel - Série arrêtée
A26: Indice IPAMPA Biens d'investissement / matériels agricoles | B26: Base 100 en 2005 | D26: Base 100 en 2010 | F26: Base 100 en 2015 | H26: Base 100 en 2015
A27: année | D27: en % | E27: coef. | F27: en % | G27: coef. | H27: en % | I27: coef.
A28: 0 | C28: 1
A29: 1980 | C29: 35.8
A30: 1981 | B30: =(C30-C29)/C29 -> 0.13407821 | C30: 40.6
A31: 1982 | B31: =(C31-C30)/C30 -> 0.14039409 | C31: 46.3
A32: 1983 | B32: =(C32-C31)/C31 -> 0.097192225 | C32: 50.8
A33: 1984 | B33: =(C33-C32)/C32 -> 0.070866142 | C33: 54.4
A34: 1985 | B34: =(C34-C33)/C33 -> 0.053308824 | C34: 57.3
A35: 1986 | B35: =(C35-C34)/C34 -> 0.052356021 | C35: 60.3
A36: 1987 | B36: =(C36-C35)/C35 -> 0.053067993 | C36: 63.5
A37: 1988 | B37: =(C37-C36)/C36 -> 0.042519685 | C37: 66.2
A38: 1989 | B38: =(C38-C37)/C37 -> 0.045317221 | C38: 69.2
A39: 1990 | B39: =(C39-C38)/C38 -> 0.040462428 | C39: 72
A40: 1991 | B40: =(C40-C39)/C39 -> 0.040277778 | C40: 74.9
A41: 1992 | B41: =(C41-C40)/C40 -> 0.024032043 | C41: 76.7
... A50: 2001 | B50: =(C50-C49)/C49 -> 0.016091954 | C50: 88.4
A51: 2002 | B51: =(C51-C50)/C50 -> 0.021493213 | C51: 90.3 | AA51: 1.0975093
A52: 2003 | B52: =(C52-C51)/C51 -> 0.021040975 | C52: 92.2 | AA52: 9.2592777
A53: 2004 | B53: =(C53-C52)/C52 -> 0.050976139 | C53: 96.9
A54: 2005 | B54: =(C54-C53)/C53 -> 0.031991744 | C54: 100 | E54: 87.39102 | G54: 82.2 | I54: 82.225 | Z54: 82 | AA54: =Z54*AA$51+AA$52 -> 99.255041
A55: 2006 | B55: =(C55-C54)/C54 -> 0.013 | C55: 101.3 | D55: 0.011699217 | E55: 88.560942 | G55: 83.2 | I55: 83.191667 | Z55: 84.3 | AA55: =Z55*AA$51+AA$52 -> 101.77931
A56: 2007 | B56: =(C56-C55)/C55 -> 0.025666338 | C56: 103.9 | D56: 0.024806491 | E56: 91.041591 | G56: 85.2 | I56: 85.233333 | Z56: 87.2 | AA56: =Z56*AA$51+AA$52 -> 104.96209
A57: 2008 | B57: =(C57-C56)/C56 -> 0.048123195 | C57: 108.9 | D57: 0.044772045 | E57: 95.518795 | G57: 89.1 | I57: 89.066667 | Z57: 92.1 | AA57: =Z57*AA$51+AA$52 -> 110.33988
A58: 2009 | B58: =(C58-C57)/C57 -> 0.037649219 | C58: 113 | D58: 0.036407978 | E58: 99.159593 | G58: 92.3 | I58: 92.316667 | Z58: 92.5 | AA58: =Z58*AA$51+AA$52 -> 110.77889
A59: 2010 | B59: =(C59-C58)/C58 -> 0.0053097345 | C59: 113.6 | D59: 0.0084040676 | E59: 100 | G59: 93.1 | I59: 93.1 | Z59: 94.4 | AA59: =Z59*AA$51+AA$52 -> 112.86416
A60: 2011 | B60: =(C60-C59)/C59 -> 0.017605634 | C60: 115.6 | D60: 0.016751396 | E60: 101.67514 | G60: 94.7 | I60: 94.675 | Z60: 97.4 | AA60: =Z60*AA$51+AA$52 -> 116.15668
A61: 2012 | B61: =(C61-C60)/C60 -> 0.01384083 | C61: 117.2 | D61: 0.014344262 | E61: 103.10957 | G61: 96 | I61: 96.016667 | Z61: 98.5 | AA61: =Z61*AA$51+AA$52 -> 117.36394
A62: 2013 | B62: =(C62-C61)/C61 -> 0.024496246 | C62: 120.07096 | D62: 0.023111111 | E62: 105.42068 | G62: 98.2 | I62: 98.191667 | Z62: 99.6 | AA62: =Z62*AA$51+AA$52 -> 118.5712
A63: 2014 | B63: =(C63-C62)/C62 -> 0.010388024 | C63: 121.31826 | D63: 0.0094771758 | E63: 106.36839 | G63: 99.2 | I63: 99.225 | Z63: 99.9 | AA63: =Z63*AA$51+AA$52 -> 118.90046
A64: 2015 | B64: =(C64-C63)/C63 -> 0.0082249778 | C64: 122.3161 | D64: 0.0065006188 | E64: 107.01846 | G64: 100 | I64: 100 | Z64: 100 | AA64: =Z64*AA$51+AA$52 -> 119.01021
A65: 2016 | B65: =(C65-C64)/C64 -> 0.0091776144 | C65: 123.43867 | G65: 100.9 | I65: 100.89167 | Z65: 100.4 | AA65: =Z65*AA$51+AA$52 -> 119.44921
A66: 2017 | B66: =(C66-C65)/C65 -> 0.018188304 | C66: 125.68381 | G66: 102.7 | I66: 102.68333 | Z66: 102.7 | AA66: =Z66*AA$51+AA$52 -> 121.97348
A67: 2018 | B67: =(C67-C66)/C66 -> 0.030764742 | C67: 129.55044 | G67: 105.8 | I67: 105.84167
A68: 2019 | B68: =(C68-C67)/C67 -> 0.022384891 | C68: =AA85 -> 132.45041 | I68: 108.125 | AA68: =1.2473 -> 1.2473
A69: 2020 | B69: =(C69-C68)/C68 -> 0.01593061 | C69: =AA86 -> 134.56043 | I69: 109.81667 | AA69: -2.4139
A70: 2021 | B70: =(C70-C69)/C69 -> 0.028426287 | C70: =AA87 -> 138.38548 | I70: 112.88333
A71: 2022 | B71: =(C71-C70)/C70 -> 0.074884909 | C71: =AA88 -> 148.74847 | I71: 121.19167 | Z71: 82.2 | AA71: =AA$68*Z71+AA$69 -> 100.11416
A72: 2023 | B72: =(C72-C71)/C71 -> 0.074209875 | C72: =AA89 -> 159.78707 | I72: 130.04167 | Z72: 83.2 | AA72: =AA$68*Z72+AA$69 -> 101.36146
A73: 2024 | B73: =(C73-C72)/C72 -> 0.0013325807 | C73: 160 | Z73: 85.2 | AA73: =AA$68*Z73+AA$69 -> 103.85606
Z74: 89.1 | AA74: =AA$68*Z74+AA$69 -> 108.72053
Z75: 92.3 | AA75: =AA$68*Z75+AA$69 -> 112.71189
Z76: 93.1 | AA76: =AA$68*Z76+AA$69 -> 113.70973
Z77: 94.7 | AA77: =AA$68*Z77+AA$69 -> 115.70541
Z78: 96 | AA78: =AA$68*Z78+AA$69 -> 117.3269
Z79: 98.2 | AA79: =AA$68*Z79+AA$69 -> 120.07096
Z80: 99.2 | AA80: =AA$68*Z80+AA$69 -> 121.31826
Z81: 100 | AA81: =AA$68*Z81+AA$69 -> 122.3161
Z82: 100.9 | AA82: =AA$68*Z82+AA$69 -> 123.43867
Z83: 102.7 | AA83: =AA$68*Z83+AA$69 -> 125.68381
Z84: 105.8 | AA84: =AA$68*Z84+AA$69 -> 129.55044
Z85: =I68 -> 108.125 | AA85: =AA$68*Z85+AA$69 -> 132.45041
Z86: =I69 -> 109.81667 | AA86: =AA$68*Z86+AA$69 -> 134.56043
Z87: =I70 -> 112.88333 | AA87: =AA$68*Z87+AA$69 -> 138.38548
Z88: =I71 -> 121.19167 | AA88: =AA$68*Z88+AA$69 -> 148.74847
Z89: =I72 -> 130.04167 | AA89: =AA$68*Z89+AA$69 -> 159.78707
Z91: Base 100 en 2015 | AA91: Base 100 en 2005
Z92: réel | AA92: calculé

Sheet Références Récolte COP
A1: Flash' Méca
A2: Références Récolte COP
A3: issues du Guide des Prix de revient 2023 et des Coûts Prévisionnels Indicatifs du matériel agricole 2023
C9: IVAN GPR | G9: PR GPR 2015 | K9: Coût chantier
A10: Opération | B10: Matériel | G10: Q1 | H10: m | I10: Q3 | K10: Q1 | O10: m | S10: Q3 | Z10: en € | AA10: en € | AB10: en % | AC10: en unité
AA11: actualisée
K12: Matériel | L12: + Traction | M12: + Carburant | N12: + Main d'œuvre | O12: Matériel | P12: + Traction | Q12: + Carburant | R12: + Main d'œuvre | S12: Matériel | T12: + Traction | U12: + Carburant | V12: + Main d'œuvre | Y12: Année d'achat | Z12: Valeur d'achat | AA12: Valeur d'achat | AB12: Taux de propriété | AC12: Utilisation
A13: Récolte | B13: COP | C13: 568.45158 | D13: 750.71424 | E13: 946.91996 | F13: /ha | G13: 64.452447 | H13: 79.783804 | I13: 96.288007 | J13: /ha | K13: 64.452447 | L13: 64.452447 | M13: 84.0945 | N13: 91.624704 | O13: 79.783804 | P13: 79.783804 | Q13: 99.425857 | R13: 106.95606 | S13: 96.288007 | T13: 96.288007 | U13: 115.93006 | V13: 123.46026 | W13: /ha | Y13: ='Calcul FLASH''MECA'!B65 -> 0 | Z13: ='Calcul FLASH''MECA'!C65 -> 0 | AA13: =($C$76*Z13)/VLOOKUP(Y13,$A$20:$C$76,3) -> 0 | AB13: ='Calcul FLASH''MECA'!E65 -> 0 | AC13: ='Calcul FLASH''MECA'!H65 -> 0 | AD13: /ha
F14: /ha | J14: /ha | W14: /ha | Y14: ='Calcul FLASH''MECA'!B73 -> 0 | Z14: ='Calcul FLASH''MECA'!C73 -> 0 | AA14: =($C$76*Z14)/VLOOKUP(Y14,$A$20:$C$76,3) -> 0 | AB14: ='Calcul FLASH''MECA'!E73 -> 0 | AC14: ='Calcul FLASH''MECA'!H73 -> 0 | AD14: /ha
F15: /ha | J15: /ha | W15: /ha | Y15: ='Calcul FLASH''MECA'!B74 -> 0 | Z15: ='Calcul FLASH''MECA'!C74 -> 0 | AA15: =($C$76*Z15)/VLOOKUP(Y15,$A$20:$C$76,3) -> 0 | AB15: ='Calcul FLASH''MECA'!E74 -> 0 | AC15: ='Calcul FLASH''MECA'!H74 -> 0 | AD15: /ha
A19: Indice IPAMPA Biens d'investissement / matériels agricoles | B19: Base 100 en 2005 | D19: Base 100 en 2010 | F19: Base 100 en 2015
A20: année | D20: en % | E20: coef. | F20: en % | G20: coef.
A21: 0 | C21: 1
A22: 1970 | C22: =C23-R$32 -> 35.8
A23: 1971 | C23: =C24-R$32 -> 35.8
A24: 1972 | C24: =C25-R$32 -> 35.8
A25: 1973 | C25: =C26-R$32 -> 35.8
A26: 1974 | C26: =C27-R$32 -> 35.8
A27: 1975 | C27: =C28-R$32 -> 35.8
A28: 1976 | C28: =C29-R$32 -> 35.8
A29: 1977 | C29: =C30-R$32 -> 35.8
A30: 1978 | C30: =C31-R$32 -> 35.8
A31: 1979 | C31: =C32-R$32 -> 35.8
A32: 1980 | C32: 35.8
A33: 1981 | B33: =(C33-C32)/C32 -> 0.13407821 | C33: 40.6
A34: 1982 | B34: =(C34-C33)/C33 -> 0.14039409 | C34: 46.3
A35: 1983 | B35: =(C35-C34)/C34 -> 0.097192225 | C35: 50.8
A36: 1984 | B36: =(C36-C35)/C35 -> 0.070866142 | C36: 54.4
A37: 1985 | B37: =(C37-C36)/C36 -> 0.053308824 | C37: 57.3
A38: 1986 | B38: =(C38-C37)/C37 -> 0.052356021 | C38: 60.3
A39: 1987 | B39: =(C39-C38)/C38 -> 0.053067993 | C39: 63.5
A40: 1988 | B40: =(C40-C39)/C39 -> 0.042519685 | C40: 66.2
A41: 1989 | B41: =(C41-C40)/C40 -> 0.045317221 | C41: 69.2
A42: 1990 | B42: =(C42-C41)/C41 -> 0.040462428 | C42: 72
A43: 1991 | B43: =(C43-C42)/C42 -> 0.040277778 | C43: 74.9
A44: 1992 | B44: =(C44-C43)/C43 -> 0.024032043 | C44: 76.7
... A46: 1994 | B46: =(C46-C45)/C45 -> 0.02173913 | C46: 79.9
A47: 1995 | B47: =(C47-C46)/C46 -> 0.02252816 | C47: 81.7 | G47: 82.2
A48: 1996 | B48: =(C48-C47)/C47 -> 0.022031824 | C48: 83.5 | G48: 83.2
A49: 1997 | B49: =(C49-C48)/C48 -> 0.011976048 | C49: 84.5 | G49: 85.2
A50: 1998 | B50: =(C50-C49)/C49 -> 0.010650888 | C50: 85.4 | G50: 89.1
A51: 1999 | B51: =(C51-C50)/C50 -> 0.0093676815 | C51: 86.2 | G51: 92.3
A52: 2000 | B52: =(C52-C51)/C51 -> 0.0092807425 | C52: 87 | G52: 93.1
A53: 2001 | B53: =(C53-C52)/C52 -> 0.016091954 | C53: 88.4 | G53: 94.7
A54: 2002 | B54: =(C54-C53)/C53 -> 0.021493213 | C54: 90.3 | G54: 96
A55: 2003 | B55: =(C55-C54)/C54 -> 0.021040975 | C55: 92.2 | G55: 98.2
A56: 2004 | B56: =(C56-C55)/C55 -> 0.050976139 | C56: 96.9 | G56: 99.2
A57: 2005 | B57: 0.031991744 | C57: 100 | E57: 87.39102 | G57: 100
A58: 2006 | B58: 0.013 | C58: 101.3 | D58: 0.011699217 | E58: 88.560942 | G58: 100.9
A59: 2007 | B59: 0.025666338 | C59: 103.9 | D59: 0.024806491 | E59: 91.041591 | G59: 102.7
A60: 2008 | B60: 0.048123195 | C60: 108.9 | D60: 0.044772045 | E60: 95.518795 | G60: 105.8
A61: 2009 | B61: 0.037649219 | C61: 113 | D61: 0.036407978 | E61: 99.159593 | G61: 92.3
A62: 2010 | B62: 0.0053097345 | C62: 113.6 | D62: 0.0084040676 | E62: 100 | G62: 93.1
A63: 2011 | B63: 0.017605634 | C63: 115.6 | D63: 0.016751396 | E63: 101.67514 | G63: 94.7
A64: 2012 | B64: 0.01384083 | C64: 117.2 | D64: 0.014344262 | E64: 103.10957 | G64: 96
A65: 2013 | B65: 0.024496246 | C65: 120.07096 | D65: 0.023111111 | E65: 105.42068 | G65: 98.2
A66: 2014 | B66: 0.010388024 | C66: 121.31826 | D66: 0.0094771758 | E66: 106.36839 | G66: 99.2
A67: 2015 | B67: 0.0082249778 | C67: 122.3161 | D67: 0.0065006188 | E67: 107.01846 | G67: 100
A68: 2016 | B68: 0.0091776144 | C68: 123.43867 | G68: 100.9
A69: 2017 | B69: 0.018188304 | C69: 125.68381 | G69: 102.7
A70: 2018 | B70: 0.030764742 | C70: 129.55044 | G70: 105.8
A71: 2019 | B71: 0.022384891 | C71: 132.45041 | G71: 108.125
A72: 2020 | B72: 0.01593061 | C72: 134.56043 | G72: 109.81667
A73: 2021 | B73: 0.028426287 | C73: 138.38548 | G73: 112.88333
A74: 2022 | B74: 0.074884909 | C74: 148.74847 | G74: 121.19167
A75: 2023 | B75: 0.074209875 | C75: 159.78707 | G75: 130.04167
A76: 2024 | B76: 0.0013325807 | C76: 160

Sheet Calcul FLASH'MECA
A1: Diagnostic FLASH'MECA / Quelques repères pour situer votre niveau de charges de mécanisation
U2: Type d'EA
A3: Légende de positionnement du ratio calculé (voir colonne Résultats)
A4: valeur inférieure à la moyenne observée pour la population de référence | B4: < 50%
A6: valeur comprise entre la moyenne et le quartile supérieur | B6: 50 à 75% | T6: Exploitation grandes cultures
A7: valeur relevée parmi les 25% les plus élevées | B7: > 75% | E7: "jaune" / Cellule à renseigner | T7: 1 | U7: Grandes cultures | V7: conventionnel | W7: & faible potentiel / labour | X7: Plateaux de Bourgogne | AA7: MAJ 2020-2021
T8: 2 | U8: Grandes cultures | V8: conventionnel | W8: & faible potentiel / non-labour | X8: Plateaux de Bourgogne | AA8: MAJ 2020-2021
P9: OCMECA BFC | T9: 15 | U9: Grandes cultures | V9: BIO | W9: & faible potentiel | X9: Plateaux de Bourgogne | AA9: MAJ 2020-2021
B10: Données | N10: Résultats | P10: Références | T10: 3 | U10: Grandes cultures | V10: conventionnel | W10: & fort potentiel | X10: Zones de Plaines, Vallées | AA10: MAJ 2016-2017
P11: ='Classement EA'!$B$6 -> #N/A | T11: 16 | U11: Grandes cultures | V11: BIO | W11: & fort potentiel | X11: Zones de Plaines, Vallées | AA11: MAJ 2022-2023
P12: ='Classement EA'!$B$7 -> #N/A | T12: 4 | U12: Grandes cultures | V12: conventionnel | W12: + BS / cultures industrielles | X12: Zones de Plaines, Vallées | AA12: MAJ 2018
P13: ='Classement EA'!$B$8 -> #N/A | T13: 5 | U13: Grandes cultures | V13: conventionnel | W13: + cultures particulières | X13: (petits fruits, porte-graines, …) | AA13: MAJ 2018
A15: Critères de "positionnement" de l'exploitation
A17: SAU | M17: ha | T17: Exploitation polyculture - élevage
A18: Surface en cultures | M18: ha | N18: =L18/L17*100 -> #DIV/0! | O18: % | Q18: ='Classement EA'!C13 -> #N/A | R18: % | T18: 6 | U18: Grandes cultures | V18: conventionnel | W18: + atelier hors-sol | X18: (porcs ou volailles) ou vigne | AA18: MAJ 2018
A19: Surface labourée | M19: ha | N19: =L19/L18*100 -> #DIV/0! | O19: % | Q19: ='Classement EA'!C14 -> #N/A | R19: % | T19: 7 | U19: Grandes cultures | V19: conventionnel | W19: + production laitière | X19: Saône & Loire | AA19: MAJ 2018
A20: Rendement moyen en blé | M20: qx/ha | N20: =L20 -> 0 | O20: qx/ha | Q20: ='Classement EA'!C15 -> #N/A | R20: qx/ha | T20: 8 | U20: Grandes cultures | V20: conventionnel | W20: + bovins viande / ovins | X20: Puisaye | AA20: MAJ 2020-2021
A21: Cultures industrielles (Betteraves sucrières, oignons, ...) | M21: ha | N21: =L21/L17*100 -> #DIV/0! | O21: % | Q21: ='Classement EA'!C16 -> #N/A | R21: % | T21: 9 | U21: Production laitière dominante | V21: conventionnel | W21: + grandes cultures | X21: Saône & Loire | AA21: MAJ 2018
A22: SFP | M22: ha | N22: =L22/L17*100 -> #DIV/0! | O22: % | Q22: ='Classement EA'!C17 -> #N/A | R22: % | T22: 10 | U22: Bovins viande / ovins | V22: conventionnel | W22: + grandes cultures | X22: Puisaye | AA22: MAJ 2022-2023
A23: Surface en maïs ensilage | M23: ha | N23: =IF(L22=0,0,((L23/L22)*100)) -> 0 | O23: % | Q23: ='Classement EA'!C18 -> #N/A | R23: % | T23: 11 | U23: Bovins viande / ovins / caprins | V23: conventionnel | W23: en zone hérbagère | X23: Auxois, Morvan, Charolais | AA23: MAJ 2018
A24: Surface en prairie temporaire | M24: ha | N24: =IF(L22=0,0,((L24/L22)*100)) -> 0 | O24: % | Q24: ='Classement EA'!C19 -> #N/A | R24: % | T24: 12 | U24: Bovins viande / ovins / caprins | V24: conventionnel | W24: en zone herbagère / extensif | X24: Morvan, Charolais | AA24: MAJ 2018
A25: Quota laitier | M25: litres | N25: =IF(L22=0,0,(L25/L22)) -> 0 | O25: l/ha SFP | Q25: ='Classement EA'!C20 -> #N/A | R25: l/ha SFP | T25: 17 | U25: Bovins viande / ovins / caprins | V25: BIO | W25: en zone herbagère / extensif | X25: Morvan, Charolais | AA25: MAJ 2019-2020
A26: STH | M26: ha | N26: =(L26/L17)*100 -> #DIV/0! | O26: % | Q26: ='Classement EA'!C21 -> #N/A | R26: % | T26: 13 | U26: Production laitière (Lait à Comté) | V26: conventionnel | W26: + céréales autoconsommées | X26: Doubs & Jura | AA26: MAJ 2018-2019
A27: Produits des activités (Aides compensatoires comprises) | M27: €/an | N27: =L27/L17 -> #DIV/0! | O27: €/ha SAU | Q27: ='Classement EA'!C22 -> #N/A | R27: €/ha SAU | T27: 14 | U27: Production laitière (Lait à Comté) | V27: conventionnel | W27: "100% herbe" | X27: Doubs & Jura | AA27: MAJ 2018-2019
A28: Main d'œuvre | M28: UMO | N28: =L17/L28 -> #DIV/0! | O28: ha/UMO | Q28: ='Classement EA'!C23 -> #N/A | R28: ha/UMO
A31: Poste "Traction"
A33: Tracteurs + Automoteurs de manutention et/ou pulvérisation | B33: Tracteurs | J33: Automoteurs
A34: Age (Nombre d'heures au compteur) | M34: h | AX34: max | AY34: moy | BA34: max | BB34: moy
A35: Taux de propriété | M35: % | AK35: 0.5 | AL35: 0.25 | AM35: 0.25 | AO35: 0.5 | AP35: 0.25 | AQ35: 0.25
A36: Puissance | M36: ch | AR36: =SUM(AQ36:AQ45) -> 15 | AS36: =AR36/AR$139 -> 0.3125
A37: Puissance de traction (en ch /ha de SAU) | B37: =(IF(B34<10001,B36*0.75,1)*IF(B34<6001,0,1))+IF(B34<6001,B36,0)+IF(B34>10000,B36*0.5,0) -> 0 | C37: =(IF(C34<10001,C36*0.75,1)*IF(C34<6001,0,1))+IF(C34<6001,C36,0)+IF(C34>10000,C36*0.5,0) -> 0 | D37: =(IF(D34<10001,D36*0.75,1)*IF(D34<6001,0,1))+IF(D34<6001,D36,0)+IF(D34>10000,D36*0.5,0) -> 0 | E37: =(IF(E34<10001,E36*0.75,1)*IF(E34<6001,0,1))+IF(E34<6001,E36,0)+IF(E34>10000,E36*0.5,0) -> 0 | F37: =(IF(F34<10001,F36*0.75,1)*IF(F34<6001,0,1))+IF(F34<6001,F36,0)+IF(F34>10000,F36*0.5,0) -> 0 | G37: =(IF(G34<10001,G36*0.75,1)*IF(G34<6001,0,1))+IF(G34<6001,G36,0)+IF(G34>10000,G36*0.5,0) -> 0 | H37: =(IF(H34<10001,H36*0.75,1)*IF(H34<6001,0,1))+IF(H34<6001,H36,0)+IF(H34>10000,H36*0.5,0) -> 0 | I37: =(IF(I34<10001,I36*0.75,1)*IF(I34<6001,0,1))+IF(I34<6001,I36,0)+IF(I34>10000,I36*0.5,0) -> 0 | N37: =(((B35*B37/100)+(C35*C37/100)+(D35*D37/100)+(E35*E37/100)+(F35*F37/100)+(G35*G37/100)+(H35*H37/100)+(I35*I37/100))+(((J35*J36/100)+(K35*K36/100))/2))/L17 -> #DIV/0! | O37: ch/ha | P37: ='Classement EA'!B32 -> < | Q37: ='Classement EA'!C32 -> #N/A | R37: ch /ha de SAU | T37: ='Classement EA'!D32 -> #N/A | AD37: =IF(N37<=Q37,0,1)+IF(N37<=T37,0,1) -> #DIV/0! | AE37: =IF(AD37=1,AD37+2,0)+IF(AD37=2,AD37+6,0) -> #DIV/0! | AG37: =A37 -> Puissance de traction (en ch /ha de SAU) | AK37: 0 | AL37: 1 | AM37: 2 | AO37: 0 | AP37: 2 | AQ37: 8 | AU37: 6 | AV37: 2 | AX37: 6 | AY37: 3 | BA37: 2 | BB37: 1
A39: Nombre de tracteurs | B39: =IF(B35>49,1,0)+IF(C35>49,1,0)+IF(D35>49,1,0)+IF(E35>49,1,0)+IF(F35>49,1,0)+IF(G35>49,1,0)+IF(H35>49,1,0)+IF(I35>49,1,0) -> 0 | C39: Tracteurs | J39: =IF(J35<>0,1,0)+IF(K35<>0,1,0) -> 0 | K39: Automoteurs
A40: Nombre d'heures effectuées à l'année | M40: h
A41: Utilisation annuelle des tracteurs
A42: en nombre d'heures effectuées à l'année /tracteur | N42: =SUM(B40:I40)/(B39) -> #DIV/0! | O42: h/tracteur | P42: ='Classement EA'!B36 -> > | Q42: ='Classement EA'!C36 -> #N/A | R42: heures /tracteur | T42: ='Classement EA'!D36 -> #N/A | AD42: =IF(N42>=Q42,0,1)+IF(N42>=T42,0,1) -> #DIV/0! | AE42: =IF(AD42=1,AD42,0)+IF(AD42=2,AD42,0) -> #DIV/0! | AG42: =A41 -> Utilisation annuelle des tracteurs | AK42: 0 | AL42: 1 | AM42: 2 | AO42: 0 | AP42: 1 | AQ42: 2 | AU42: 1 | AV42: 1 | AX42: 4 | AY42: 1 | BA42: 2 | BB42: 1
A43: en nombre d'heures effectuées à l'année /ha de SAU | N43: =SUM(B40:K40)/L17 -> #DIV/0! | O43: h/ha | P43: ='Classement EA'!B37 -> < | Q43: ='Classement EA'!C37 -> #N/A | R43: heures /ha | T43: ='Classement EA'!D37 -> #N/A | AD43: =IF(N43<=Q43,0,1)+IF(N43<=T43,0,1) -> #DIV/0! | AE43: =IF(AD43=1,AD43,0)+IF(AD43=2,AD43+3,0) -> #DIV/0! | AG43: =A41 -> Utilisation annuelle des tracteurs | AK43: 0 | AL43: 1 | AM43: 2 | AO43: 0 | AP43: 1 | AQ43: 5 | AU43: 1 | AV43: 1 | AX43: 4 | AY43: 1 | BA43: 2 | BB43: 1
A46: Poste "Récolte"
A48: Module Récolte des COP
A49: avec Matériel en propriété ou co-propriété
A50: Moissonneuse-batteuse
A51: Age (Nombre d'heures au compteur) | C51: heures
A52: Taux de propriété | C52: %
A53: Puissance | C53: ch
A54: Nombre d'heures effectuées à l'année | C54: heures /an
A55: Surface récoltée en "été" | C55: ha de blé-orge-colza
C56: ha de blé-orge-colza en prestations de service | AR56: =SUM(AQ56:AQ77) -> 10 | AS56: =AR56/AR$139 -> 0.20833333
A57: Puissance de récolte (ch /ha récolté en été) | B57: =(IF(B51<2001,B53*0.75,1)*IF(B51<1201,0,1))+IF(B51<1201,B53,0)+IF(B51>2000,B53*0.5,0) -> 0 | N57: =(B57*B52/100)/(SUM(B55:B56)+0.00001) -> 0 | O57: ch/ha | P57: ='Classement EA'!B47 -> < | Q57: =IF(N57=0,0,'Classement EA'!C47) -> 0 | R57: ch/ha | T57: ='Classement EA'!D47 -> #N/A | U57: =SUM(N57,N61) -> 0 | AA57: =IF(N57<=Q57,0,1)+IF(N57<=T57,0,1) -> #N/A | AD57: =SUM(AA57,AA61) -> #N/A | AE57: =(IF(AD57=1,AD57+1,0)+IF(AD57=2,AD57+3,0))*IF(U65=0,2,1) -> #N/A | AG57: =A48 -> Module Récolte des COP | AK57: 0 | AL57: 1 | AM57: 2 | AO57: 0 | AP57: 2 | AQ57: 5 | AU57: 5 | AV57: 2 | AX57: 5 | AY57: 2 | BA57: 2 | BB57: 1
B59: Coût (en €/an)
A60: en Prestation de service | B60: *MB | D60: ***+C | E60: Coût total avec MO | H60: Surface réalisée
A61: Récolte céréales | F61: /an | G61: =COUNTIF(B61:E61,">0") -> 0 | I61: ha | K61: =H61 -> 0 | L61: =IF(K61=0,0,H61/K61) -> 0 | N61: =IF(H61="",0,SUM(B61,D61:E61)*IF(G61=1,1,0)/H61) -> 0 | O61: €/ha | P61: < | Q61: =(IF($B61>0,'Références Récolte COP'!S13,0)+IF($D61>0,'Références Récolte COP'!U13,0)+IF($E61>0,'Références Récolte COP'!V13,0))*IF($G61=1,1,0) -> 0 | R61: €/ha | T61: =(IF($B61>0,'Références Récolte COP'!O13,0)+IF($D61>0,'Références Récolte COP'!Q13,0)+IF($E61>0,'Références Récolte COP'!R13,0))*IF($G61=1,1,0) -> 0 | AA61: =IF(N61<=Q61,0,1)+IF(N61<=T61,0,1) -> 0
A63: Module Récolte de l'herbe
A64: avec Matériel en propriété ou co-propriété | B64: Année d'achat | C64: Valeur d'achat | E64: Taux de propriété | H64: Utilisation
A65: Faucheuse simple | I65: ha | K65: =H65+H78 -> 0 | L65: =IF(K65=0,0,H65/K65) -> 0 | N65: =IF(C65>0,'Références Récolte Herbe'!AA13/H65*E65,0) -> 0 | O65: €/ha | P65: < | Q65: =IF(C65>0,'Références Récolte Herbe'!E13,0) -> 0 | R65: €/ha | T65: =IF($C65>0,'Références Récolte Herbe'!D13,0) -> 0 | U65: =SUM(N65,N66,N67,N68,N69,N70,N71,N72,N73,N74,N78,N79,N80,N81,N82,N83,N84,N85,N86,N87) -> 0 | X65: =Y65*L65 -> 0 | Y65: =IF(H65>0,1,0) -> 0 | Z65: =AA65*L65 -> 0 | AA65: =IF(N65<=Q65,0,1)+IF(N65<=T65,0,1) -> 0
A66: Faucheuse conditionneuse | I66: ha | K66: =H66+H79 -> 0 | L66: =IF(K66=0,0,H66/K66) -> 0 | N66: =IF(C66>0,'Références Récolte Herbe'!AA14/H66*E66,0) -> 0 | O66: €/ha | P66: < | Q66: =IF($C66>0,'Références Récolte Herbe'!E14,0) -> 0 | R66: €/ha | T66: =IF($C66>0,'Références Récolte Herbe'!D14,0) -> 0 | X66: =Y66*L66 -> 0 | Y66: =IF(H66>0,1,0) -> 0 | Z66: =AA66*L66 -> 0 | AA66: =IF(N66<=Q66,0,1)+IF(N66<=T66,0,1) -> 0
A67: Faneuse | I67: ha | K67: =H67+H80 -> 0 | L67: =IF(K67=0,0,H67/K67) -> 0 | N67: =IF(C67>0,'Références Récolte Herbe'!AA15/H67*E67,0) -> 0 | O67: €/ha | P67: < | Q67: =IF(C67>0,'Références Récolte Herbe'!E15,0) -> 0 | R67: €/ha | T67: =IF($C67>0,'Références Récolte Herbe'!D15,0) -> 0 | X67: =Y67*L67 -> 0 | Y67: =IF(H67>0,1,0) -> 0 | Z67: =AA67*L67 -> 0 | AA67: =IF(N67<=Q67,0,1)+IF(N67<=T67,0,1) -> 0
A68: Andaineur | I68: ha | K68: =H68+H81 -> 0 | L68: =IF(K68=0,0,H68/K68) -> 0 | N68: =IF(C68>0,'Références Récolte Herbe'!AA16/H68*E68,0) -> 0 | O68: €/ha | P68: < | Q68: =IF(C68>0,'Références Récolte Herbe'!E16,0) -> 0 | R68: €/ha | T68: =IF($C68>0,'Références Récolte Herbe'!D16,0) -> 0 | X68: =Y68*L68 -> 0 | Y68: =IF(H68>0,1,0) -> 0 | Z68: =AA68*L68 -> 0 | AA68: =IF(N68<=Q68,0,1)+IF(N68<=T68,0,1) -> 0
A69: Presse à balles rondes | I69: ba | K69: =H69+H82 -> 0 | L69: =IF(K69=0,0,H69/K69) -> 0 | N69: =IF(C69>0,'Références Récolte Herbe'!AA17/H69*E69,0) -> 0 | O69: €/ba | P69: < | Q69: =IF(C69>0,'Références Récolte Herbe'!E17,0) -> 0 | R69: €/ba | T69: =IF($C69>0,'Références Récolte Herbe'!D17,0) -> 0 | X69: =Y69*L69 -> 0 | Y69: =IF(H69>0,1,0) -> 0 | Z69: =AA69*L69 -> 0 | AA69: =IF(N69<=Q69,0,1)+IF(N69<=T69,0,1) -> 0
A70: Presse à balles carrées | I70: ba | K70: =H70+H83 -> 0 | L70: =IF(K70=0,0,H70/K70) -> 0 | N70: =IF(C70>0,'Références Récolte Herbe'!AA18/H70*E70,0) -> 0 | O70: €/ba | P70: < | Q70: =IF(C70>0,'Références Récolte Herbe'!E18,0) -> 0 | R70: €/ba | T70: =IF($C70>0,'Références Récolte Herbe'!D18,0) -> 0 | X70: =Y70*L70 -> 0 | Y70: =IF(H70>0,1,0) -> 0 | Z70: =AA70*L70 -> 0 | AA70: =IF(N70<=Q70,0,1)+IF(N70<=T70,0,1) -> 0
A71: Presse enrubanneuse | I71: ba | K71: =H71+H84 -> 0 | L71: =IF(K71=0,0,H71/K71) -> 0 | N71: =IF(C71>0,'Références Récolte Herbe'!AA19/H71*E71,0) -> 0 | O71: €/ba | P71: < | Q71: =IF(C71>0,'Références Récolte Herbe'!E19,0) -> 0 | R71: €/ba | T71: =IF($C71>0,'Références Récolte Herbe'!D19,0) -> 0 | X71: =Y71*L71 -> 0 | Y71: =IF(H71>0,1,0) -> 0 | Z71: =AA71*L71 -> 0 | AA71: =IF(N71<=Q71,0,1)+IF(N71<=T71,0,1) -> 0
A72: Enrubanneuse | I72: ba | K72: =H72+H85 -> 0 | L72: =IF(K72=0,0,H72/K72) -> 0 | N72: =IF(C72>0,'Références Récolte Herbe'!AA20/H72*E72,0) -> 0 | O72: €/ba | P72: < | Q72: =IF(C72>0,'Références Récolte Herbe'!E20,0) -> 0 | R72: €/ba | T72: =IF($C72>0,'Références Récolte Herbe'!D20,0) -> 0 | X72: =Y72*L72 -> 0 | Y72: =IF(H72>0,1,0) -> 0 | Z72: =AA72*L72 -> 0 | AA72: =IF(N72<=Q72,0,1)+IF(N72<=T72,0,1) -> 0
A73: Autochargeuse | I73: ha | K73: =H73+H86 -> 0 | L73: =IF(K73=0,0,H73/K73) -> 0 | N73: =IF(C73>0,'Références Récolte Herbe'!AA21/H73*E73,0) -> 0 | O73: €/ha | P73: < | Q73: =IF(C73>0,'Références Récolte Herbe'!E21,0) -> 0 | R73: €/ha | T73: =IF($C73>0,'Références Récolte Herbe'!D21,0) -> 0 | X73: =Y73*L73 -> 0 | Y73: =IF(H73>0,1,0) -> 0 | Z73: =AA73*L73 -> 0 | AA73: =IF(N73<=Q73,0,1)+IF(N73<=T73,0,1) -> 0
A74: Ensileuse | I74: ha | K74: =H74+H87 -> 0 | L74: =IF(K74=0,0,H74/K74) -> 0 | N74: =IF(C74>0,'Références Récolte Herbe'!AA22/H74*E74,0) -> 0 | O74: €/ha | P74: < | Q74: =IF(C74>0,'Références Récolte Herbe'!E22,0) -> 0 | R74: €/ha | T74: =IF($C74>0,'Références Récolte Herbe'!D22,0) -> 0 | X74: =Y74*L74 -> 0 | Y74: =IF(H74>0,1,0) -> 0 | Z74: =AA74*L74 -> 0 | AA74: =IF(N74<=Q74,0,1)+IF(N74<=T74,0,1) -> 0
Z75: =SUM(Z65:Z74) -> 0
B76: Coût (en €/an) | AC76: =IF(X88=0,0,AA88/X88) -> 0 | AD76: =IF(AC76>1.5,1,0)+IF(AC76>0.5,1,0) -> 0 | AE76: =(IF(AD76=1,AD76+1,0)+IF(AD76=2,AD76+3,0))*IF(U57=0,2,1) -> 0 | AG76: =A63 -> Module Récolte de l'herbe | AK76: 0 | AL76: 1 | AM76: 2 | AO76: 0 | AP76: 2 | AQ76: 5 | AU76: 2 | AV76: 1 | AX76: 5 | AY76: 2 | BA76: 2 | BB76: 1
A77: en Prestation de service | B77: *O | C77: **+T | D77: ***+C | E77: Coût total avec MO | H77: Surface réalisée
A78: Fauchage simple | F78: /an | G78: =COUNTIF(B78:E78,">0") -> 0 | I78: ha | K78: =H78+H65 -> 0 | L78: =IF(K78=0,0,H78/K78) -> 0 | N78: =IF(H78="",0,SUM(B78:E78)*IF(G78=1,1,0)/H78) -> 0 | O78: €/ha | P78: < | Q78: =(IF($B78>0,'Références Récolte Herbe'!S13,0)+IF($C78>0,'Références Récolte Herbe'!T13,0)+IF($D78>0,'Références Récolte Herbe'!U13,0)+IF($E78>0,'Références Récolte Herbe'!V13,0))*IF($G78=1,1,0) -> 0 | R78: €/ha | T78: =(IF($B78>0,'Références Récolte Herbe'!O13,0)+IF($C78>0,'Références Récolte Herbe'!P13,0)+IF($D78>0,'Références Récolte Herbe'!Q13,0)+IF($E78>0,'Références Récolte Herbe'!R13,0))*IF($G78=1,1,0) -> 0 | X78: =Y78*L78 -> 0 | Y78: =IF(H78>0,1,0) -> 0 | Z78: =AA78*L78 -> 0 | AA78: =IF(N78<=Q78,0,1)+IF(N78<=T78,0,1) -> 0
A79: Fauchage conditionnage | F79: /an | G79: =COUNTIF(B79:E79,">0") -> 0 | I79: ha | K79: =H79+H66 -> 0 | L79: =IF(K79=0,0,H79/K79) -> 0 | N79: =IF(H79="",0,SUM(B79:E79)*IF(G79=1,1,0)/H79) -> 0 | O79: €/ha | P79: < | Q79: =(IF(B79>0,'Références Récolte Herbe'!S14,0)+IF(C79>0,'Références Récolte Herbe'!T14,0)+IF(D79>0,'Références Récolte Herbe'!U14,0)+IF(E79>0,'Références Récolte Herbe'!V14,0))*IF(G79=1,1,0) -> 0 | R79: €/ha | T79: =(IF($B79>0,'Références Récolte Herbe'!O14,0)+IF($C79>0,'Références Récolte Herbe'!P14,0)+IF($D79>0,'Références Récolte Herbe'!Q14,0)+IF($E79>0,'Références Récolte Herbe'!R14,0))*IF($G79=1,1,0) -> 0 | X79: =Y79*L79 -> 0 | Y79: =IF(H79>0,1,0) -> 0 | Z79: =AA79*L79 -> 0 | AA79: =IF(N79<=Q79,0,1)+IF(N79<=T79,0,1) -> 0
A80: Fanage | F80: /an | G80: =COUNTIF(B80:E80,">0") -> 0 | I80: ha | K80: =H80+H67 -> 0 | L80: =IF(K80=0,0,H80/K80) -> 0 | N80: =IF(H80="",0,SUM(B80:E80)*IF(G80=1,1,0)/H80) -> 0 | O80: €/ha | P80: < | Q80: =(IF(B80>0,'Références Récolte Herbe'!S15,0)+IF(C80>0,'Références Récolte Herbe'!T15,0)+IF(D80>0,'Références Récolte Herbe'!U15,0)+IF(E80>0,'Références Récolte Herbe'!V15,0))*IF(G80=1,1,0) -> 0 | R80: €/ha | T80: =(IF($B80>0,'Références Récolte Herbe'!O15,0)+IF($C80>0,'Références Récolte Herbe'!P15,0)+IF($D80>0,'Références Récolte Herbe'!Q15,0)+IF($E80>0,'Références Récolte Herbe'!R15,0))*IF($G80=1,1,0) -> 0 | X80: =Y80*L80 -> 0 | Y80: =IF(H80>0,1,0) -> 0 | Z80: =AA80*L80 -> 0 | AA80: =IF(N80<=Q80,0,1)+IF(N80<=T80,0,1) -> 0
A81: Andainage | F81: /an | G81: =COUNTIF(B81:E81,">0") -> 0 | I81: ha | K81: =H81+H68 -> 0 | L81: =IF(K81=0,0,H81/K81) -> 0 | N81: =IF(H81="",0,SUM(B81:E81)*IF(G81=1,1,0)/H81) -> 0 | O81: €/ha | P81: < | Q81: =(IF(B81>0,'Références Récolte Herbe'!S16,0)+IF(C81>0,'Références Récolte Herbe'!T16,0)+IF(D81>0,'Références Récolte Herbe'!U16,0)+IF(E81>0,'Références Récolte Herbe'!V16,0))*IF(G81=1,1,0) -> 0 | R81: €/ha | T81: =(IF($B81>0,'Références Récolte Herbe'!O16,0)+IF($C81>0,'Références Récolte Herbe'!P16,0)+IF($D81>0,'Références Récolte Herbe'!Q16,0)+IF($E81>0,'Références Récolte Herbe'!R16,0))*IF($G81=1,1,0) -> 0 | X81: =Y81*L81 -> 0 | Y81: =IF(H81>0,1,0) -> 0 | Z81: =AA81*L81 -> 0 | AA81: =IF(N81<=Q81,0,1)+IF(N81<=T81,0,1) -> 0
A82: Pressage en balles rondes | F82: /an | G82: =COUNTIF(B82:E82,">0") -> 0 | I82: ba | K82: =H82+H69 -> 0 | L82: =IF(K82=0,0,H82/K82) -> 0 | N82: =IF(H82="",0,SUM(B82:E82)*IF(G82=1,1,0)/H82) -> 0 | O82: €/ba | P82: < | Q82: =(IF(B82>0,'Références Récolte Herbe'!S17,0)+IF(C82>0,'Références Récolte Herbe'!T17,0)+IF(D82>0,'Références Récolte Herbe'!U17,0)+IF(E82>0,'Références Récolte Herbe'!V17,0))*IF(G82=1,1,0) -> 0 | R82: €/ba | T82: =(IF($B82>0,'Références Récolte Herbe'!O17,0)+IF($C82>0,'Références Récolte Herbe'!P17,0)+IF($D82>0,'Références Récolte Herbe'!Q17,0)+IF($E82>0,'Références Récolte Herbe'!R17,0))*IF($G82=1,1,0) -> 0 | X82: =Y82*L82 -> 0 | Y82: =IF(H82>0,1,0) -> 0 | Z82: =AA82*L82 -> 0 | AA82: =IF(N82<=Q82,0,1)+IF(N82<=T82,0,1) -> 0
A83: Pressage en balles carrées | F83: /an | G83: =COUNTIF(B83:E83,">0") -> 0 | I83: ba | K83: =H83+H70 -> 0 | L83: =IF(K83=0,0,H83/K83) -> 0 | N83: =IF(H83="",0,SUM(B83:E83)*IF(G83=1,1,0)/H83) -> 0 | O83: €/ba | P83: < | Q83: =(IF(B83>0,'Références Récolte Herbe'!S18,0)+IF(C83>0,'Références Récolte Herbe'!T18,0)+IF(D83>0,'Références Récolte Herbe'!U18,0)+IF(E83>0,'Références Récolte Herbe'!V18,0))*IF(G83=1,1,0) -> 0 | R83: €/ba | T83: =(IF($B83>0,'Références Récolte Herbe'!O18,0)+IF($C83>0,'Références Récolte Herbe'!P18,0)+IF($D83>0,'Références Récolte Herbe'!Q18,0)+IF($E83>0,'Références Récolte Herbe'!R18,0))*IF($G83=1,1,0) -> 0 | X83: =Y83*L83 -> 0 | Y83: =IF(H83>0,1,0) -> 0 | Z83: =AA83*L83 -> 0 | AA83: =IF(N83<=Q83,0,1)+IF(N83<=T83,0,1) -> 0
A84: Pressage enrubannage | F84: /an | G84: =COUNTIF(B84:E84,">0") -> 0 | I84: ba | K84: =H84+H71 -> 0 | L84: =IF(K84=0,0,H84/K84) -> 0 | N84: =IF(H84="",0,SUM(B84:E84)*IF(G84=1,1,0)/H84) -> 0 | O84: €/ba | P84: < | Q84: =(IF(B84>0,'Références Récolte Herbe'!S19,0)+IF(C84>0,'Références Récolte Herbe'!T19,0)+IF(D84>0,'Références Récolte Herbe'!U19,0)+IF(E84>0,'Références Récolte Herbe'!V19,0))*IF(G84=1,1,0) -> 0 | R84: €/ba | T84: =(IF($B84>0,'Références Récolte Herbe'!O19,0)+IF($C84>0,'Références Récolte Herbe'!P19,0)+IF($D84>0,'Références Récolte Herbe'!Q19,0)+IF($E84>0,'Références Récolte Herbe'!R19,0))*IF($G84=1,1,0) -> 0 | X84: =Y84*L84 -> 0 | Y84: =IF(H84>0,1,0) -> 0 | Z84: =AA84*L84 -> 0 | AA84: =IF(N84<=Q84,0,1)+IF(N84<=T84,0,1) -> 0
A85: Enrubannage | F85: /an | G85: =COUNTIF(B85:E85,">0") -> 0 | I85: ba | K85: =H85+H72 -> 0 | L85: =IF(K85=0,0,H85/K85) -> 0 | N85: =IF(H85="",0,SUM(B85:E85)*IF(G85=1,1,0)/H85) -> 0 | O85: €/ba | P85: < | Q85: =(IF(B85>0,'Références Récolte Herbe'!S20,0)+IF(C85>0,'Références Récolte Herbe'!T20,0)+IF(D85>0,'Références Récolte Herbe'!U20,0)+IF(E85>0,'Références Récolte Herbe'!V20,0))*IF(G85=1,1,0) -> 0 | R85: €/ba | T85: =(IF($B85>0,'Références Récolte Herbe'!O20,0)+IF($C85>0,'Références Récolte Herbe'!P20,0)+IF($D85>0,'Références Récolte Herbe'!Q20,0)+IF($E85>0,'Références Récolte Herbe'!R20,0))*IF($G85=1,1,0) -> 0 | X85: =Y85*L85 -> 0 | Y85: =IF(H85>0,1,0) -> 0 | Z85: =AA85*L85 -> 0 | AA85: =IF(N85<=Q85,0,1)+IF(N85<=T85,0,1) -> 0
A86: Récolte en vert à l'autochargeuse | F86: /an | G86: =COUNTIF(B86:E86,">0") -> 0 | I86: ha | K86: =H86+H73 -> 0 | L86: =IF(K86=0,0,H86/K86) -> 0 | N86: =IF(H86="",0,SUM(B86:E86)*IF(G86=1,1,0)/H86) -> 0 | O86: €/ha | P86: < | Q86: =(IF(B86>0,'Références Récolte Herbe'!S21,0)+IF(C86>0,'Références Récolte Herbe'!T21,0)+IF(D86>0,'Références Récolte Herbe'!U21,0)+IF(E86>0,'Références Récolte Herbe'!V21,0))*IF(G86=1,1,0) -> 0 | R86: €/ha | T86: =(IF($B86>0,'Références Récolte Herbe'!O21,0)+IF($C86>0,'Références Récolte Herbe'!P21,0)+IF($D86>0,'Références Récolte Herbe'!Q21,0)+IF($E86>0,'Références Récolte Herbe'!R21,0))*IF($G86=1,1,0) -> 0 | X86: =Y86*L86 -> 0 | Y86: =IF(H86>0,1,0) -> 0 | Z86: =AA86*L86 -> 0 | AA86: =IF(N86<=Q86,0,1)+IF(N86<=T86,0,1) -> 0
A87: Récolte en vert à l'ensileuse | F87: /an | G87: =COUNTIF(B87:E87,">0") -> 0 | I87: ha | K87: =H87+H74 -> 0 | L87: =IF(K87=0,0,H87/K87) -> 0 | N87: =IF(H87="",0,SUM(B87:E87)*IF(G87=1,1,0)/H87) -> 0 | O87: €/ha | P87: < | Q87: =(IF(B87>0,'Références Récolte Herbe'!S22,0)+IF(C87>0,'Références Récolte Herbe'!T22,0)+IF(D87>0,'Références Récolte Herbe'!U22,0)+IF(E87>0,'Références Récolte Herbe'!V22,0))*IF(G87=1,1,0) -> 0 | R87: €/ha | T87: =(IF($B87>0,'Références Récolte Herbe'!O22,0)+IF($C87>0,'Références Récolte Herbe'!P22,0)+IF($D87>0,'Références Récolte Herbe'!Q22,0)+IF($E87>0,'Références Récolte Herbe'!R22,0))*IF($G87=1,1,0) -> 0 | X87: =Y87*L87 -> 0 | Y87: =IF(H87>0,1,0) -> 0 | Z87: =AA87*L87 -> 0 | AA87: =IF(N87<=Q87,0,1)+IF(N87<=T87,0,1) -> 0
B88: *O = Outil seul / **+T = Outil + Tracteur / ***+C = Outil + Tracteur + Carburant | X88: =SUM(X65:X87) -> 0 | Y88: =SUM(Y65:Y87) -> 0 | Z88: =SUM(Z78:Z87) -> 0 | AA88: =SUM(AA65:AA87) -> 0
A91: Poste "Carburant"
A93: Facture de carburant (€ /an) | C93: €/an
A94: Prix moyen du litre | C94: €/litre | L94: =B93/B94 -> #DIV/0! | M94: l/an
A96: Carburant facturé par des tiers (litres /an) | L96: =SUM(L97:L101,L103,L105:L106,L109:L111) -> 0 | M96: l/an
A97: Récolte Céréales Oléo-Protégineux (MB) | C97: ha /an | J97: 17 | K97: l/ha | L97: =B97*J97 -> 0 | M97: l/an
A98: Récolte maïs (Cueilleur) | C98: ha /an | J98: 22 | K98: l/ha | L98: =B98*J98 -> 0 | M98: l/an
A99: Récolte BS (Arracheuse automotrice) | C99: ha /an | J99: 54 | K99: l/ha | L99: =B99*J99 -> 0 | M99: l/an
A100: Ensilage maïs (Ensileuse automotrice) | C100: ha /an | J100: 41 | K100: l/ha | L100: =B100*J100 -> 0 | M100: l/an
A101: Ensilage herbe (Ensileuse automotrice | C101: ha /an | J101: 30 | K101: l/ha | L101: =B101*J101 -> 0 | M101: l/an
A103: Distribution des fourrages (Automotrice désileuse mélangeuse) | C103: he /an | J103: 17 | K103: l/he | L103: =B103*J103 -> 0 | M103: l/an
A105: Pulvérisation (Automoteur) | C105: he /an | J105: 16 | K105: l/he | L105: =B105*J105 -> 0 | M105: l/an
A106: Manutention (Chargeur télescopique) | C106: he /an | J106: 14 | K106: l/he | L106: =B106*J106 -> 0 | M106: l/an
A108: Chantier de … (Tracteur + outil)
A109: Travail du sol, transport, récolte | C109: ch | F109: he /an | J109: 40 | K109: % | L109: =B109*E109*0.24*(J109/100) -> 0 | M109: l/an
A110: Fertilisation, semis | C110: ch | F110: he /an | J110: 35 | K110: % | L110: =B110*E110*0.24*(J110/100) -> 0 | M110: l/an
A111: Manutention | C111: ch | F111: he /an | J111: 25 | K111: % | L111: =B111*E111*0.24*(J111/100) -> 0 | M111: l/an
A113: Carburant total utilisé sur l'exploitation
A114: en litres /an | N114: =((B93)/B94)+L96 -> #DIV/0! | O114: l/an | AR114: =SUM(AQ114:AQ122) -> 9 | AS114: =AR114/AR$139 -> 0.1875
A115: en litres /ha | N115: =(N114-(B56*J97))/(L17) -> #DIV/0! | O115: l/ha | P115: ='Classement EA'!B55 -> < | Q115: ='Classement EA'!C55 -> #N/A | R115: l/ha | T115: ='Classement EA'!D55 -> #N/A | AD115: =IF(N115<=Q115,0,1)+IF(N115<=T115,0,1) -> #DIV/0! | AE115: =IF(AD115=1,AD115+1,0)+IF(AD115=2,AD115+3,0) -> #DIV/0! | AG115: =A113 -> Carburant total utilisé sur l'exploitation | AK115: 0 | AL115: 1 | AM115: 2 | AO115: 0 | AP115: 2 | AQ115: 5 | AU115: 5 | AV115: 2 | AX115: 4 | AY115: 1 | BA115: 2 | BB115: 1
A117: Facture annuelle de carburant (€ /ha) | N117: =(B93+(L96*B94)-(B56*J97))/(L17) -> #DIV/0! | O117: €/ha | P117: ='Classement EA'!B53 -> < | Q117: ='Classement EA'!C53 -> #N/A | R117: €/ha | T117: ='Classement EA'!D53 -> #N/A | AD117: =IF(N117<=Q117,0,1)+IF(N117<=T117,0,1) -> #DIV/0! | AE117: =IF(AD117=1,AD117,0)+IF(AD117=2,AD117,0) -> #DIV/0! | AG117: =A117 -> Facture annuelle de carburant (€ /ha) | AK117: 0 | AL117: 1 | AM117: 2 | AO117: 0 | AP117: 1 | AQ117: 2 | AU117: 4 | AV117: 2 | AX117: 5 | AY117: 2 | BA117: 2 | BB117: 1
A119: Puissance des tracteurs + automoteurs | B119: =IF(B36<>0,B36,0) -> 0 | C119: =IF(C36<>0,C36,0) -> 0 | D119: =IF(D36<>0,D36,0) -> 0 | E119: =IF(E36<>0,E36,0) -> 0 | F119: =IF(F36<>0,F36,0) -> 0 | G119: =IF(G36<>0,G36,0) -> 0 | H119: =IF(H36<>0,H36,0) -> 0 | I119: =IF(I36<>0,I36,0) -> 0 | ... K119: =IF(K36<>0,K36,0) -> 0 | L119: =B53 -> 0 | M119: ch
A120: Nombre d'heures (tracteurs + automoteurs) | B120: =IF(B40<>0,B40,0) -> 0 | C120: =IF(C40<>0,C40,0) -> 0 | D120: =IF(D40<>0,D40,0) -> 0 | E120: =IF(E40<>0,E40,0) -> 0 | F120: =IF(F40<>0,F40,0) -> 0 | G120: =IF(G40<>0,G40,0) -> 0 | H120: =IF(H40<>0,H40,0) -> 0 | I120: =IF(I40<>0,I40,0) -> 0 | ... K120: =IF(K40<>0,K40,0) -> 0 | L120: =B54 -> 0 | M120: h
A121: Utilisation de la puissance de traction (litres /an) | B121: =B$119*B$120*0.24*0.304 -> 0 | C121: =C$119*C$120*0.24*0.304 -> 0 | D121: =D$119*D$120*0.24*0.304 -> 0 | E121: =E$119*E$120*0.24*0.304 -> 0 | F121: =F$119*F$120*0.24*0.304 -> 0 | G121: =G$119*G$120*0.24*0.304 -> 0 | H121: =H$119*H$120*0.24*0.304 -> 0 | I121: =I$119*I$120*0.24*0.304 -> 0 | J121: =J$119*J$120*0.24*0.269 -> 0 | K121: =K$119*K$120*0.24*0.269 -> 0 | L121: =L$119*L$120*0.24*0.45 -> 0 | N121: =N114-L96 -> #DIV/0! | O121: l/an | P121: > | Q121: =SUM($B121:$L121) -> 0 | R121: l/an | T121: =SUM($B122:$L122) -> 0 | AD121: =IF(N121>=Q121,0,1)+IF(N121>=T121,0,1) -> #DIV/0! | AE121: =IF(AD121=1,AD121,0)+IF(AD121=2,AD121,0) -> #DIV/0! | AG121: =A121 -> Utilisation de la puissance de traction (litres /an) | AK121: 0 | AL121: 1 | AM121: 2 | AO121: 0 | AP121: 1 | AQ121: 2 | AU121: 1 | AV121: 1 | AX121: 4 | AY121: 1 | BA121: 2 | BB121: 1
B122: =B$119*B$120*0.24*0.331 -> 0 | C122: =C$119*C$120*0.24*0.331 -> 0 | D122: =D$119*D$120*0.24*0.331 -> 0 | E122: =E$119*E$120*0.24*0.331 -> 0 | F122: =F$119*F$120*0.24*0.331 -> 0 | G122: =G$119*G$120*0.24*0.331 -> 0 | H122: =H$119*H$120*0.24*0.331 -> 0 | I122: =I$119*I$120*0.24*0.331 -> 0 | J122: =J$119*J$120*0.24*0.304 -> 0 | K122: =K$119*K$120*0.24*0.304 -> 0 | L122: =L$119*L$120*0.24*0.5 -> 0
...

Sheet Exemple
A1: Diagnostic FLASH'MECA / Quelques repères pour situer votre niveau de charges de mécanisation
T2: 9 | U2: Type d'EA
A3: Légende de positionnement du ratio calculé (voir colonne Résultats)
A4: valeur inférieure à la moyenne observée pour la population de référence | B4: < 50%
A6: valeur comprise entre la moyenne et le quartile supérieur | B6: 50 à 75% | T6: Exploitation grandes cultures
A7: valeur relevée parmi les 25% les plus élevées | B7: > 75% | E7: "jaune" / Cellule à renseigner | J7: 2022 | T7: 1 | U7: Grandes cultures | V7: conventionnel | W7: & faible potentiel / labour | X7: Plateaux de Bourgogne | AA7: MAJ 2020-2021
T8: 2 | U8: Grandes cultures | V8: conventionnel | W8: & faible potentiel / non-labour | X8: Plateaux de Bourgogne | AA8: MAJ 2020-2021 | BD8: mise à jour 2018
B9: EARL LETEST (Jean LETEST) | P9: OCMECA BFC | T9: 15 | U9: Grandes cultures | V9: BIO | W9: & faible potentiel | X9: Plateaux de Bourgogne | AA9: MAJ 2020-2021 | BD9: mise à jour 2018
B10: Données | N10: Résultats | P10: Références | T10: 3 | U10: Grandes cultures | V10: conventionnel | W10: & fort potentiel | X10: Zones de Plaines, Vallées | AA10: MAJ 2016-2017 | BD10: mise à jour 2018
P11: Production laitière dominante | T11: 16 | U11: Grandes cultures | V11: BIO | W11: & fort potentiel | X11: Zones de Plaines, Vallées | AA11: MAJ 2022-2023 | BD11: mise à jour 2018
P12: 0 | T12: 4 | U12: Grandes cultures | V12: conventionnel | W12: + BS / cultures industrielles | X12: Zones de Plaines, Vallées | AA12: MAJ 2018 | BD12: mise à jour 2018
P13: Puisaye, Florentinois | T13: 5 | U13: Grandes cultures | V13: conventionnel | W13: + cultures particulières | X13: (petits fruits, porte-graines, …) | AA13: MAJ 2018
A15: Critères de "positionnement" de l'exploitation
A17: SAU | L17: 166 | M17: ha | T17: Exploitation polyculture - élevage
A18: Surface en cultures | L18: 100 | M18: ha | N18: 60.240964 | O18: % | Q18: 55 à 70 | R18: % | T18: 6 | U18: Grandes cultures | V18: conventionnel | W18: + atelier hors-sol | X18: (porcs ou volailles) ou vigne | AA18: MAJ 2018 | BD18: mise à jour 2018
A19: Surface labourée | L19: 38 | M19: ha | N19: 38 | O19: % | Q19: ND | R19: % | T19: 7 | U19: Grandes cultures | V19: conventionnel | W19: + production laitière | X19: Saône & Loire | AA19: MAJ 2018 | BD19: mise à jour 2018
A20: Rendement moyen en blé | L20: 25 | M20: qx/ha | N20: 25 | O20: qx/ha | Q20: ND | R20: qx/ha | T20: 8 | U20: Grandes cultures | V20: conventionnel | W20: + bovins viande / ovins | X20: Puisaye | AA20: MAJ 2020-2021 | BD20: mise à jour 2018
A21: Cultures industrielles (Betteraves sucrières, oignons, ...) | L21: 0 | M21: ha | N21: 0 | O21: % | Q21: ND | R21: % | T21: 9 | U21: Production laitière dominante | V21: conventionnel | W21: + grandes cultures | X21: Saône & Loire | AA21: MAJ 2018 | BD21: mise à jour 2018
A22: SFP | L22: 127.4 | M22: ha | N22: 76.746988 | O22: % | Q22: 55 à 75 | R22: % | T22: 10 | U22: Bovins viande / ovins | V22: conventionnel | W22: + grandes cultures | X22: Puisaye | AA22: MAJ 2022-2023 | BD22: mise à jour 2018
A23: Surface en maïs ensilage | L23: 0 | M23: ha | N23: 0 | O23: % | Q23: < 25 | R23: % | T23: 11 | U23: Bovins viande / ovins / caprins | V23: conventionnel | W23: en zone hérbagère | X23: Auxois, Morvan, Charolais | AA23: MAJ 2018 | BD23: mise à jour 2018
A24: Surface en prairie temporaire | L24: 68.5 | M24: ha | N24: 53.767661 | O24: % | Q24: < 55 | R24: % | T24: 12 | U24: Bovins viande / ovins / caprins | V24: conventionnel | W24: en zone herbagère / extensif | X24: Morvan, Charolais | AA24: MAJ 2018 | BD24: mise à jour 2018
A25: Quota laitier | L25: 430000 | M25: litres | N25: 3375.1962 | O25: l/ha SFP | Q25: < 7 000 | R25: l/ha SFP | T25: 17 | U25: Bovins viande / ovins / caprins | V25: BIO | W25: en zone herbagère / extensif | X25: Morvan, Charolais | AA25: MAJ 2019-2020 | BD25: création 2019
A26: STH | L26: 59 | M26: ha | N26: 35.542169 | O26: % | Q26: 50 à 60 | R26: % | T26: 13 | U26: Production laitière (Lait à Comté) | V26: conventionnel | W26: + céréales autoconsommées | X26: Doubs & Jura | AA26: MAJ 2018-2019 | BD26: création 2019
A27: Chiffre d'Affaires (Aides compensatoires comprises) | L27: 342493 | M27: €/an | N27: 2063.2108 | O27: €/ha SAU | Q27: 1 800 à 2 300 | R27: €/ha SAU | T27: 14 | U27: Production laitière (Lait à Comté) | V27: conventionnel | W27: "100% herbe" | X27: Doubs & Jura | AA27: MAJ 2018-2019
A28: Main d'œuvre | L28: 3 | M28: UMO | N28: 55.333333 | O28: ha/UMO | Q28: 65 à 90 | R28: ha/UMO
A31: Poste "Traction"
A33: Tracteurs + Automoteurs de manutention et/ou pulvérisation | B33: Tracteurs | J33: Automoteurs
A34: Age (Nombre d'heures au compteur) | B34: 9000 | C34: 7200 | D34: 3500 | E34: 3400 | M34: h | AX34: max | AY34: moy | BA34: max | BB34: moy
A35: Taux de propriété | B35: 100 | C35: 100 | D35: 100 | E35: 100 | F35: 7 | G35: 10 | J35: 20 | M35: % | AK35: 0.5 | AL35: 0.25 | AM35: 0.25 | AO35: 0.5 | AP35: 0.25 | AQ35: 0.25
A36: Puissance | B36: 90 | C36: 82 | D36: 99 | E36: 165 | F36: 150 | G36: 200 | J36: 140 | M36: ch | AR36: 15 | AS36: 0.3125
A37: Puissance de traction (en ch /ha de SAU) | B37: 67.5 | C37: 61.5 | D37: 99 | E37: 165 | F37: 150 | G37: 200 | H37: 0 | I37: 0 | N37: 2.6355422 | O37: ch/ha | P37: < | Q37: 2.8 | R37: ch /ha de SAU | T37: 2.4 | AD37: 1 | AE37: 3 | AG37: Puissance de traction (en ch /ha de SAU) | AK37: 0 | AL37: 1 | AM37: 2 | AO37: 0 | AP37: 2 | AQ37: 8 | AU37: 6 | AV37: 2 | AX37: 6 | AY37: 3 | BA37: 2 | BB37: 1
A39: Nombre de tracteurs | B39: 4 | C39: Tracteurs | J39: 1 | K39: Automoteurs
A40: Nombre d'heures effectuées à l'année | B40: 264 | C40: 300 | D40: 325 | E40: 850 | F40: 40 | G40: 60 | J40: 200 | M40: h
A41: Utilisation annuelle des tracteurs
A42: en nombre d'heures effectuées à l'année /tracteur | N42: 459.75 | O42: h/tracteur | P42: > | Q42: 475 | R42: heures /tracteur | T42: 550 | AD42: 2 | AE42: 2 | AG42: Utilisation annuelle des tracteurs | AK42: 0 | AL42: 1 | AM42: 2 | AO42: 0 | AP42: 1 | AQ42: 2 | AU42: 1 | AV42: 1 | AX42: 4 | AY42: 1 | BA42: 2 | BB42: 1
A43: en nombre d'heures effectuées à l'année /ha de SAU | N43: 12.283133 | O43: h/ha | P43: < | Q43: 15.5 | R43: heures /ha | T43: 13.4 | AD43: 0 | AE43: 0 | AG43: Utilisation annuelle des tracteurs | AK43: 0 | AL43: 1 | AM43: 2 | AO43: 0 | AP43: 1 | AQ43: 5 | AU43: 1 | AV43: 1 | AX43: 4 | AY43: 1 | BA43: 2 | BB43: 1
A46: Poste "Récolte"
A48: Module Récolte des COP
A49: avec Matériel en propriété ou co-propriété
A50: Moissonneuse-batteuse
A51: Age (Nombre d'heures au compteur) | C51: heures
A52: Taux de propriété | C52: %
A53: Puissance | C53: ch
A54: Nombre d'heures effectuées à l'année | C54: heures /an
A55: Surface récoltée en "été" | C55: ha de blé-orge-colza
C56: ha de blé-orge-colza en prestations de service | AR56: 10 | AS56: 0.20833333
A57: Puissance de récolte (ch /ha récolté en été) | B57: 0 | N57: 0 | O57: ch/ha | P57: < | Q57: 0 | R57: ch/ha | T57: 1.2 | U57: 90 | AA57: 0 | AD57: 0 | AE57: 0 | AG57: Module Récolte des COP | AK57: 0 | AL57: 1 | AM57: 2 | AO57: 0 | AP57: 2 | AQ57: 5 | AU57: 5 | AV57: 2 | AX57: 5 | AY57: 2 | BA57: 2 | BB57: 1
B59: Coût (en €/an)
A60: en Prestation de service | B60: *MB | D60: ***+C | E60: Coût total avec MO | H60: Surface réalisée
A61: Récolte céréales | E61: 2160 | F61: /an | G61: 1 | H61: 24 | I61: ha | K61: 24 | L61: 1 | N61: 90 | O61: €/ha | P61: < | Q61: 123.46026 | R61: €/ha | T61: 106.95606 | AA61: 0
A63: Module Récolte de l'herbe
A64: avec Matériel en propriété ou co-propriété | B64: Année d'achat | C64: Valeur d'achat | E64: Taux de propriété | H64: Utilisation
A65: Faucheuse simple | B65: 2021 | C65: 14000 | E65: 1 | H65: 150 | I65: ha | K65: 150 | L65: 1 | N65: 107.91113 | O65: €/ha | P65: < | Q65: 134.99736 | R65: €/ha | T65: 107.84054 | U65: 385.23924 | X65: 1 | Y65: 1 | Z65: 1 | AA65: 1
A66: Faucheuse conditionneuse | I66: ha | K66: 0 | L66: 0 | N66: 0 | O66: €/ha | P66: < | Q66: 0 | R66: €/ha | T66: 0 | X66: 0 | Y66: 0 | Z66: 0 | AA66: 0
A67: Faneuse | B67: 2005 | C67: 7300 | E67: 1 | H67: 60 | I67: ha | K67: 60 | L67: 1 | N67: 194.66667 | O67: €/ha | P67: < | Q67: 151.69773 | R67: €/ha | T67: 117.85813 | X67: 1 | Y67: 1 | Z67: 2 | AA67: 2
A68: Andaineur | B68: 2015 | C68: 15000 | E68: 0.5 | H68: 150 | I68: ha | K68: 150 | L68: 1 | N68: 65.404309 | O68: €/ha | P68: < | Q68: 127.61321 | R68: €/ha | T68: 96.89402 | X68: 1 | Y68: 1 | Z68: 0 | AA68: 0
A69: Presse à balles rondes | B69: 2019 | C69: 40000 | E69: 0.25 | H69: 700 | I69: ba | K69: 700 | L69: 1 | N69: 17.257132 | O69: €/ba | P69: < | Q69: 27.829996 | R69: €/ba | T69: 20.299832 | X69: 1 | Y69: 1 | Z69: 0 | AA69: 0
A70: Presse à balles carrées | I70: ba | K70: 0 | L70: 0 | N70: 0 | O70: €/ba | P70: < | Q70: 0 | R70: €/ba | T70: 0 | X70: 0 | Y70: 0 | Z70: 0 | AA70: 0
A71: Presse enrubanneuse | I71: ba | K71: 0 | L71: 0 | N71: 0 | O71: €/ba | P71: < | Q71: 0 | R71: €/ba | T71: 0 | X71: 0 | Y71: 0 | Z71: 0 | AA71: 0
A72: Enrubanneuse | I72: ba | K72: 0 | L72: 0 | N72: 0 | O72: €/ba | P72: < | Q72: 0 | R72: €/ba | T72: 0 | X72: 0 | Y72: 0 | Z72: 0 | AA72: 0
A73: Autochargeuse | I73: ha | K73: 0 | L73: 0 | N73: 0 | O73: €/ha | P73: < | Q73: 0 | R73: €/ha | T73: 0 | X73: 0 | Y73: 0 | Z73: 0 | AA73: 0
A74: Ensileuse | I74: ha | K74: 0 | L74: 0 | N74: 0 | O74: €/ha | P74: < | Q74: 0 | R74: €/ha | T74: 0 | X74: 0 | Y74: 0 | Z74: 0 | AA74: 0
Z75: 3
B76: Coût (en €/an) | AC76: 0.75 | AD76: 1 | AE76: 2 | AG76: Module Récolte de l'herbe | AK76: 0 | AL76: 1 | AM76: 2 | AO76: 0 | AP76: 2 | AQ76: 5 | AU76: 2 | AV76: 1 | AX76: 5 | AY76: 2 | BA76: 2 | BB76: 1
A77: en Prestation de service | B77: *O | C77: **+T | D77: ***+C | E77: Coût total avec MO | H77: Surface réalisée
A78: Fauchage simple | F78: /an | G78: 0 | I78: ha | K78: 150 | L78: 0 | N78: 0 | O78: €/ha | P78: < | Q78: 0 | R78: €/ha | T78: 0 | X78: 0 | Y78: 0 | Z78: 0 | AA78: 0
A79: Fauchage conditionnage | F79: /an | G79: 0 | I79: ha | K79: 0 | L79: 0 | N79: 0 | O79: €/ha | P79: < | Q79: 0 | R79: €/ha | T79: 0 | X79: 0 | Y79: 0 | Z79: 0 | AA79: 0
A80: Fanage | F80: /an | G80: 0 | I80: ha | K80: 60 | L80: 0 | N80: 0 | O80: €/ha | P80: < | Q80: 0 | R80: €/ha | T80: 0 | X80: 0 | Y80: 0 | Z80: 0 | AA80: 0
A81: Andainage | F81: /an | G81: 0 | I81: ha | K81: 150 | L81: 0 | N81: 0 | O81: €/ha | P81: < | Q81: 0 | R81: €/ha | T81: 0 | X81: 0 | Y81: 0 | Z81: 0 | AA81: 0
A82: Pressage en balles rondes | F82: /an | G82: 0 | I82: ba | K82: 700 | L82: 0 | N82: 0 | O82: €/ba | P82: < | Q82: 0 | R82: €/ba | T82: 0 | X82: 0 | Y82: 0 | Z82: 0 | AA82: 0
A83: Pressage en balles carrées | F83: /an | G83: 0 | I83: ba | K83: 0 | L83: 0 | N83: 0 | O83: €/ba | P83: < | Q83: 0 | R83: €/ba | T83: 0 | X83: 0 | Y83: 0 | Z83: 0 | AA83: 0
A84: Pressage enrubannage | F84: /an | G84: 0 | I84: ba | K84: 0 | L84: 0 | N84: 0 | O84: €/ba | P84: < | Q84: 0 | R84: €/ba | T84: 0 | X84: 0 | Y84: 0 | Z84: 0 | AA84: 0
A85: Enrubannage | F85: /an | G85: 0 | I85: ba | K85: 0 | L85: 0 | N85: 0 | O85: €/ba | P85: < | Q85: 0 | R85: €/ba | T85: 0 | X85: 0 | Y85: 0 | Z85: 0 | AA85: 0
A86: Récolte en vert à l'autochargeuse | F86: /an | G86: 0 | I86: ha | K86: 0 | L86: 0 | N86: 0 | O86: €/ha | P86: < | Q86: 0 | R86: €/ha | T86: 0 | X86: 0 | Y86: 0 | Z86: 0 | AA86: 0
A87: Récolte en vert à l'ensileuse | F87: /an | G87: 0 | I87: ha | K87: 0 | L87: 0 | N87: 0 | O87: €/ha | P87: < | Q87: 0 | R87: €/ha | T87: 0 | X87: 0 | Y87: 0 | Z87: 0 | AA87: 0
B88: *O = Outil seul / **+T = Outil + Tracteur / ***+C = Outil + Tracteur + Carburant | X88: 4 | Y88: 4 | Z88: 0 | AA88: 3
A91: Poste "Carburant"
A93: Facture de carburant (€ /an) | B93: 11543 | C93: €/an
A94: Prix moyen du litre | B94: 0.58 | C94: €/litre | L94: 19901.724 | M94: l/an
A96: Carburant facturé par des tiers (litres /an) | L96: 1176 | M96: l/an
A97: Récolte Céréales Oléo-Protégineux (MB) | B97: 24 | C97: ha /an | J97: 17 | K97: l/ha | L97: 408 | M97: l/an
A98: Récolte maïs (Cueilleur) | C98: ha /an | J98: 22 | K98: l/ha | L98: 0 | M98: l/an
A99: Récolte BS (Arracheuse automotrice) | C99: ha /an | J99: 54 | K99: l/ha | L99: 0 | M99: l/an
A100: Ensilage maïs (Ensileuse automotrice) | C100: ha /an | J100: 41 | K100: l/ha | L100: 0 | M100: l/an
A101: Ensilage herbe (Ensileuse automotrice | C101: ha /an | J101: 30 | K101: l/ha | L101: 0 | M101: l/an
A103: Distribution des fourrages (Automotrice désileuse mélangeuse) | C103: he /an | J103: 17 | K103: l/he | L103: 0 | M103: l/an
A105: Pulvérisation (Automoteur) | C105: he /an | J105: 16 | K105: l/he | L105: 0 | M105: l/an
A106: Manutention (Chargeur télescopique) | C106: he /an | J106: 14 | K106: l/he | L106: 0 | M106: l/an
A108: Chantier de … (Tracteur + outil)
A109: Travail du sol, transport, récolte | B109: 200 | C109: ch | E109: 40 | F109: he /an | J109: 40 | K109: % | L109: 768 | M109: l/an
A110: Fertilisation, semis | C110: ch | F110: he /an | J110: 35 | K110: % | L110: 0 | M110: l/an
A111: Manutention | C111: ch | F111: he /an | J111: 25 | K111: % | L111: 0 | M111: l/an
A113: Carburant total utilisé sur l'exploitation
A114: en litres /an | N114: 21077.724 | O114: l/an | AR114: 9 | AS114: 0.1875
A115: en litres /ha | N115: 126.97424 | O115: l/ha | P115: < | Q115: 135 | R115: l/ha | T115: 120 | AD115: 1 | AE115: 2 | AG115: Carburant total utilisé sur l'exploitation | AK115: 0 | AL115: 1 | AM115: 2 | AO115: 0 | AP115: 2 | AQ115: 5 | AU115: 5 | AV115: 2 | AX115: 4 | AY115: 1 | BA115: 2 | BB115: 1
A117: Facture annuelle de carburant (€ /ha) | N117: 73.64506 | O117: €/ha | P117: < | Q117: 135 | R117: €/ha | T117: 120 | AD117: 0 | AE117: 0 | AG117: Facture annuelle de carburant (€ /ha) | AK117: 0 | AL117: 1 | AM117: 2 | AO117: 0 | AP117: 1 | AQ117: 2 | AU117: 4 | AV117: 2 | AX117: 5 | AY117: 2 | BA117: 2 | BB117: 1
A119: Puissance des tracteurs + automoteurs | B119: 90 | C119: 82 | D119: 99 | E119: 165 | F119: 150 | G119: 200 | H119: 0 | I119: 0 | J119: 140 | K119: 0 | L119: 0 | M119: ch
A120: Nombre d'heures (tracteurs + automoteurs) | B120: 264 | C120: 300 | D120: 325 | E120: 850 | F120: 40 | G120: 60 | H120: 0 | I120: 0 | J120: 200 | K120: 0 | L120: 0 | M120: h
A121: Utilisation de la puissance de traction (litres /an) | B121: 1733.5296 | C121: 1794.816 | D121: 2347.488 | E121: 10232.64 | F121: 437.76 | G121: 875.52 | H121: 0 | I121: 0 | J121: 1807.68 | K121: 0 | L121: 0 | N121: 19901.724 | O121: l/an | P121: > | Q121: 19229.434 | R121: l/an | T121: 21011.96 | AD121: 1 | AE121: 1 | AG121: Utilisation de la puissance de traction (litres /an) | AK121: 0 | AL121: 1 | AM121: 2 | AO121: 0 | AP121: 1 | AQ121: 2 | AU121: 1 | AV121: 1 | AX121: 4 | AY121: 1 | BA121: 2 | BB121: 1
B122: 1887.4944 | C122: 1954.224 | D122: 2555.982 | E122: 11141.46 | F122: 476.64 | G122: 953.28 | H122: 0 | I122: 0 | J122: 2042.88 | K122: 0 | L122: 0
...
